Workbook
Name CurrentYear: #REF!
Name DemandRateSelect: #REF!
Name DemandRateSelect: #REF!
Name No: #REF!
Name No: #REF!
Name YesNo: #REF!

Sheet Discount Details
B1: Eligible Low Density Discount for FY2024
B2: (Excluding Phase-In Adjustment Procedure)
T4: =SUM(T6:T58) -> 31702229 | U4: =SUM(U6:U58) -> 36377446
B5: BESID | C5: Preference Customer Name | D5: Killowatthour/ Investment Ratio | E5: Consumers/ Mile of Line Ratio | F5: K/I Ratio Percentage Discount based on Table B in GRSPII.B.3 | G5: C/M Ratio Percentage Discount based on Table B in GRSPII.B.3 | H5: Preliminary Eligible LDD Percentage (Sum of K/I and C/M Percentage) (Before Phase-In Adjustment) | I5: Adjustment for Very Low Densities (0.5% if C/M Ratio < or = 3 and K/I Ratio < or = 26) | J5: PNGC in BP24 | K5: Slice/Block in BP24 | L5: Eligible LDD w/o phase-in 2024 | M5: LDD adjTRL/RHWM 2024 TRMbd | N5: Applicable LDD 2024 | O5: FY 2024 Composite and Non-Slice Charges + Load Shaping, LSTU, Demand from non-PNGC | P5: FY 2024 Load Shaping and Demand for PNGC members (pro-rata using TOCAs) | Q5: FY 2024 Tier 1 Non-Slice Charges not including IRD and LDD | R5: FY 2024 Tier 1 Load MWh | S5: Tier 1 Effective Rate | T5: STATUS QUO Eligible LDD $ | U5: STATUS QUO Applicable LDD $
B6: 10005 | C6: Alder Mutual Light | D6: 46.767851 | E6: 7.7894791 | F6: 0 | G6: 0.02 | H6: 0.02 | I6: 0 | J6: 0 | K6: 0 | L6: =MIN(H6+I6, 0.07) -> 0.02 | M6: 1.2408759 | N6: =ROUND(L6*M6,5) -> 0.02482 | O6: =VLOOKUP(B6, Charges_NonSlice!$B$4:$U$138, 20, FALSE) -> 175219.73 | P6: =IF(J6=1,VLOOKUP(B6,PNGC!$D$6:$K$22,8,FALSE),0) -> 0 | Q6: =O6+P6 -> 175219.73 | R6: =IF(J6=1, VLOOKUP(B6, PNGC!$D$6:$L$21, 9, FALSE), VLOOKUP('Discount Details'!B6, Charges_NonSlice!$B$4:$V$138, 21, FALSE)) -> 4813.632 | S6: =Q6/R6 -> 36.400732 | T6: =L6*Q6 -> 3504.3945 | U6: =Q6*N6 -> 4348.9536
B7: 10025 | C7: Benton Rural Elect. Assoc. | D7: 7.4648575 | E7: 8.8016667 | F7: 0.04 | G7: 0.015 | H7: 0.055 | I7: 0 | J7: 0 | K7: 0 | L7: =MIN(H7+I7, 0.07) -> 0.055 | M7: 1.0865754 | N7: =ROUND(L7*M7,5) -> 0.05976 | O7: =VLOOKUP(B7, Charges_NonSlice!$B$4:$U$138, 20, FALSE) -> 18497147 | P7: =IF(J7=1,VLOOKUP(B7,PNGC!$D$6:$K$22,8,FALSE),0) -> 0 | Q7: =O7+P7 -> 18497147 | R7: =IF(J7=1, VLOOKUP(B7, PNGC!$D$6:$L$21, 9, FALSE), VLOOKUP('Discount Details'!B7, Charges_NonSlice!$B$4:$V$138, 21, FALSE)) -> 519652.25 | S7: =Q7/R7 -> 35.595241 | T7: =L7*Q7 -> 1017343.1 | U7: =Q7*N7 -> 1105389.5
B8: 10027 | C8: Big Bend Electric Coop. | D8: 10.062278 | E8: 4.0188912 | F8: 0.04 | G8: 0.035 | H8: 0.07 | I8: 0 | J8: 0 | K8: 0 | L8: =MIN(H8+I8, 0.07) -> 0.07 | M8: 1.1078047 | N8: =ROUND(L8*M8,5) -> 0.07755 | O8: =VLOOKUP(B8, Charges_NonSlice!$B$4:$U$138, 20, FALSE) -> 18700875 | P8: =IF(J8=1,VLOOKUP(B8,PNGC!$D$6:$K$22,8,FALSE),0) -> 0 | Q8: =O8+P8 -> 18700875 | R8: =IF(J8=1, VLOOKUP(B8, PNGC!$D$6:$L$21, 9, FALSE), VLOOKUP('Discount Details'!B8, Charges_NonSlice!$B$4:$V$138, 21, FALSE)) -> 537528.1 | S8: =Q8/R8 -> 34.790508 | T8: =L8*Q8 -> 1309061.3 | U8: =Q8*N8 -> 1450252.9
B9: 10029 | C9: Blachly-Lane Electric | D9: 6.7839019 | E9: 7.3747495 | F9: 0.045 | G9: 0.02 | H9: 0.065 | I9: 0 | J9: 1 | K9: 0 | L9: =MIN(H9+I9, 0.07) -> 0.065 | M9: 1.2306426 | N9: =ROUND(L9*M9,5) -> 0.07999 | O9: =VLOOKUP(B9, Charges_NonSlice!$B$4:$U$138, 20, FALSE) -> 5121048.9 | P9: =IF(J9=1,VLOOKUP(B9,PNGC!$D$6:$K$22,8,FALSE),0) -> 550579.69 | Q9: =O9+P9 -> 5671628.6 | R9: =IF(J9=1, VLOOKUP(B9, PNGC!$D$6:$L$21, 9, FALSE), VLOOKUP('Discount Details'!B9, Charges_NonSlice!$B$4:$V$138, 21, FALSE)) -> 154758.14 | S9: =Q9/R9 -> 36.648339 | T9: =L9*Q9 -> 368655.86 | U9: =Q9*N9 -> 453673.57
B10: 10065 | C10: City of Cascade Locks | D10: 15.707839 | E10: 11.082192 | F10: 0.03 | G10: 0.005 | H10: 0.035 | I10: 0 | J10: 0 | K10: 0 | L10: =MIN(H10+I10, 0.07) -> 0.035 | M10: 1.8957107 | N10: =ROUND(L10*M10,5) -> 0.06635 | O10: =VLOOKUP(B10, Charges_NonSlice!$B$4:$U$138, 20, FALSE) -> 703729.07 | P10: =IF(J10=1,VLOOKUP(B10,PNGC!$D$6:$K$22,8,FALSE),0) -> 0 | Q10: =O10+P10 -> 703729.07 | R10: =IF(J10=1, VLOOKUP(B10, PNGC!$D$6:$L$21, 9, FALSE), VLOOKUP('Discount Details'!B10, Charges_NonSlice!$B$4:$V$138, 21, FALSE)) -> 20888.352 | S10: =Q10/R10 -> 33.690023 | T10: =L10*Q10 -> 24630.517 | U10: =Q10*N10 -> 46692.424
B11: 10046 | C11: Central Electric | D11: 5.1512493 | E11: 7.6824012 | F11: 0.045 | G11: 0.02 | H11: 0.065 | I11: 0 | J11: 1 | K11: 0 | L11: =MIN(H11+I11, 0.07) -> 0.065 | M11: 1.2080366 | N11: =ROUND(L11*M11,5) -> 0.07852 | O11: =VLOOKUP(B11, Charges_NonSlice!$B$4:$U$138, 20, FALSE) -> 23794397 | P11: =IF(J11=1,VLOOKUP(B11,PNGC!$D$6:$K$22,8,FALSE),0) -> 2558208.7 | Q11: =O11+P11 -> 26352606 | R11: =IF(J11=1, VLOOKUP(B11, PNGC!$D$6:$L$21, 9, FALSE), VLOOKUP('Discount Details'!B11, Charges_NonSlice!$B$4:$V$138, 21, FALSE)) -> 719066.86 | S11: =Q11/R11 -> 36.648339 | T11: =L11*Q11 -> 1712919.4 | U11: =Q11*N11 -> 2069206.6
B12: 10101 | C12: Clallam County PUD | D12: 4.7041188 | E12: 11.395987 | F12: 0.045 | G12: 0.005 | H12: 0.05 | I12: 0 | J12: 0 | K12: 0 | L12: =MIN(H12+I12, 0.07) -> 0.05 | M12: 1.0190719 | N12: =ROUND(L12*M12,5) -> 0.05095 | O12: =VLOOKUP(B12, Charges_NonSlice!$B$4:$U$138, 20, FALSE) -> 24356937 | P12: =IF(J12=1,VLOOKUP(B12,PNGC!$D$6:$K$22,8,FALSE),0) -> 0 | Q12: =O12+P12 -> 24356937 | R12: =IF(J12=1, VLOOKUP(B12, PNGC!$D$6:$L$21, 9, FALSE), VLOOKUP('Discount Details'!B12, Charges_NonSlice!$B$4:$V$138, 21, FALSE)) -> 667829.95 | S12: =Q12/R12 -> 36.471766 | T12: =L12*Q12 -> 1217846.9 | U12: =Q12*N12 -> 1240986
B13: 10106 | C13: Clearwater Power | D13: 3.8719234 | E13: 3.6789927 | F13: 0.045 | G13: 0.035 | H13: 0.07 | I13: 0 | J13: 1 | K13: 0 | L13: =MIN(H13+I13, 0.07) -> 0.07 | M13: 1.0105113 | N13: =ROUND(L13*M13,5) -> 0.07074 | O13: =VLOOKUP(B13, Charges_NonSlice!$B$4:$U$138, 20, FALSE) -> 6941752.2 | P13: =IF(J13=1,VLOOKUP(B13,PNGC!$D$6:$K$22,8,FALSE),0) -> 746329.09 | Q13: =O13+P13 -> 7688081.3 | R13: =IF(J13=1, VLOOKUP(B13, PNGC!$D$6:$L$21, 9, FALSE), VLOOKUP('Discount Details'!B13, Charges_NonSlice!$B$4:$V$138, 21, FALSE)) -> 209779.8 | S13: =Q13/R13 -> 36.648339 | T13: =L13*Q13 -> 538165.69 | U13: =Q13*N13 -> 543854.87
B14: 10109 | C14: Columbia Basin Coop. | D14: 6.9927995 | E14: 3.20626 | F14: 0.045 | G14: 0.04 | H14: 0.07 | I14: 0 | J14: 0 | K14: 0 | L14: =MIN(H14+I14, 0.07) -> 0.07 | M14: 1.2241294 | N14: =ROUND(L14*M14,5) -> 0.08569 | O14: =VLOOKUP(B14, Charges_NonSlice!$B$4:$U$138, 20, FALSE) -> 3901417.8 | P14: =IF(J14=1,VLOOKUP(B14,PNGC!$D$6:$K$22,8,FALSE),0) -> 0 | Q14: =O14+P14 -> 3901417.8 | R14: =IF(J14=1, VLOOKUP(B14, PNGC!$D$6:$L$21, 9, FALSE), VLOOKUP('Discount Details'!B14, Charges_NonSlice!$B$4:$V$138, 21, FALSE)) -> 106443.95 | S14: =Q14/R14 -> 36.65232 | T14: =L14*Q14 -> 273099.25 | U14: =Q14*N14 -> 334312.49
B15: 10111 | C15: Columbia Power Coop. | D15: 1.4332886 | E15: 1.8814532 | F15: 0.05 | G15: 0.045 | H15: 0.07 | I15: 0.005 | J15: 0 | K15: 0 | L15: =MIN(H15+I15, 0.07) -> 0.07 | M15: 1 | N15: =ROUND(L15*M15,5) -> 0.07 | O15: =VLOOKUP(B15, Charges_NonSlice!$B$4:$U$138, 20, FALSE) -> 1009928.1 | P15: =IF(J15=1,VLOOKUP(B15,PNGC!$D$6:$K$22,8,FALSE),0) -> 0 | Q15: =O15+P15 -> 1009928.1 | R15: =IF(J15=1, VLOOKUP(B15, PNGC!$D$6:$L$21, 9, FALSE), VLOOKUP('Discount Details'!B15, Charges_NonSlice!$B$4:$V$138, 21, FALSE)) -> 27554.403 | S15: =Q15/R15 -> 36.652149 | T15: =L15*Q15 -> 70694.966 | U15: =Q15*N15 -> 70694.966
B16: 10113 | C16: Columbia REA | D16: 4.0008804 | E16: 4.5633188 | F16: 0.045 | G16: 0.035 | H16: 0.07 | I16: 0 | J16: 0 | K16: 0 | L16: =MIN(H16+I16, 0.07) -> 0.07 | M16: 1.1547767 | N16: =ROUND(L16*M16,5) -> 0.08083 | O16: =VLOOKUP(B16, Charges_NonSlice!$B$4:$U$138, 20, FALSE) -> 11180301 | P16: =IF(J16=1,VLOOKUP(B16,PNGC!$D$6:$K$22,8,FALSE),0) -> 0 | Q16: =O16+P16 -> 11180301 | R16: =IF(J16=1, VLOOKUP(B16, PNGC!$D$6:$L$21, 9, FALSE), VLOOKUP('Discount Details'!B16, Charges_NonSlice!$B$4:$V$138, 21, FALSE)) -> 331095.31 | S16: =Q16/R16 -> 33.767621 | T16: =L16*Q16 -> 782621.07 | U16: =Q16*N16 -> 903703.73
B17: 10118 | C17: Consumers Power | D17: 3.8670977 | E17: 7.6554209 | F17: 0.045 | G17: 0.02 | H17: 0.065 | I17: 0 | J17: 1 | K17: 0 | L17: =MIN(H17+I17, 0.07) -> 0.065 | M17: 1.0775715 | N17: =ROUND(L17*M17,5) -> 0.07004 | O17: =VLOOKUP(B17, Charges_NonSlice!$B$4:$U$138, 20, FALSE) -> 13277562 | P17: =IF(J17=1,VLOOKUP(B17,PNGC!$D$6:$K$22,8,FALSE),0) -> 1427511.4 | Q17: =O17+P17 -> 14705073 | R17: =IF(J17=1, VLOOKUP(B17, PNGC!$D$6:$L$21, 9, FALSE), VLOOKUP('Discount Details'!B17, Charges_NonSlice!$B$4:$V$138, 21, FALSE)) -> 401248.01 | S17: =Q17/R17 -> 36.648339 | T17: =L17*Q17 -> 955829.74 | U17: =Q17*N17 -> 1029943.3
... B58: 10502 | C58: Yakama Power | D58: 3.6895777 | E58: 4.2549858 | F58: 0.045 | G58: 0.035 | H58: 0.07 | I58: 0 | J58: 0 | K58: 0 | L58: =MIN(H58+I58, 0.07) -> 0.07 | M58: 1 | N58: =ROUND(L58*M58,5) -> 0.07 | O58: =VLOOKUP(B58, Charges_NonSlice!$B$4:$U$138, 20, FALSE) -> 5842469 | P58: =IF(J58=1,VLOOKUP(B58,PNGC!$D$6:$K$22,8,FALSE),0) -> 0 | Q58: =O58+P58 -> 5842469 | R58: =IF(J58=1, VLOOKUP(B58, PNGC!$D$6:$L$21, 9, FALSE), VLOOKUP('Discount Details'!B58, Charges_NonSlice!$B$4:$V$138, 21, FALSE)) -> 163515.14 | S58: =Q58/R58 -> 35.730446 | T58: =L58*Q58 -> 408972.83 | U58: =Q58*N58 -> 408972.83

Sheet LDD Alt 1
R2: cap: | S2: 0.08
V3: =SUM(V5:V59) -> 36377446
Q5: =SUM(Q7:Q59) -> 39298319 | S5: =SUM(S7:S59) -> 37342188 | V5: APPLICABLE LDD COMPARISON (Current Application)
B6: Protential LDD Table (GRSP Table B) | I6: BESID | J6: Preference Customer Name | K6: Killowatthour/ Investment Ratio | L6: Consumers/ Mile of Line Ratio | M6: K/I % | N6: C/M % | O6: Very Low Density Adjustment | P6: Eligible LDD Before Cap | Q6: $ Discount | R6: Eligible LDD After Cap | S6: $ | T6: Δ Uncapped and Capped | V6: STATUS QUO Applicable LDD $ | W6: Before Cap to Status Quo | X6: After Cap to Status Quo | Z6: STATUS QUO Applicable LDD % | AA6: Before Cap Percentage Difference | AB6: After Cap Percentage Difference
B7: Percentage Discount | C7: K/I Min | D7: K/I Max | E7: C/M Min | F7: C/M Max | I7: ='Discount Details'!B6 -> 10005 | J7: ='Discount Details'!C6 -> Alder Mutual Light | K7: ='Discount Details'!D6 -> 46.767851 | L7: ='Discount Details'!E6 -> 7.7894791 | M7: {=LOOKUP(2, 1/((K7 >= $C$8:$C$20) * (K7 <= $D$8:$D$20)), $B$8:$B$20)} -> 0 | N7: {=LOOKUP(2, 1/((L7 >= $E$8:$E$20) * (L7 <= $F$8:$F$20)), $B$8:$B$20)} -> 0.025 | O7: ='Discount Details'!I6 -> 0 | P7: =M7+N7+O7 -> 0.025 | Q7: =$P7*'Discount Details'!Q6 -> 4380.4932 | R7: =MIN(P7, $S$2) -> 0.025 | S7: =$R7*'Discount Details'!Q6 -> 4380.4932 | T7: =Q7-S7 -> 0 | V7: ='Discount Details'!U6 -> 4348.9536 | W7: =Q7-V7 -> 31.539551 | X7: =S7-V7 -> 31.539551 | Z7: =VLOOKUP($I7, 'Discount Details'!$B$6:$N$58, 13, FALSE) -> 0.02482 | AA7: =P7-Z7 -> 0.00018 | AB7: =R7-Z7 -> 0.00018
B8: 0 | C8: =D9 -> 36 | D8: 100 | E8: =F9 -> 12 | I8: ='Discount Details'!B7 -> 10025 | J8: ='Discount Details'!C7 -> Benton Rural Elect. Assoc. | K8: ='Discount Details'!D7 -> 7.4648575 | L8: ='Discount Details'!E7 -> 8.8016667 | M8: {=LOOKUP(2, 1/((K8 >= $C$8:$C$20) * (K8 <= $D$8:$D$20)), $B$8:$B$20)} -> 0.05 | N8: {=LOOKUP(2, 1/((L8 >= $E$8:$E$20) * (L8 <= $F$8:$F$20)), $B$8:$B$20)} -> 0.02 | O8: ='Discount Details'!I7 -> 0 | P8: =M8+N8+O8 -> 0.07 | Q8: =$P8*'Discount Details'!Q7 -> 1294800.3 | R8: =MIN(P8, $S$2) -> 0.07 | S8: =$R8*'Discount Details'!Q7 -> 1294800.3 | T8: =Q8-S8 -> 0 | V8: ='Discount Details'!U7 -> 1105389.5 | W8: =Q8-V8 -> 189410.78 | X8: =S8-V8 -> 189410.78 | Z8: =VLOOKUP($I8, 'Discount Details'!$B$6:$N$58, 13, FALSE) -> 0.05976 | AA8: =P8-Z8 -> 0.01024 | AB8: =R8-Z8 -> 0.01024
B9: 0.005 | C9: =D10 -> 33 | D9: 36 | E9: =F10 -> 11 | F9: 12 | I9: ='Discount Details'!B8 -> 10027 | J9: ='Discount Details'!C8 -> Big Bend Electric Coop. | K9: ='Discount Details'!D8 -> 10.062278 | L9: ='Discount Details'!E8 -> 4.0188912 | M9: {=LOOKUP(2, 1/((K9 >= $C$8:$C$20) * (K9 <= $D$8:$D$20)), $B$8:$B$20)} -> 0.045 | N9: {=LOOKUP(2, 1/((L9 >= $E$8:$E$20) * (L9 <= $F$8:$F$20)), $B$8:$B$20)} -> 0.04 | O9: ='Discount Details'!I8 -> 0 | P9: =M9+N9+O9 -> 0.085 | Q9: =$P9*'Discount Details'!Q8 -> 1589574.4 | R9: =MIN(P9, $S$2) -> 0.08 | S9: =$R9*'Discount Details'!Q8 -> 1496070 | T9: =Q9-S9 -> 93504.376 | V9: ='Discount Details'!U8 -> 1450252.9 | W9: =Q9-V9 -> 139321.52 | X9: =S9-V9 -> 45817.144 | Z9: =VLOOKUP($I9, 'Discount Details'!$B$6:$N$58, 13, FALSE) -> 0.07755 | AA9: =P9-Z9 -> 0.00745 | AB9: =R9-Z9 -> 0.00245
B10: 0.01 | C10: =D11 -> 30 | D10: 33 | E10: =F11 -> 10 | F10: 11 | I10: ='Discount Details'!B9 -> 10029 | J10: ='Discount Details'!C9 -> Blachly-Lane Electric | K10: ='Discount Details'!D9 -> 6.7839019 | L10: ='Discount Details'!E9 -> 7.3747495 | M10: {=LOOKUP(2, 1/((K10 >= $C$8:$C$20) * (K10 <= $D$8:$D$20)), $B$8:$B$20)} -> 0.05 | N10: {=LOOKUP(2, 1/((L10 >= $E$8:$E$20) * (L10 <= $F$8:$F$20)), $B$8:$B$20)} -> 0.025 | O10: ='Discount Details'!I9 -> 0 | P10: =M10+N10+O10 -> 0.075 | Q10: =$P10*'Discount Details'!Q9 -> 425372.15 | R10: =MIN(P10, $S$2) -> 0.075 | S10: =$R10*'Discount Details'!Q9 -> 425372.15 | T10: =Q10-S10 -> 0 | V10: ='Discount Details'!U9 -> 453673.57 | W10: =Q10-V10 -> -28301.427 | X10: =S10-V10 -> -28301.427 | Z10: =VLOOKUP($I10, 'Discount Details'!$B$6:$N$58, 13, FALSE) -> 0.07999 | AA10: =P10-Z10 -> -0.00499 | AB10: =R10-Z10 -> -0.00499
B11: 0.015 | C11: =D12 -> 27 | D11: 30 | E11: =F12 -> 9 | F11: 10 | I11: ='Discount Details'!B10 -> 10065 | J11: ='Discount Details'!C10 -> City of Cascade Locks | K11: ='Discount Details'!D10 -> 15.707839 | L11: ='Discount Details'!E10 -> 11.082192 | M11: {=LOOKUP(2, 1/((K11 >= $C$8:$C$20) * (K11 <= $D$8:$D$20)), $B$8:$B$20)} -> 0.035 | N11: {=LOOKUP(2, 1/((L11 >= $E$8:$E$20) * (L11 <= $F$8:$F$20)), $B$8:$B$20)} -> 0.005 | O11: ='Discount Details'!I10 -> 0 | P11: =M11+N11+O11 -> 0.04 | Q11: =$P11*'Discount Details'!Q10 -> 28149.163 | R11: =MIN(P11, $S$2) -> 0.04 | S11: =$R11*'Discount Details'!Q10 -> 28149.163 | T11: =Q11-S11 -> 0 | V11: ='Discount Details'!U10 -> 46692.424 | W11: =Q11-V11 -> -18543.261 | X11: =S11-V11 -> -18543.261 | Z11: =VLOOKUP($I11, 'Discount Details'!$B$6:$N$58, 13, FALSE) -> 0.06635 | AA11: =P11-Z11 -> -0.02635 | AB11: =R11-Z11 -> -0.02635
B12: 0.02 | C12: =D13 -> 24 | D12: 27 | E12: =F13 -> 8 | F12: 9 | I12: ='Discount Details'!B11 -> 10046 | J12: ='Discount Details'!C11 -> Central Electric | K12: ='Discount Details'!D11 -> 5.1512493 | L12: ='Discount Details'!E11 -> 7.6824012 | M12: {=LOOKUP(2, 1/((K12 >= $C$8:$C$20) * (K12 <= $D$8:$D$20)), $B$8:$B$20)} -> 0.055 | N12: {=LOOKUP(2, 1/((L12 >= $E$8:$E$20) * (L12 <= $F$8:$F$20)), $B$8:$B$20)} -> 0.025 | O12: ='Discount Details'!I11 -> 0 | P12: =M12+N12+O12 -> 0.08 | Q12: =$P12*'Discount Details'!Q11 -> 2108208.5 | R12: =MIN(P12, $S$2) -> 0.08 | S12: =$R12*'Discount Details'!Q11 -> 2108208.5 | T12: =Q12-S12 -> 0 | V12: ='Discount Details'!U11 -> 2069206.6 | W12: =Q12-V12 -> 39001.857 | X12: =S12-V12 -> 39001.857 | Z12: =VLOOKUP($I12, 'Discount Details'!$B$6:$N$58, 13, FALSE) -> 0.07852 | AA12: =P12-Z12 -> 0.00148 | AB12: =R12-Z12 -> 0.00148
B13: 0.025 | C13: =D14 -> 21 | D13: 24 | E13: =F14 -> 7 | F13: 8 | I13: ='Discount Details'!B12 -> 10101 | J13: ='Discount Details'!C12 -> Clallam County PUD | K13: ='Discount Details'!D12 -> 4.7041188 | L13: ='Discount Details'!E12 -> 11.395987 | M13: {=LOOKUP(2, 1/((K13 >= $C$8:$C$20) * (K13 <= $D$8:$D$20)), $B$8:$B$20)} -> 0.055 | N13: {=LOOKUP(2, 1/((L13 >= $E$8:$E$20) * (L13 <= $F$8:$F$20)), $B$8:$B$20)} -> 0.005 | O13: ='Discount Details'!I12 -> 0 | P13: =M13+N13+O13 -> 0.06 | Q13: =$P13*'Discount Details'!Q12 -> 1461416.2 | R13: =MIN(P13, $S$2) -> 0.06 | S13: =$R13*'Discount Details'!Q12 -> 1461416.2 | T13: =Q13-S13 -> 0 | V13: ='Discount Details'!U12 -> 1240986 | W13: =Q13-V13 -> 220430.28 | X13: =S13-V13 -> 220430.28 | Z13: =VLOOKUP($I13, 'Discount Details'!$B$6:$N$58, 13, FALSE) -> 0.05095 | AA13: =P13-Z13 -> 0.00905 | AB13: =R13-Z13 -> 0.00905
B14: 0.03 | C14: =D15 -> 18 | D14: 21 | E14: =F15 -> 6 | F14: 7 | I14: ='Discount Details'!B13 -> 10106 | J14: ='Discount Details'!C13 -> Clearwater Power | K14: ='Discount Details'!D13 -> 3.8719234 | L14: ='Discount Details'!E13 -> 3.6789927 | M14: {=LOOKUP(2, 1/((K14 >= $C$8:$C$20) * (K14 <= $D$8:$D$20)), $B$8:$B$20)} -> 0.055 | N14: {=LOOKUP(2, 1/((L14 >= $E$8:$E$20) * (L14 <= $F$8:$F$20)), $B$8:$B$20)} -> 0.045 | O14: ='Discount Details'!I13 -> 0 | P14: =M14+N14+O14 -> 0.1 | Q14: =$P14*'Discount Details'!Q13 -> 768808.13 | R14: =MIN(P14, $S$2) -> 0.08 | S14: =$R14*'Discount Details'!Q13 -> 615046.51 | T14: =Q14-S14 -> 153761.63 | V14: ='Discount Details'!U13 -> 543854.87 | W14: =Q14-V14 -> 224953.26 | X14: =S14-V14 -> 71191.633 | Z14: =VLOOKUP($I14, 'Discount Details'!$B$6:$N$58, 13, FALSE) -> 0.07074 | AA14: =P14-Z14 -> 0.02926 | AB14: =R14-Z14 -> 0.00926
B15: 0.035 | C15: =D16 -> 15 | D15: 18 | E15: =F16 -> 5 | F15: 6 | I15: ='Discount Details'!B14 -> 10109 | J15: ='Discount Details'!C14 -> Columbia Basin Coop. | K15: ='Discount Details'!D14 -> 6.9927995 | L15: ='Discount Details'!E14 -> 3.20626 | M15: {=LOOKUP(2, 1/((K15 >= $C$8:$C$20) * (K15 <= $D$8:$D$20)), $B$8:$B$20)} -> 0.05 | N15: {=LOOKUP(2, 1/((L15 >= $E$8:$E$20) * (L15 <= $F$8:$F$20)), $B$8:$B$20)} -> 0.045 | O15: ='Discount Details'!I14 -> 0 | P15: =M15+N15+O15 -> 0.095 | Q15: =$P15*'Discount Details'!Q14 -> 370634.69 | R15: =MIN(P15, $S$2) -> 0.08 | S15: =$R15*'Discount Details'!Q14 -> 312113.43 | T15: =Q15-S15 -> 58521.267 | V15: ='Discount Details'!U14 -> 334312.49 | W15: =Q15-V15 -> 36322.2 | X15: =S15-V15 -> -22199.067 | Z15: =VLOOKUP($I15, 'Discount Details'!$B$6:$N$58, 13, FALSE) -> 0.08569 | AA15: =P15-Z15 -> 0.00931 | AB15: =R15-Z15 -> -0.00569
B16: 0.04 | C16: =D17 -> 12 | D16: 15 | E16: =F17 -> 4 | F16: 5 | I16: ='Discount Details'!B15 -> 10111 | J16: ='Discount Details'!C15 -> Columbia Power Coop. | K16: ='Discount Details'!D15 -> 1.4332886 | L16: ='Discount Details'!E15 -> 1.8814532 | M16: {=LOOKUP(2, 1/((K16 >= $C$8:$C$20) * (K16 <= $D$8:$D$20)), $B$8:$B$20)} -> 0.06 | N16: {=LOOKUP(2, 1/((L16 >= $E$8:$E$20) * (L16 <= $F$8:$F$20)), $B$8:$B$20)} -> 0.055 | O16: ='Discount Details'!I15 -> 0.005 | P16: =M16+N16+O16 -> 0.12 | Q16: =$P16*'Discount Details'!Q15 -> 121191.37 | R16: =MIN(P16, $S$2) -> 0.08 | S16: =$R16*'Discount Details'!Q15 -> 80794.246 | T16: =Q16-S16 -> 40397.123 | V16: ='Discount Details'!U15 -> 70694.966 | W16: =Q16-V16 -> 50496.404 | X16: =S16-V16 -> 10099.281 | Z16: =VLOOKUP($I16, 'Discount Details'!$B$6:$N$58, 13, FALSE) -> 0.07 | AA16: =P16-Z16 -> 0.05 | AB16: =R16-Z16 -> 0.01
B17: 0.045 | C17: =D18 -> 9 | D17: 12 | E17: =F18 -> 3 | F17: 4 | I17: ='Discount Details'!B16 -> 10113 | J17: ='Discount Details'!C16 -> Columbia REA | K17: ='Discount Details'!D16 -> 4.0008804 | L17: ='Discount Details'!E16 -> 4.5633188 | M17: {=LOOKUP(2, 1/((K17 >= $C$8:$C$20) * (K17 <= $D$8:$D$20)), $B$8:$B$20)} -> 0.055 | N17: {=LOOKUP(2, 1/((L17 >= $E$8:$E$20) * (L17 <= $F$8:$F$20)), $B$8:$B$20)} -> 0.04 | O17: ='Discount Details'!I16 -> 0 | P17: =M17+N17+O17 -> 0.095 | Q17: =$P17*'Discount Details'!Q16 -> 1062128.6 | R17: =MIN(P17, $S$2) -> 0.08 | S17: =$R17*'Discount Details'!Q16 -> 894424.08 | T17: =Q17-S17 -> 167704.52 | V17: ='Discount Details'!U16 -> 903703.73 | W17: =Q17-V17 -> 158424.87 | X17: =S17-V17 -> -9279.6499 | Z17: =VLOOKUP($I17, 'Discount Details'!$B$6:$N$58, 13, FALSE) -> 0.08083 | AA17: =P17-Z17 -> 0.01417 | AB17: =R17-Z17 -> -0.00083
B18: 0.05 | C18: 6 | D18: 9 | E18: 2 | F18: 3 | I18: ='Discount Details'!B17 -> 10118 | J18: ='Discount Details'!C17 -> Consumers Power | K18: ='Discount Details'!D17 -> 3.8670977 | L18: ='Discount Details'!E17 -> 7.6554209 | M18: {=LOOKUP(2, 1/((K18 >= $C$8:$C$20) * (K18 <= $D$8:$D$20)), $B$8:$B$20)} -> 0.055 | N18: {=LOOKUP(2, 1/((L18 >= $E$8:$E$20) * (L18 <= $F$8:$F$20)), $B$8:$B$20)} -> 0.025 | O18: ='Discount Details'!I17 -> 0 | P18: =M18+N18+O18 -> 0.08 | Q18: =$P18*'Discount Details'!Q17 -> 1176405.8 | R18: =MIN(P18, $S$2) -> 0.08 | S18: =$R18*'Discount Details'!Q17 -> 1176405.8 | T18: =Q18-S18 -> 0 | V18: ='Discount Details'!U17 -> 1029943.3 | W18: =Q18-V18 -> 146462.53 | X18: =S18-V18 -> 146462.53 | Z18: =VLOOKUP($I18, 'Discount Details'!$B$6:$N$58, 13, FALSE) -> 0.07004 | AA18: =P18-Z18 -> 0.00996 | AB18: =R18-Z18 -> 0.00996
B19: 0.055 | C19: 3 | D19: 6 | E19: 1 | F19: 2 | I19: ='Discount Details'!B18 -> 10121 | J19: ='Discount Details'!C18 -> Coos-Curry Electric | K19: ='Discount Details'!D18 -> 3.8803511 | L19: ='Discount Details'!E18 -> 9.1088861 | M19: {=LOOKUP(2, 1/((K19 >= $C$8:$C$20) * (K19 <= $D$8:$D$20)), $B$8:$B$20)} -> 0.055 | N19: {=LOOKUP(2, 1/((L19 >= $E$8:$E$20) * (L19 <= $F$8:$F$20)), $B$8:$B$20)} -> 0.015 | O19: ='Discount Details'!I18 -> 0 | P19: =M19+N19+O19 -> 0.07 | Q19: =$P19*'Discount Details'!Q18 -> 890081.42 | R19: =MIN(P19, $S$2) -> 0.07 | S19: =$R19*'Discount Details'!Q18 -> 890081.42 | T19: =Q19-S19 -> 0 | V19: ='Discount Details'!U18 -> 762926.93 | W19: =Q19-V19 -> 127154.49 | X19: =S19-V19 -> 127154.49 | Z19: =VLOOKUP($I19, 'Discount Details'!$B$6:$N$58, 13, FALSE) -> 0.06 | AA19: =P19-Z19 -> 0.01 | AB19: =R19-Z19 -> 0.01
B20: 0.06 | C20: 0 | D20: 3 | E20: 0 | F20: 1 | I20: ='Discount Details'!B19 -> 10136 | J20: ='Discount Details'!C19 -> Douglas Electric Coop. | K20: ='Discount Details'!D19 -> 3.5610412 | L20: ='Discount Details'!E19 -> 6.5276569 | M20: {=LOOKUP(2, 1/((K20 >= $C$8:$C$20) * (K20 <= $D$8:$D$20)), $B$8:$B$20)} -> 0.055 | N20: {=LOOKUP(2, 1/((L20 >= $E$8:$E$20) * (L20 <= $F$8:$F$20)), $B$8:$B$20)} -> 0.03 | O20: ='Discount Details'!I19 -> 0 | P20: =M20+N20+O20 -> 0.085 | Q20: =$P20*'Discount Details'!Q19 -> 503429.54 | R20: =MIN(P20, $S$2) -> 0.08 | S20: =$R20*'Discount Details'!Q19 -> 473816.04 | T20: =Q20-S20 -> 29613.502 | V20: ='Discount Details'!U19 -> 414589.03 | W20: =Q20-V20 -> 88840.507 | X20: =S20-V20 -> 59227.004 | Z20: =VLOOKUP($I20, 'Discount Details'!$B$6:$N$58, 13, FALSE) -> 0.07 | AA20: =P20-Z20 -> 0.015 | AB20: =R20-Z20 -> 0.01
I21: ='Discount Details'!B20 -> 10142 | J21: ='Discount Details'!C20 -> East End Mutual Elect. | K21: ='Discount Details'!D20 -> 43.30611 | L21: ='Discount Details'!E20 -> 5.65625 | M21: {=LOOKUP(2, 1/((K21 >= $C$8:$C$20) * (K21 <= $D$8:$D$20)), $B$8:$B$20)} -> 0 | N21: {=LOOKUP(2, 1/((L21 >= $E$8:$E$20) * (L21 <= $F$8:$F$20)), $B$8:$B$20)} -> 0.035 | O21: ='Discount Details'!I20 -> 0 | P21: =M21+N21+O21 -> 0.035 | Q21: =$P21*'Discount Details'!Q20 -> 30336.338 | R21: =MIN(P21, $S$2) -> 0.035 | S21: =$R21*'Discount Details'!Q20 -> 30336.338 | T21: =Q21-S21 -> 0 | V21: ='Discount Details'!U20 -> 32069.843 | W21: =Q21-V21 -> -1733.505 | X21: =S21-V21 -> -1733.505 | Z21: =VLOOKUP($I21, 'Discount Details'!$B$6:$N$58, 13, FALSE) -> 0.037 | AA21: =P21-Z21 -> -0.002 | AB21: =R21-Z21 -> -0.002
B22: Potential Methodology | I22: ='Discount Details'!B21 -> 10157 | J22: ='Discount Details'!C21 -> Emerald PUD | K22: ='Discount Details'!D21 -> 6.3865724 | L22: ='Discount Details'!E21 -> 10.6455 | M22: {=LOOKUP(2, 1/((K22 >= $C$8:$C$20) * (K22 <= $D$8:$D$20)), $B$8:$B$20)} -> 0.05 | N22: {=LOOKUP(2, 1/((L22 >= $E$8:$E$20) * (L22 <= $F$8:$F$20)), $B$8:$B$20)} -> 0.01 | O22: ='Discount Details'!I21 -> 0 | P22: =M22+N22+O22 -> 0.06 | Q22: =$P22*'Discount Details'!Q21 -> 890268.03 | R22: =MIN(P22, $S$2) -> 0.06 | S22: =$R22*'Discount Details'!Q21 -> 890268.03 | T22: =Q22-S22 -> 0 | V22: ='Discount Details'!U21 -> 894570.99 | W22: =Q22-V22 -> -4302.9621 | X22: =S22-V22 -> -4302.9621 | Z22: =VLOOKUP($I22, 'Discount Details'!$B$6:$N$58, 13, FALSE) -> 0.06029 | AA22: =P22-Z22 -> -0.00029 | AB22: =R22-Z22 -> -0.00029
B23: K/I Methodology | I23: ='Discount Details'!B22 -> 10173 | J23: ='Discount Details'!C22 -> Fall River Electric Coop. | K23: ='Discount Details'!D22 -> 6.1317435 | L23: ='Discount Details'!E22 -> 6.1473341 | M23: {=LOOKUP(2, 1/((K23 >= $C$8:$C$20) * (K23 <= $D$8:$D$20)), $B$8:$B$20)} -> 0.05 | N23: {=LOOKUP(2, 1/((L23 >= $E$8:$E$20) * (L23 <= $F$8:$F$20)), $B$8:$B$20)} -> 0.03 | O23: ='Discount Details'!I22 -> 0 | P23: =M23+N23+O23 -> 0.08 | Q23: =$P23*'Discount Details'!Q22 -> 853318.58 | R23: =MIN(P23, $S$2) -> 0.08 | S23: =$R23*'Discount Details'!Q22 -> 853318.58 | T23: =Q23-S23 -> 0 | V23: ='Discount Details'!U22 -> 904304.37 | W23: =Q23-V23 -> -50985.785 | X23: =S23-V23 -> -50985.785 | Z23: =VLOOKUP($I23, 'Discount Details'!$B$6:$N$58, 13, FALSE) -> 0.08478 | AA23: =P23-Z23 -> -0.00478 | AB23: =R23-Z23 -> -0.00478
B24: LINEAR | I24: ='Discount Details'!B23 -> 10177 | J24: ='Discount Details'!C23 -> Ferry County PUD | K24: ='Discount Details'!D23 -> 7.4405758 | L24: ='Discount Details'!E23 -> 5.6565809 | M24: {=LOOKUP(2, 1/((K24 >= $C$8:$C$20) * (K24 <= $D$8:$D$20)), $B$8:$B$20)} -> 0.05 | N24: {=LOOKUP(2, 1/((L24 >= $E$8:$E$20) * (L24 <= $F$8:$F$20)), $B$8:$B$20)} -> 0.035 | O24: ='Discount Details'!I23 -> 0 | P24: =M24+N24+O24 -> 0.085 | Q24: =$P24*'Discount Details'!Q23 -> 228889.05 | R24: =MIN(P24, $S$2) -> 0.08 | S24: =$R24*'Discount Details'!Q23 -> 215424.99 | T24: =Q24-S24 -> 13464.062 | V24: ='Discount Details'!U23 -> 188496.87 | W24: =Q24-V24 -> 40392.186 | X24: =S24-V24 -> 26928.124 | Z24: =VLOOKUP($I24, 'Discount Details'!$B$6:$N$58, 13, FALSE) -> 0.07 | AA24: =P24-Z24 -> 0.015 | AB24: =R24-Z24 -> 0.01
B25: f(x) = -6x+36 | I25: ='Discount Details'!B24 -> 10186 | J25: ='Discount Details'!C24 -> Glacier Electric Coop. | K25: ='Discount Details'!D24 -> 5.4490602 | L25: ='Discount Details'!E24 -> 5.3452945 | M25: {=LOOKUP(2, 1/((K25 >= $C$8:$C$20) * (K25 <= $D$8:$D$20)), $B$8:$B$20)} -> 0.055 | N25: {=LOOKUP(2, 1/((L25 >= $E$8:$E$20) * (L25 <= $F$8:$F$20)), $B$8:$B$20)} -> 0.035 | O25: ='Discount Details'!I24 -> 0 | P25: =M25+N25+O25 -> 0.09 | Q25: =$P25*'Discount Details'!Q24 -> 499315.48 | R25: =MIN(P25, $S$2) -> 0.08 | S25: =$R25*'Discount Details'!Q24 -> 443835.99 | T25: =Q25-S25 -> 55479.498 | V25: ='Discount Details'!U24 -> 388356.49 | W25: =Q25-V25 -> 110959 | X25: =S25-V25 -> 55479.498 | Z25: =VLOOKUP($I25, 'Discount Details'!$B$6:$N$58, 13, FALSE) -> 0.07 | AA25: =P25-Z25 -> 0.02 | AB25: =R25-Z25 -> 0.01
I26: ='Discount Details'!B25 -> 10197 | J26: ='Discount Details'!C25 -> Harney Electric Coop. | K26: ='Discount Details'!D25 -> 11.633691 | L26: ='Discount Details'!E25 -> 1.380916 | M26: {=LOOKUP(2, 1/((K26 >= $C$8:$C$20) * (K26 <= $D$8:$D$20)), $B$8:$B$20)} -> 0.045 | N26: {=LOOKUP(2, 1/((L26 >= $E$8:$E$20) * (L26 <= $F$8:$F$20)), $B$8:$B$20)} -> 0.055 | O26: ='Discount Details'!I25 -> 0.005 | P26: =M26+N26+O26 -> 0.105 | Q26: =$P26*'Discount Details'!Q25 -> 725657.8 | R26: =MIN(P26, $S$2) -> 0.08 | S26: =$R26*'Discount Details'!Q25 -> 552882.13 | T26: =Q26-S26 -> 172775.67 | V26: ='Discount Details'!U25 -> 600291.77 | W26: =Q26-V26 -> 125366.02 | X26: =S26-V26 -> -47409.643 | Z26: =VLOOKUP($I26, 'Discount Details'!$B$6:$N$58, 13, FALSE) -> 0.08686 | AA26: =P26-Z26 -> 0.01814 | AB26: =R26-Z26 -> -0.00686
B27: C/M Methodology | I27: ='Discount Details'!B26 -> 10203 | J27: ='Discount Details'!C26 -> Idaho County L&P Coop. | K27: ='Discount Details'!D26 -> 5.3504834 | L27: ='Discount Details'!E26 -> 3.965673 | M27: {=LOOKUP(2, 1/((K27 >= $C$8:$C$20) * (K27 <= $D$8:$D$20)), $B$8:$B$20)} -> 0.055 | N27: {=LOOKUP(2, 1/((L27 >= $E$8:$E$20) * (L27 <= $F$8:$F$20)), $B$8:$B$20)} -> 0.045 | O27: ='Discount Details'!I26 -> 0 | P27: =M27+N27+O27 -> 0.1 | Q27: =$P27*'Discount Details'!Q26 -> 201489.72 | R27: =MIN(P27, $S$2) -> 0.08 | S27: =$R27*'Discount Details'!Q26 -> 161191.78 | T27: =Q27-S27 -> 40297.944 | V27: ='Discount Details'!U26 -> 152749.36 | W27: =Q27-V27 -> 48740.364 | X27: =S27-V27 -> 8442.4193 | Z27: =VLOOKUP($I27, 'Discount Details'!$B$6:$N$58, 13, FALSE) -> 0.07581 | AA27: =P27-Z27 -> 0.02419 | AB27: =R27-Z27 -> 0.00419
B28: LINEAR | I28: ='Discount Details'!B27 -> 10209 | J28: ='Discount Details'!C27 -> Inland Power & Light | K28: ='Discount Details'!D27 -> 6.8150435 | L28: ='Discount Details'!E27 -> 5.9793734 | M28: {=LOOKUP(2, 1/((K28 >= $C$8:$C$20) * (K28 <= $D$8:$D$20)), $B$8:$B$20)} -> 0.05 | N28: {=LOOKUP(2, 1/((L28 >= $E$8:$E$20) * (L28 <= $F$8:$F$20)), $B$8:$B$20)} -> 0.035 | O28: ='Discount Details'!I27 -> 0 | P28: =M28+N28+O28 -> 0.085 | Q28: =$P28*'Discount Details'!Q27 -> 2928863.4 | R28: =MIN(P28, $S$2) -> 0.08 | S28: =$R28*'Discount Details'!Q27 -> 2756577.3 | T28: =Q28-S28 -> 172286.08 | V28: ='Discount Details'!U27 -> 2940923.4 | W28: =Q28-V28 -> -12060.026 | X28: =S28-V28 -> -184346.11 | Z28: =VLOOKUP($I28, 'Discount Details'!$B$6:$N$58, 13, FALSE) -> 0.08535 | AA28: =P28-Z28 -> -0.00035 | AB28: =R28-Z28 -> -0.00535
B29: f(x) = -2x+12 | I29: ='Discount Details'!B28 -> 10230 | J29: ='Discount Details'!C28 -> Kittitas County PUD | K29: ='Discount Details'!D28 -> 2.9392366 | L29: ='Discount Details'!E28 -> 6.5855263 | M29: {=LOOKUP(2, 1/((K29 >= $C$8:$C$20) * (K29 <= $D$8:$D$20)), $B$8:$B$20)} -> 0.06 | N29: {=LOOKUP(2, 1/((L29 >= $E$8:$E$20) * (L29 <= $F$8:$F$20)), $B$8:$B$20)} -> 0.03 | O29: ='Discount Details'!I28 -> 0 | P29: =M29+N29+O29 -> 0.09 | Q29: =$P29*'Discount Details'!Q28 -> 299435.61 | R29: =MIN(P29, $S$2) -> 0.08 | S29: =$R29*'Discount Details'!Q28 -> 266164.99 | T29: =Q29-S29 -> 33270.623 | V29: ='Discount Details'!U28 -> 296175.09 | W29: =Q29-V29 -> 3260.5211 | X29: =S29-V29 -> -30010.102 | Z29: =VLOOKUP($I29, 'Discount Details'!$B$6:$N$58, 13, FALSE) -> 0.08902 | AA29: =P29-Z29 -> 0.00098 | AB29: =R29-Z29 -> -0.00902
I30: ='Discount Details'!B29 -> 10231 | J30: ='Discount Details'!C29 -> Klickitat | K30: ='Discount Details'!D29 -> 4.3258259 | L30: ='Discount Details'!E29 -> 6.958292 | M30: {=LOOKUP(2, 1/((K30 >= $C$8:$C$20) * (K30 <= $D$8:$D$20)), $B$8:$B$20)} -> 0.055 | N30: {=LOOKUP(2, 1/((L30 >= $E$8:$E$20) * (L30 <= $F$8:$F$20)), $B$8:$B$20)} -> 0.03 | O30: ='Discount Details'!I29 -> 0 | P30: =M30+N30+O30 -> 0.085 | Q30: =$P30*'Discount Details'!Q29 -> 998949.53 | R30: =MIN(P30, $S$2) -> 0.08 | S30: =$R30*'Discount Details'!Q29 -> 940187.8 | T30: =Q30-S30 -> 58761.737 | V30: ='Discount Details'!U29 -> 1276422.5 | W30: =Q30-V30 -> -277472.92 | X30: =S30-V30 -> -336234.66 | Z30: =VLOOKUP($I30, 'Discount Details'!$B$6:$N$58, 13, FALSE) -> 0.10861 | AA30: =P30-Z30 -> -0.02361 | AB30: =R30-Z30 -> -0.02861
B31: where x = percentage discount | I31: ='Discount Details'!B30 -> 10236 | J31: ='Discount Details'!C30 -> Lane Electric Coop | K31: ='Discount Details'!D30 -> 4.0913992 | L31: ='Discount Details'!E30 -> 8.3797203 | M31: {=LOOKUP(2, 1/((K31 >= $C$8:$C$20) * (K31 <= $D$8:$D$20)), $B$8:$B$20)} -> 0.055 | N31: {=LOOKUP(2, 1/((L31 >= $E$8:$E$20) * (L31 <= $F$8:$F$20)), $B$8:$B$20)} -> 0.02 | O31: ='Discount Details'!I30 -> 0 | P31: =M31+N31+O31 -> 0.075 | Q31: =$P31*'Discount Details'!Q30 -> 677882.03 | R31: =MIN(P31, $S$2) -> 0.075 | S31: =$R31*'Discount Details'!Q30 -> 677882.03 | T31: =Q31-S31 -> 0 | V31: ='Discount Details'!U30 -> 587497.76 | W31: =Q31-V31 -> 90384.271 | X31: =S31-V31 -> 90384.271 | Z31: =VLOOKUP($I31, 'Discount Details'!$B$6:$N$58, 13, FALSE) -> 0.065 | AA31: =P31-Z31 -> 0.01 | AB31: =R31-Z31 -> 0.01
I32: ='Discount Details'!B31 -> 10237 | J32: ='Discount Details'!C31 -> Lewis County PUD | K32: ='Discount Details'!D31 -> 7.4627253 | L32: ='Discount Details'!E31 -> 10.866867 | M32: {=LOOKUP(2, 1/((K32 >= $C$8:$C$20) * (K32 <= $D$8:$D$20)), $B$8:$B$20)} -> 0.05 | N32: {=LOOKUP(2, 1/((L32 >= $E$8:$E$20) * (L32 <= $F$8:$F$20)), $B$8:$B$20)} -> 0.01 | O32: ='Discount Details'!I31 -> 0 | P32: =M32+N32+O32 -> 0.06 | Q32: =$P32*'Discount Details'!Q31 -> 1999505.2 | R32: =MIN(P32, $S$2) -> 0.06 | S32: =$R32*'Discount Details'!Q31 -> 1999505.2 | T32: =Q32-S32 -> 0 | V32: ='Discount Details'!U31 -> 1535620 | W32: =Q32-V32 -> 463885.21 | X32: =S32-V32 -> 463885.21 | Z32: =VLOOKUP($I32, 'Discount Details'!$B$6:$N$58, 13, FALSE) -> 0.04608 | AA32: =P32-Z32 -> 0.01392 | AB32: =R32-Z32 -> 0.01392
I33: ='Discount Details'!B32 -> 10239 | J33: ='Discount Details'!C32 -> Lincoln Electric | K33: ='Discount Details'!D32 -> 5.9728031 | L33: ='Discount Details'!E32 -> 6.6241135 | M33: {=LOOKUP(2, 1/((K33 >= $C$8:$C$20) * (K33 <= $D$8:$D$20)), $B$8:$B$20)} -> 0.055 | N33: {=LOOKUP(2, 1/((L33 >= $E$8:$E$20) * (L33 <= $F$8:$F$20)), $B$8:$B$20)} -> 0.03 | O33: ='Discount Details'!I32 -> 0 | P33: =M33+N33+O33 -> 0.085 | Q33: =$P33*'Discount Details'!Q32 -> 383138.52 | R33: =MIN(P33, $S$2) -> 0.08 | S33: =$R33*'Discount Details'!Q32 -> 360600.96 | T33: =Q33-S33 -> 22537.56 | V33: ='Discount Details'!U32 -> 340091.78 | W33: =Q33-V33 -> 43046.74 | X33: =S33-V33 -> 20509.18 | Z33: =VLOOKUP($I33, 'Discount Details'!$B$6:$N$58, 13, FALSE) -> 0.07545 | AA33: =P33-Z33 -> 0.00955 | AB33: =R33-Z33 -> 0.00455
I34: ='Discount Details'!B33 -> 10242 | J34: ='Discount Details'!C33 -> Lost River Electric | K34: ='Discount Details'!D33 -> 10.794413 | L34: ='Discount Details'!E33 -> 2.5 | M34: {=LOOKUP(2, 1/((K34 >= $C$8:$C$20) * (K34 <= $D$8:$D$20)), $B$8:$B$20)} -> 0.045 | N34: {=LOOKUP(2, 1/((L34 >= $E$8:$E$20) * (L34 <= $F$8:$F$20)), $B$8:$B$20)} -> 0.05 | O34: ='Discount Details'!I33 -> 0.005 | P34: =M34+N34+O34 -> 0.1 | Q34: =$P34*'Discount Details'!Q33 -> 304112.79 | R34: =MIN(P34, $S$2) -> 0.08 | S34: =$R34*'Discount Details'!Q33 -> 243290.23 | T34: =Q34-S34 -> 60822.559 | V34: ='Discount Details'!U33 -> 252596.09 | W34: =Q34-V34 -> 51516.707 | X34: =S34-V34 -> -9305.8515 | Z34: =VLOOKUP($I34, 'Discount Details'!$B$6:$N$58, 13, FALSE) -> 0.08306 | AA34: =P34-Z34 -> 0.01694 | AB34: =R34-Z34 -> -0.00306
I35: ='Discount Details'!B34 -> 10244 | J35: ='Discount Details'!C34 -> Lower Valley Energy | K35: ='Discount Details'!D34 -> 11.055876 | L35: ='Discount Details'!E34 -> 8.2903226 | M35: {=LOOKUP(2, 1/((K35 >= $C$8:$C$20) * (K35 <= $D$8:$D$20)), $B$8:$B$20)} -> 0.045 | N35: {=LOOKUP(2, 1/((L35 >= $E$8:$E$20) * (L35 <= $F$8:$F$20)), $B$8:$B$20)} -> 0.02 | O35: ='Discount Details'!I34 -> 0 | P35: =M35+N35+O35 -> 0.065 | Q35: =$P35*'Discount Details'!Q34 -> 1839703.1 | R35: =MIN(P35, $S$2) -> 0.065 | S35: =$R35*'Discount Details'!Q34 -> 1839703.1 | T35: =Q35-S35 -> 0 | V35: ='Discount Details'!U34 -> 1808569.6 | W35: =Q35-V35 -> 31133.437 | X35: =S35-V35 -> 31133.437 | Z35: =VLOOKUP($I35, 'Discount Details'!$B$6:$N$58, 13, FALSE) -> 0.0639 | AA35: =P35-Z35 -> 0.0011 | AB35: =R35-Z35 -> 0.0011
B36: BP-24 LDD Table (GRSP Table B) | I36: ='Discount Details'!B35 -> 10256 | J36: ='Discount Details'!C35 -> Midstate Electric Coop. | K36: ='Discount Details'!D35 -> 6.6438138 | L36: ='Discount Details'!E35 -> 7.6278986 | M36: {=LOOKUP(2, 1/((K36 >= $C$8:$C$20) * (K36 <= $D$8:$D$20)), $B$8:$B$20)} -> 0.05 | N36: {=LOOKUP(2, 1/((L36 >= $E$8:$E$20) * (L36 <= $F$8:$F$20)), $B$8:$B$20)} -> 0.025 | O36: ='Discount Details'!I35 -> 0 | P36: =M36+N36+O36 -> 0.075 | Q36: =$P36*'Discount Details'!Q35 -> 1121029.2 | R36: =MIN(P36, $S$2) -> 0.075 | S36: =$R36*'Discount Details'!Q35 -> 1121029.2 | T36: =Q36-S36 -> 0 | V36: ='Discount Details'!U35 -> 1197109.8 | W36: =Q36-V36 -> -76080.518 | X36: =S36-V36 -> -76080.518 | Z36: =VLOOKUP($I36, 'Discount Details'!$B$6:$N$58, 13, FALSE) -> 0.08009 | AA36: =P36-Z36 -> -0.00509 | AB36: =R36-Z36 -> -0.00509
B37: Percentage Discount | C37: K/I Min | D37: K/I Max | E37: C/M Min | F37: C/M Max | I37: ='Discount Details'!B36 -> 10258 | J37: ='Discount Details'!C36 -> Mission Valley Power | K37: ='Discount Details'!D36 -> 10.012789 | L37: ='Discount Details'!E36 -> 10.017283 | M37: {=LOOKUP(2, 1/((K37 >= $C$8:$C$20) * (K37 <= $D$8:$D$20)), $B$8:$B$20)} -> 0.045 | N37: {=LOOKUP(2, 1/((L37 >= $E$8:$E$20) * (L37 <= $F$8:$F$20)), $B$8:$B$20)} -> 0.01 | O37: ='Discount Details'!I36 -> 0 | P37: =M37+N37+O37 -> 0.055 | Q37: =$P37*'Discount Details'!Q36 -> 697453.59 | R37: =MIN(P37, $S$2) -> 0.055 | S37: =$R37*'Discount Details'!Q36 -> 697453.59 | T37: =Q37-S37 -> 0 | V37: ='Discount Details'!U36 -> 688450.1 | W37: =Q37-V37 -> 9003.4918 | X37: =S37-V37 -> 9003.4918 | Z37: =VLOOKUP($I37, 'Discount Details'!$B$6:$N$58, 13, FALSE) -> 0.05429 | AA37: =P37-Z37 -> 0.00071 | AB37: =R37-Z37 -> 0.00071
B38: 0 | C38: =D39 -> 35 | E38: =F39 -> 12 | I38: ='Discount Details'!B37 -> 10259 | J38: ='Discount Details'!C37 -> Missoula Electric Coop. | K38: ='Discount Details'!D37 -> 4.7421049 | L38: ='Discount Details'!E37 -> 7.9613861 | M38: {=LOOKUP(2, 1/((K38 >= $C$8:$C$20) * (K38 <= $D$8:$D$20)), $B$8:$B$20)} -> 0.055 | N38: {=LOOKUP(2, 1/((L38 >= $E$8:$E$20) * (L38 <= $F$8:$F$20)), $B$8:$B$20)} -> 0.025 | O38: ='Discount Details'!I37 -> 0 | P38: =M38+N38+O38 -> 0.08 | Q38: =$P38*'Discount Details'!Q37 -> 702708.49 | R38: =MIN(P38, $S$2) -> 0.08 | S38: =$R38*'Discount Details'!Q37 -> 702708.49 | T38: =Q38-S38 -> 0 | V38: ='Discount Details'!U37 -> 708154.48 | W38: =Q38-V38 -> -5445.9908 | X38: =S38-V38 -> -5445.9908 | Z38: =VLOOKUP($I38, 'Discount Details'!$B$6:$N$58, 13, FALSE) -> 0.08062 | AA38: =P38-Z38 -> -0.00062 | AB38: =R38-Z38 -> -0.00062
B39: 0.005 | C39: =D40 -> 31.5 | D39: 35 | E39: =F40 -> 10.8 | F39: 12 | I39: ='Discount Details'!B38 -> 10273 | J39: ='Discount Details'!C38 -> Nespelem Valley Electric | K39: ='Discount Details'!D38 -> 11.554644 | L39: ='Discount Details'!E38 -> 3.631829 | M39: {=LOOKUP(2, 1/((K39 >= $C$8:$C$20) * (K39 <= $D$8:$D$20)), $B$8:$B$20)} -> 0.045 | N39: {=LOOKUP(2, 1/((L39 >= $E$8:$E$20) * (L39 <= $F$8:$F$20)), $B$8:$B$20)} -> 0.045 | O39: ='Discount Details'!I38 -> 0 | P39: =M39+N39+O39 -> 0.09 | Q39: =$P39*'Discount Details'!Q38 -> 182893.51 | R39: =MIN(P39, $S$2) -> 0.08 | S39: =$R39*'Discount Details'!Q38 -> 162572.01 | T39: =Q39-S39 -> 20321.501 | V39: ='Discount Details'!U38 -> 195553.81 | W39: =Q39-V39 -> -12660.295 | X39: =S39-V39 -> -32981.796 | Z39: =VLOOKUP($I39, 'Discount Details'!$B$6:$N$58, 13, FALSE) -> 0.09623 | AA39: =P39-Z39 -> -0.00623 | AB39: =R39-Z39 -> -0.01623
B40: 0.01 | C40: =D41 -> 28 | D40: 31.5 | E40: =F41 -> 9.6 | F40: 10.8 | I40: ='Discount Details'!B39 -> 10278 | J40: ='Discount Details'!C39 -> Northern Lights | K40: ='Discount Details'!D39 -> 5.0461082 | L40: ='Discount Details'!E39 -> 7.8339124 | M40: {=LOOKUP(2, 1/((K40 >= $C$8:$C$20) * (K40 <= $D$8:$D$20)), $B$8:$B$20)} -> 0.055 | N40: {=LOOKUP(2, 1/((L40 >= $E$8:$E$20) * (L40 <= $F$8:$F$20)), $B$8:$B$20)} -> 0.025 | O40: ='Discount Details'!I39 -> 0 | P40: =M40+N40+O40 -> 0.08 | Q40: =$P40*'Discount Details'!Q39 -> 925380.56 | R40: =MIN(P40, $S$2) -> 0.08 | S40: =$R40*'Discount Details'!Q39 -> 925380.56 | T40: =Q40-S40 -> 0 | V40: ='Discount Details'!U39 -> 827290.22 | W40: =Q40-V40 -> 98090.339 | X40: =S40-V40 -> 98090.339 | Z40: =VLOOKUP($I40, 'Discount Details'!$B$6:$N$58, 13, FALSE) -> 0.07152 | AA40: =P40-Z40 -> 0.00848 | AB40: =R40-Z40 -> 0.00848
B41: 0.015 | C41: =D42 -> 24.5 | D41: 28 | E41: =F42 -> 8.4 | F41: 9.6 | I41: ='Discount Details'!B40 -> 10284 | J41: ='Discount Details'!C40 -> Ohop Mutual Light | K41: ='Discount Details'!D40 -> 8.7650848 | L41: ='Discount Details'!E40 -> 10.168122 | M41: {=LOOKUP(2, 1/((K41 >= $C$8:$C$20) * (K41 <= $D$8:$D$20)), $B$8:$B$20)} -> 0.05 | N41: {=LOOKUP(2, 1/((L41 >= $E$8:$E$20) * (L41 <= $F$8:$F$20)), $B$8:$B$20)} -> 0.01 | O41: ='Discount Details'!I40 -> 0 | P41: =M41+N41+O41 -> 0.06 | Q41: =$P41*'Discount Details'!Q40 -> 198271.8 | R41: =MIN(P41, $S$2) -> 0.06 | S41: =$R41*'Discount Details'!Q40 -> 198271.8 | T41: =Q41-S41 -> 0 | V41: ='Discount Details'!U40 -> 176461.9 | W41: =Q41-V41 -> 21809.898 | X41: =S41-V41 -> 21809.898 | Z41: =VLOOKUP($I41, 'Discount Details'!$B$6:$N$58, 13, FALSE) -> 0.0534 | AA41: =P41-Z41 -> 0.0066 | AB41: =R41-Z41 -> 0.0066
B42: 0.02 | C42: =D43 -> 21 | D42: 24.5 | E42: =F43 -> 7.2 | F42: 8.4 | I42: ='Discount Details'!B41 -> 10285 | J42: ='Discount Details'!C41 -> Okanogan County | K42: ='Discount Details'!D41 -> 6.8162112 | L42: ='Discount Details'!E41 -> 8.0066079 | M42: {=LOOKUP(2, 1/((K42 >= $C$8:$C$20) * (K42 <= $D$8:$D$20)), $B$8:$B$20)} -> 0.05 | N42: {=LOOKUP(2, 1/((L42 >= $E$8:$E$20) * (L42 <= $F$8:$F$20)), $B$8:$B$20)} -> 0.02 | O42: ='Discount Details'!I41 -> 0 | P42: =M42+N42+O42 -> 0.07 | Q42: =$P42*'Discount Details'!Q41 -> 147137.15 | R42: =MIN(P42, $S$2) -> 0.07 | S42: =$R42*'Discount Details'!Q41 -> 147137.15 | T42: =Q42-S42 -> 0 | V42: ='Discount Details'!U41 -> 162859.8 | W42: =Q42-V42 -> -15722.655 | X42: =S42-V42 -> -15722.655 | Z42: =VLOOKUP($I42, 'Discount Details'!$B$6:$N$58, 13, FALSE) -> 0.07748 | AA42: =P42-Z42 -> -0.00748 | AB42: =R42-Z42 -> -0.00748
B43: 0.025 | C43: =D44 -> 17.5 | D43: 21 | E43: =F44 -> 6 | F43: 7.2 | I43: ='Discount Details'!B42 -> 10288 | J43: ='Discount Details'!C42 -> Orcas Power & Light | K43: ='Discount Details'!D42 -> 2.3904525 | L43: ='Discount Details'!E42 -> 10.620741 | M43: {=LOOKUP(2, 1/((K43 >= $C$8:$C$20) * (K43 <= $D$8:$D$20)), $B$8:$B$20)} -> 0.06 | N43: {=LOOKUP(2, 1/((L43 >= $E$8:$E$20) * (L43 <= $F$8:$F$20)), $B$8:$B$20)} -> 0.01 | O43: ='Discount Details'!I42 -> 0 | P43: =M43+N43+O43 -> 0.07 | Q43: =$P43*'Discount Details'!Q42 -> 554688.15 | R43: =MIN(P43, $S$2) -> 0.07 | S43: =$R43*'Discount Details'!Q42 -> 554688.15 | T43: =Q43-S43 -> 0 | V43: ='Discount Details'!U42 -> 475446.98 | W43: =Q43-V43 -> 79241.164 | X43: =S43-V43 -> 79241.164 | Z43: =VLOOKUP($I43, 'Discount Details'!$B$6:$N$58, 13, FALSE) -> 0.06 | AA43: =P43-Z43 -> 0.01 | AB43: =R43-Z43 -> 0.01
B44: 0.03 | C44: =D45 -> 14 | D44: 17.5 | E44: =F45 -> 4.8 | F44: 6 | I44: ='Discount Details'!B43 -> 10291 | J44: ='Discount Details'!C43 -> Oregon Trail Electric Coop. | K44: ='Discount Details'!D43 -> 6.8408638 | L44: ='Discount Details'!E43 -> 11.235883 | M44: {=LOOKUP(2, 1/((K44 >= $C$8:$C$20) * (K44 <= $D$8:$D$20)), $B$8:$B$20)} -> 0.05 | N44: {=LOOKUP(2, 1/((L44 >= $E$8:$E$20) * (L44 <= $F$8:$F$20)), $B$8:$B$20)} -> 0.005 | O44: ='Discount Details'!I43 -> 0 | P44: =M44+N44+O44 -> 0.055 | Q44: =$P44*'Discount Details'!Q43 -> 1371727.2 | R44: =MIN(P44, $S$2) -> 0.055 | S44: =$R44*'Discount Details'!Q43 -> 1371727.2 | T44: =Q44-S44 -> 0 | V44: ='Discount Details'!U43 -> 1247024.8 | W44: =Q44-V44 -> 124702.48 | X44: =S44-V44 -> 124702.48 | Z44: =VLOOKUP($I44, 'Discount Details'!$B$6:$N$58, 13, FALSE) -> 0.05 | AA44: =P44-Z44 -> 0.005 | AB44: =R44-Z44 -> 0.005
B45: 0.035 | C45: =D46 -> 10.5 | D45: 14 | E45: =F46 -> 3.6 | F45: 4.8 | I45: ='Discount Details'!B44 -> 10331 | J45: ='Discount Details'!C44 -> Raft River Electric | K45: ='Discount Details'!D44 -> 7.0858545 | L45: ='Discount Details'!E44 -> 2.5455868 | M45: {=LOOKUP(2, 1/((K45 >= $C$8:$C$20) * (K45 <= $D$8:$D$20)), $B$8:$B$20)} -> 0.05 | N45: {=LOOKUP(2, 1/((L45 >= $E$8:$E$20) * (L45 <= $F$8:$F$20)), $B$8:$B$20)} -> 0.05 | O45: ='Discount Details'!I44 -> 0.005 | P45: =M45+N45+O45 -> 0.105 | Q45: =$P45*'Discount Details'!Q44 -> 1195364.5 | R45: =MIN(P45, $S$2) -> 0.08 | S45: =$R45*'Discount Details'!Q44 -> 910753.9 | T45: =Q45-S45 -> 284610.6 | V45: ='Discount Details'!U44 -> 796909.67 | W45: =Q45-V45 -> 398454.83 | X45: =S45-V45 -> 113844.24 | Z45: =VLOOKUP($I45, 'Discount Details'!$B$6:$N$58, 13, FALSE) -> 0.07 | AA45: =P45-Z45 -> 0.035 | AB45: =R45-Z45 -> 0.01
B46: 0.04 | C46: =D47 -> 7 | D46: 10.5 | E46: =F47 -> 2.4 | F46: 3.6 | I46: ='Discount Details'!B45 -> 10333 | J46: ='Discount Details'!C45 -> Ravalli Electric Coop. | K46: ='Discount Details'!D45 -> 5.3709514 | L46: ='Discount Details'!E45 -> 8.795949 | M46: {=LOOKUP(2, 1/((K46 >= $C$8:$C$20) * (K46 <= $D$8:$D$20)), $B$8:$B$20)} -> 0.055 | N46: {=LOOKUP(2, 1/((L46 >= $E$8:$E$20) * (L46 <= $F$8:$F$20)), $B$8:$B$20)} -> 0.02 | O46: ='Discount Details'!I45 -> 0 | P46: =M46+N46+O46 -> 0.075 | Q46: =$P46*'Discount Details'!Q45 -> 447084.2 | R46: =MIN(P46, $S$2) -> 0.075 | S46: =$R46*'Discount Details'!Q45 -> 447084.2 | T46: =Q46-S46 -> 0 | V46: ='Discount Details'!U45 -> 421153.32 | W46: =Q46-V46 -> 25930.884 | X46: =S46-V46 -> 25930.884 | Z46: =VLOOKUP($I46, 'Discount Details'!$B$6:$N$58, 13, FALSE) -> 0.07065 | AA46: =P46-Z46 -> 0.00435 | AB46: =R46-Z46 -> 0.00435
B47: 0.045 | C47: =D48 -> 3.5 | D47: 7 | E47: =F48 -> 1.2 | F47: 2.4 | I47: ='Discount Details'!B46 -> 10338 | J47: ='Discount Details'!C46 -> Riverside Electric Co. | K47: ='Discount Details'!D46 -> 33.398769 | L47: ='Discount Details'!E46 -> 6.8651685 | M47: {=LOOKUP(2, 1/((K47 >= $C$8:$C$20) * (K47 <= $D$8:$D$20)), $B$8:$B$20)} -> 0.005 | N47: {=LOOKUP(2, 1/((L47 >= $E$8:$E$20) * (L47 <= $F$8:$F$20)), $B$8:$B$20)} -> 0.03 | O47: ='Discount Details'!I46 -> 0 | P47: =M47+N47+O47 -> 0.035 | Q47: =$P47*'Discount Details'!Q46 -> 25649.696 | R47: =MIN(P47, $S$2) -> 0.035 | S47: =$R47*'Discount Details'!Q46 -> 25649.696 | T47: =Q47-S47 -> 0 | V47: ='Discount Details'!U46 -> 25525.112 | W47: =Q47-V47 -> 124.58424 | X47: =S47-V47 -> 124.58424 | Z47: =VLOOKUP($I47, 'Discount Details'!$B$6:$N$58, 13, FALSE) -> 0.03483 | AA47: =P47-Z47 -> 0.00017 | AB47: =R47-Z47 -> 0.00017
B48: 0.05 | C48: 0 | D48: 3.5 | E48: 0 | F48: 1.2 | I48: ='Discount Details'!B47 -> 10343 | J48: ='Discount Details'!C47 -> Salmon River Electric | K48: ='Discount Details'!D47 -> 8.3169332 | L48: ='Discount Details'!E47 -> 4.1208791 | M48: {=LOOKUP(2, 1/((K48 >= $C$8:$C$20) * (K48 <= $D$8:$D$20)), $B$8:$B$20)} -> 0.05 | N48: {=LOOKUP(2, 1/((L48 >= $E$8:$E$20) * (L48 <= $F$8:$F$20)), $B$8:$B$20)} -> 0.04 | O48: ='Discount Details'!I47 -> 0 | P48: =M48+N48+O48 -> 0.09 | Q48: =$P48*'Discount Details'!Q47 -> 314386.8 | R48: =MIN(P48, $S$2) -> 0.08 | S48: =$R48*'Discount Details'!Q47 -> 279454.93 | T48: =Q48-S48 -> 34931.866 | V48: ='Discount Details'!U47 -> 244523.06 | W48: =Q48-V48 -> 69863.733 | X48: =S48-V48 -> 34931.866 | Z48: =VLOOKUP($I48, 'Discount Details'!$B$6:$N$58, 13, FALSE) -> 0.07 | AA48: =P48-Z48 -> 0.02 | AB48: =R48-Z48 -> 0.01
I49: ='Discount Details'!B48 -> 10352 | J49: ='Discount Details'!C48 -> Skamania County PUD | K49: ='Discount Details'!D48 -> 4.1815388 | L49: ='Discount Details'!E48 -> 11.924866 | M49: {=LOOKUP(2, 1/((K49 >= $C$8:$C$20) * (K49 <= $D$8:$D$20)), $B$8:$B$20)} -> 0.055 | N49: {=LOOKUP(2, 1/((L49 >= $E$8:$E$20) * (L49 <= $F$8:$F$20)), $B$8:$B$20)} -> 0.005 | O49: ='Discount Details'!I48 -> 0 | P49: =M49+N49+O49 -> 0.06 | Q49: =$P49*'Discount Details'!Q48 -> 304215.38 | R49: =MIN(P49, $S$2) -> 0.06 | S49: =$R49*'Discount Details'!Q48 -> 304215.38 | T49: =Q49-S49 -> 0 | V49: ='Discount Details'!U48 -> 253512.82 | W49: =Q49-V49 -> 50702.564 | X49: =S49-V49 -> 50702.564 | Z49: =VLOOKUP($I49, 'Discount Details'!$B$6:$N$58, 13, FALSE) -> 0.05 | AA49: =P49-Z49 -> 0.01 | AB49: =R49-Z49 -> 0.01
I50: ='Discount Details'!B49 -> 10360 | J50: ='Discount Details'!C49 -> South Side Electric | K50: ='Discount Details'!D49 -> 16.077496 | L50: ='Discount Details'!E49 -> 5.8219178 | M50: {=LOOKUP(2, 1/((K50 >= $C$8:$C$20) * (K50 <= $D$8:$D$20)), $B$8:$B$20)} -> 0.035 | N50: {=LOOKUP(2, 1/((L50 >= $E$8:$E$20) * (L50 <= $F$8:$F$20)), $B$8:$B$20)} -> 0.035 | O50: ='Discount Details'!I49 -> 0 | P50: =M50+N50+O50 -> 0.07 | Q50: =$P50*'Discount Details'!Q49 -> 145023.77 | R50: =MIN(P50, $S$2) -> 0.07 | S50: =$R50*'Discount Details'!Q49 -> 145023.77 | T50: =Q50-S50 -> 0 | V50: ='Discount Details'!U49 -> 140797.36 | W50: =Q50-V50 -> 4226.407 | X50: =S50-V50 -> 4226.407 | Z50: =VLOOKUP($I50, 'Discount Details'!$B$6:$N$58, 13, FALSE) -> 0.06796 | AA50: =P50-Z50 -> 0.00204 | AB50: =R50-Z50 -> 0.00204
I51: ='Discount Details'!B50 -> 10369 | J51: ='Discount Details'!C50 -> Surprise Valley Electric | K51: ='Discount Details'!D50 -> 4.7751032 | L51: ='Discount Details'!E50 -> 2.9154746 | M51: {=LOOKUP(2, 1/((K51 >= $C$8:$C$20) * (K51 <= $D$8:$D$20)), $B$8:$B$20)} -> 0.055 | N51: {=LOOKUP(2, 1/((L51 >= $E$8:$E$20) * (L51 <= $F$8:$F$20)), $B$8:$B$20)} -> 0.05 | O51: ='Discount Details'!I50 -> 0.005 | P51: =M51+N51+O51 -> 0.11 | Q51: =$P51*'Discount Details'!Q50 -> 582455.63 | R51: =MIN(P51, $S$2) -> 0.08 | S51: =$R51*'Discount Details'!Q50 -> 423604.09 | T51: =Q51-S51 -> 158851.53 | V51: ='Discount Details'!U50 -> 414549.55 | W51: =Q51-V51 -> 167906.07 | X51: =S51-V51 -> 9054.5374 | Z51: =VLOOKUP($I51, 'Discount Details'!$B$6:$N$58, 13, FALSE) -> 0.07829 | AA51: =P51-Z51 -> 0.03171 | AB51: =R51-Z51 -> 0.00171
I52: ='Discount Details'!B51 -> 10388 | J52: ='Discount Details'!C51 -> Umatilla Electric | K52: ='Discount Details'!D51 -> 28.393428 | L52: ='Discount Details'!E51 -> 7.3340848 | M52: {=LOOKUP(2, 1/((K52 >= $C$8:$C$20) * (K52 <= $D$8:$D$20)), $B$8:$B$20)} -> 0.015 | N52: {=LOOKUP(2, 1/((L52 >= $E$8:$E$20) * (L52 <= $F$8:$F$20)), $B$8:$B$20)} -> 0.025 | O52: ='Discount Details'!I51 -> 0 | P52: =M52+N52+O52 -> 0.04 | Q52: =$P52*'Discount Details'!Q51 -> 1374818.5 | R52: =MIN(P52, $S$2) -> 0.04 | S52: =$R52*'Discount Details'!Q51 -> 1374818.5 | T52: =Q52-S52 -> 0 | V52: ='Discount Details'!U51 -> 2020295.7 | W52: =Q52-V52 -> -645477.27 | X52: =S52-V52 -> -645477.27 | Z52: =VLOOKUP($I52, 'Discount Details'!$B$6:$N$58, 13, FALSE) -> 0.05878 | AA52: =P52-Z52 -> -0.01878 | AB52: =R52-Z52 -> -0.01878
I53: ='Discount Details'!B52 -> 10391 | J53: ='Discount Details'!C52 -> United | K53: ='Discount Details'!D52 -> 18.219909 | L53: ='Discount Details'!E52 -> 11.878089 | M53: {=LOOKUP(2, 1/((K53 >= $C$8:$C$20) * (K53 <= $D$8:$D$20)), $B$8:$B$20)} -> 0.03 | N53: {=LOOKUP(2, 1/((L53 >= $E$8:$E$20) * (L53 <= $F$8:$F$20)), $B$8:$B$20)} -> 0.005 | O53: ='Discount Details'!I52 -> 0 | P53: =M53+N53+O53 -> 0.035 | Q53: =$P53*'Discount Details'!Q52 -> 324138.13 | R53: =MIN(P53, $S$2) -> 0.035 | S53: =$R53*'Discount Details'!Q52 -> 324138.13 | T53: =Q53-S53 -> 0 | V53: ='Discount Details'!U52 -> 352662.29 | W53: =Q53-V53 -> -28524.156 | X53: =S53-V53 -> -28524.156 | Z53: =VLOOKUP($I53, 'Discount Details'!$B$6:$N$58, 13, FALSE) -> 0.03808 | AA53: =P53-Z53 -> -0.00308 | AB53: =R53-Z53 -> -0.00308
I54: ='Discount Details'!B53 -> 10436 | J54: ='Discount Details'!C53 -> Vigilante Electric Coop. | K54: ='Discount Details'!D53 -> 6.6361522 | L54: ='Discount Details'!E53 -> 4.082838 | M54: {=LOOKUP(2, 1/((K54 >= $C$8:$C$20) * (K54 <= $D$8:$D$20)), $B$8:$B$20)} -> 0.05 | N54: {=LOOKUP(2, 1/((L54 >= $E$8:$E$20) * (L54 <= $F$8:$F$20)), $B$8:$B$20)} -> 0.04 | O54: ='Discount Details'!I53 -> 0 | P54: =M54+N54+O54 -> 0.09 | Q54: =$P54*'Discount Details'!Q53 -> 535539.16 | R54: =MIN(P54, $S$2) -> 0.08 | S54: =$R54*'Discount Details'!Q53 -> 476034.81 | T54: =Q54-S54 -> 59504.351 | V54: ='Discount Details'!U53 -> 541489.6 | W54: =Q54-V54 -> -5950.4351 | X54: =S54-V54 -> -65454.786 | Z54: =VLOOKUP($I54, 'Discount Details'!$B$6:$N$58, 13, FALSE) -> 0.091 | AA54: =P54-Z54 -> -0.001 | AB54: =R54-Z54 -> -0.011
I55: ='Discount Details'!B54 -> 10440 | J55: ='Discount Details'!C54 -> Wahkiakum County PUD | K55: ='Discount Details'!D54 -> 4.3866103 | L55: ='Discount Details'!E54 -> 10.503876 | M55: {=LOOKUP(2, 1/((K55 >= $C$8:$C$20) * (K55 <= $D$8:$D$20)), $B$8:$B$20)} -> 0.055 | N55: {=LOOKUP(2, 1/((L55 >= $E$8:$E$20) * (L55 <= $F$8:$F$20)), $B$8:$B$20)} -> 0.01 | O55: ='Discount Details'!I54 -> 0 | P55: =M55+N55+O55 -> 0.065 | Q55: =$P55*'Discount Details'!Q54 -> 100143.99 | R55: =MIN(P55, $S$2) -> 0.065 | S55: =$R55*'Discount Details'!Q54 -> 100143.99 | T55: =Q55-S55 -> 0 | V55: ='Discount Details'!U54 -> 88912.459 | W55: =Q55-V55 -> 11231.534 | X55: =S55-V55 -> 11231.534 | Z55: =VLOOKUP($I55, 'Discount Details'!$B$6:$N$58, 13, FALSE) -> 0.05771 | AA55: =P55-Z55 -> 0.00729 | AB55: =R55-Z55 -> 0.00729
I56: ='Discount Details'!B55 -> 10442 | J56: ='Discount Details'!C55 -> Wasco Electric Coop. | K56: ='Discount Details'!D55 -> 3.8363764 | L56: ='Discount Details'!E55 -> 2.9354037 | M56: {=LOOKUP(2, 1/((K56 >= $C$8:$C$20) * (K56 <= $D$8:$D$20)), $B$8:$B$20)} -> 0.055 | N56: {=LOOKUP(2, 1/((L56 >= $E$8:$E$20) * (L56 <= $F$8:$F$20)), $B$8:$B$20)} -> 0.05 | O56: ='Discount Details'!I55 -> 0.005 | P56: =M56+N56+O56 -> 0.11 | Q56: =$P56*'Discount Details'!Q55 -> 453970.15 | R56: =MIN(P56, $S$2) -> 0.08 | S56: =$R56*'Discount Details'!Q55 -> 330160.11 | T56: =Q56-S56 -> 123810.04 | V56: ='Discount Details'!U55 -> 288890.09 | W56: =Q56-V56 -> 165080.05 | X56: =S56-V56 -> 41270.013 | Z56: =VLOOKUP($I56, 'Discount Details'!$B$6:$N$58, 13, FALSE) -> 0.07 | AA56: =P56-Z56 -> 0.04 | AB56: =R56-Z56 -> 0.01
I57: ='Discount Details'!B56 -> 10446 | J57: ='Discount Details'!C56 -> Wells Rural Electric Co. | K57: ='Discount Details'!D56 -> 19.721393 | L57: ='Discount Details'!E56 -> 3.1468373 | M57: {=LOOKUP(2, 1/((K57 >= $C$8:$C$20) * (K57 <= $D$8:$D$20)), $B$8:$B$20)} -> 0.03 | N57: {=LOOKUP(2, 1/((L57 >= $E$8:$E$20) * (L57 <= $F$8:$F$20)), $B$8:$B$20)} -> 0.045 | O57: ='Discount Details'!I56 -> 0 | P57: =M57+N57+O57 -> 0.075 | Q57: =$P57*'Discount Details'!Q56 -> 2148235.4 | R57: =MIN(P57, $S$2) -> 0.075 | S57: =$R57*'Discount Details'!Q56 -> 2148235.4 | T57: =Q57-S57 -> 0 | V57: ='Discount Details'!U56 -> 1885864.3 | W57: =Q57-V57 -> 262371.15 | X57: =S57-V57 -> 262371.15 | Z57: =VLOOKUP($I57, 'Discount Details'!$B$6:$N$58, 13, FALSE) -> 0.06584 | AA57: =P57-Z57 -> 0.00916 | AB57: =R57-Z57 -> 0.00916
I58: ='Discount Details'!B57 -> 10448 | J58: ='Discount Details'!C57 -> West Oregon Electric | K58: ='Discount Details'!D57 -> 2.3434312 | L58: ='Discount Details'!E57 -> 7.1359375 | M58: {=LOOKUP(2, 1/((K58 >= $C$8:$C$20) * (K58 <= $D$8:$D$20)), $B$8:$B$20)} -> 0.06 | N58: {=LOOKUP(2, 1/((L58 >= $E$8:$E$20) * (L58 <= $F$8:$F$20)), $B$8:$B$20)} -> 0.025 | O58: ='Discount Details'!I57 -> 0 | P58: =M58+N58+O58 -> 0.085 | Q58: =$P58*'Discount Details'!Q57 -> 225523.15 | R58: =MIN(P58, $S$2) -> 0.08 | S58: =$R58*'Discount Details'!Q57 -> 212257.08 | T58: =Q58-S58 -> 13266.067 | V58: ='Discount Details'!U57 -> 185724.94 | W58: =Q58-V58 -> 39798.202 | X58: =S58-V58 -> 26532.135 | Z58: =VLOOKUP($I58, 'Discount Details'!$B$6:$N$58, 13, FALSE) -> 0.07 | AA58: =P58-Z58 -> 0.015 | AB58: =R58-Z58 -> 0.01
I59: ='Discount Details'!B58 -> 10502 | J59: ='Discount Details'!C58 -> Yakama Power | K59: ='Discount Details'!D58 -> 3.6895777 | L59: ='Discount Details'!E58 -> 4.2549858 | M59: {=LOOKUP(2, 1/((K59 >= $C$8:$C$20) * (K59 <= $D$8:$D$20)), $B$8:$B$20)} -> 0.055 | N59: {=LOOKUP(2, 1/((L59 >= $E$8:$E$20) * (L59 <= $F$8:$F$20)), $B$8:$B$20)} -> 0.04 | O59: ='Discount Details'!I58 -> 0 | P59: =M59+N59+O59 -> 0.095 | Q59: =$P59*'Discount Details'!Q58 -> 555034.56 | R59: =MIN(P59, $S$2) -> 0.08 | S59: =$R59*'Discount Details'!Q58 -> 467397.52 | T59: =Q59-S59 -> 87637.035 | V59: ='Discount Details'!U58 -> 408972.83 | W59: =Q59-V59 -> 146061.73 | X59: =S59-V59 -> 58424.69 | Z59: =VLOOKUP($I59, 'Discount Details'!$B$6:$N$58, 13, FALSE) -> 0.07 | AA59: =P59-Z59 -> 0.025 | AB59: =R59-Z59 -> 0.01
I61: SUMMARY STATISTICS | K61: Killowatthour/ Investment Ratio | L61: Consumers/ Mile of Line Ratio | M61: K/I % | N61: C/M % | O61: Very Low Density Adjustment | P61: Eligible LDD Before Cap | Q61: $ | R61: Eligible LDD with After Cap | S61: $ | T61: Δ Uncapped and Capped | V61: STATUS QUO Applicable LDD $ | W61: Before Cap to Status Quo | X61: After Cap to Status Quo | Z61: STATUS QUO Applicable LDD % | AA61: Before Cap Percentage Difference | AB61: After Cap Percentage Difference
J62: Average | K62: =AVERAGE(K7:K59) -> 9.2952949 | L62: =AVERAGE(L7:L59) -> 6.8134844 | M62: =AVERAGE(M7:M59) -> 0.047358491 | N62: =AVERAGE(N7:N59) -> 0.028584906 | O62: =AVERAGE(O7:O59) -> 0.00056603774 | P62: =AVERAGE(P7:P59) -> 0.076509434 | Q62: =AVERAGE(Q7:Q59) -> 741477.71 | R62: =AVERAGE(R7:R59) -> 0.07009434 | ... T62: =AVERAGE(T7:T59) -> 36908.135 | V62: =AVERAGE(V7:V59) -> 686366.91 | W62: =AVERAGE(W7:W59) -> 55110.804 | X62: =AVERAGE(X7:X59) -> 18202.669 | Y62: =AVERAGE(Y7:Y59) -> #DIV/0! | Z62: =AVERAGE(Z7:Z59) -> 0.068551321 | AA62: =AVERAGE(AA7:AA59) -> 0.0079581132 | AB62: =AVERAGE(AB7:AB59) -> 0.0015430189
J63: Median | K63: =MEDIAN(K7:K59) -> 6.6361522 | L63: =MEDIAN(L7:L59) -> 6.958292 | M63: =MEDIAN(M7:M59) -> 0.05 | N63: =MEDIAN(N7:N59) -> 0.03 | O63: =MEDIAN(O7:O59) -> 0 | P63: =MEDIAN(P7:P59) -> 0.08 | Q63: =MEDIAN(Q7:Q59) -> 554688.15 | R63: =MEDIAN(R7:R59) -> 0.08 | ... T63: =MEDIAN(T7:T59) -> 0 | V63: =MEDIAN(V7:V59) -> 453673.57 | W63: =MEDIAN(W7:W59) -> 40392.186 | X63: =MEDIAN(X7:X59) -> 11231.534 | Y63: =MEDIAN(Y7:Y59) -> #NUM! | Z63: =MEDIAN(Z7:Z59) -> 0.07 | AA63: =MEDIAN(AA7:AA59) -> 0.00848 | AB63: =MEDIAN(AB7:AB59) -> 0.00245
J64: P10 | K64: =PERCENTILE(K7:K59,0.1) -> 3.7189374 | L64: =PERCENTILE(L7:L59,0.1) -> 2.9776905 | M64: =PERCENTILE(M7:M59,0.1) -> 0.031 | N64: =PERCENTILE(N7:N59,0.1) -> 0.01 | O64: =PERCENTILE(O7:O59,0.1) -> 0 | P64: =PERCENTILE(P7:P59,0.1) -> 0.043 | Q64: =PERCENTILE(Q7:Q59,0.1) -> 125957.85 | R64: =PERCENTILE(R7:R59,0.1) -> 0.043 | ... T64: =PERCENTILE(T7:T59,0.1) -> 0 | V64: =PERCENTILE(V7:V59,0.1) -> 99289.439 | W64: =PERCENTILE(W7:W59,0.1) -> -26349.794 | X64: =PERCENTILE(X7:X59,0.1) -> -50270.557 | Y64: =PERCENTILE(Y7:Y59,0.1) -> #NUM! | Z64: =PERCENTILE(Z7:Z59,0.1) -> 0.05 | AA64: =PERCENTILE(AA7:AA59,0.1) -> -0.00507 | AB64: =PERCENTILE(AB7:AB59,0.1) -> -0.008712
J65: P90 | K65: =PERCENTILE(K7:K59,0.9) -> 17.791427 | L65: =PERCENTILE(L7:L59,0.9) -> 10.822593 | M65: =PERCENTILE(M7:M59,0.9) -> 0.055 | N65: =PERCENTILE(N7:N59,0.9) -> 0.049 | O65: =PERCENTILE(O7:O59,0.9) -> 0.004 | P65: =PERCENTILE(P7:P59,0.9) -> 0.1 | Q65: =PERCENTILE(Q7:Q59,0.9) -> 1563942.8 | R65: =PERCENTILE(R7:R59,0.9) -> 0.08 | ... T65: =PERCENTILE(T7:T59,0.9) -> 147771.31 | V65: =PERCENTILE(V7:V59,0.9) -> 1518546.6 | W65: =PERCENTILE(W7:W59,0.9) -> 185109.84 | X65: =PERCENTILE(X7:X59,0.9) -> 126664.09 | Y65: =PERCENTILE(Y7:Y59,0.9) -> #NUM! | Z65: =PERCENTILE(Z7:Z59,0.9) -> 0.085622 | AA65: =PERCENTILE(AA7:AA59,0.9) -> 0.024838 | AB65: =PERCENTILE(AB7:AB59,0.9) -> 0.01

Sheet LDD Alt 2
R2: cap: | S2: 0.07
V3: =SUM(V5:V59) -> 36377446
Q5: =SUM(Q7:Q59) -> 44981929 | S5: =SUM(S7:S59) -> 36317677 | V5: APPLICABLE LDD COMPARISON (Current Application)
B6: Protential LDD Table (GRSP Table B) | I6: BESID | J6: Preference Customer Name | K6: Killowatthour/ Investment Ratio | L6: Consumers/ Mile of Line Ratio | M6: K/I % | N6: C/M % | O6: Very Low Density Adjustment | P6: Eligible LDD Before Cap | Q6: $ | R6: Eligible LDD with After Cap | S6: $ | T6: Δ Uncapped and Capped | V6: STATUS QUO Applicable LDD $ | W6: Before Cap to Status Quo | X6: After Cap to Status Quo | Z6: STATUS QUO Applicable LDD % | AA6: Before Cap Percentage Difference | AB6: After Cap Percentage Difference
B7: Percentage Discount | C7: K/I Min | D7: K/I Max | E7: C/M Min | F7: C/M Max | I7: ='Discount Details'!B6 -> 10005 | J7: ='Discount Details'!C6 -> Alder Mutual Light | K7: ='Discount Details'!D6 -> 46.767851 | L7: ='Discount Details'!E6 -> 7.7894791 | M7: {=LOOKUP(2, 1/((K7 >= $C$8:$C$20) * (K7 <= $D$8:$D$20)), $B$8:$B$20)} -> 0 | N7: {=LOOKUP(2, 1/((L7 >= $E$8:$E$20) * (L7 <= $F$8:$F$20)), $B$8:$B$20)} -> 0.03 | O7: ='Discount Details'!I6 -> 0 | P7: =M7+N7+O7 -> 0.03 | Q7: =P7*'Discount Details'!Q6 -> 5256.5918 | R7: =MIN(P7, $S$2) -> 0.03 | S7: =R7*'Discount Details'!Q6 -> 5256.5918 | T7: =Q7-S7 -> 0 | V7: ='Discount Details'!U6 -> 4348.9536 | W7: =Q7-V7 -> 907.63818 | X7: =S7-V7 -> 907.63818 | Z7: ='Discount Details'!N6 -> 0.02482 | AA7: =P7-Z7 -> 0.00518 | AB7: =R7-Z7 -> 0.00518
B8: 0 | C8: =D9 -> 36 | D8: 100 | E8: =F9 -> 12 | I8: ='Discount Details'!B7 -> 10025 | J8: ='Discount Details'!C7 -> Benton Rural Elect. Assoc. | K8: ='Discount Details'!D7 -> 7.4648575 | L8: ='Discount Details'!E7 -> 8.8016667 | M8: {=LOOKUP(2, 1/((K8 >= $C$8:$C$20) * (K8 <= $D$8:$D$20)), $B$8:$B$20)} -> 0.055 | N8: {=LOOKUP(2, 1/((L8 >= $E$8:$E$20) * (L8 <= $F$8:$F$20)), $B$8:$B$20)} -> 0.025 | O8: ='Discount Details'!I7 -> 0 | P8: =M8+N8+O8 -> 0.08 | Q8: =P8*'Discount Details'!Q7 -> 1479771.7 | R8: =MIN(P8, $S$2) -> 0.07 | S8: =R8*'Discount Details'!Q7 -> 1294800.3 | T8: =Q8-S8 -> 184971.47 | V8: ='Discount Details'!U7 -> 1105389.5 | W8: =Q8-V8 -> 374382.25 | X8: =S8-V8 -> 189410.78 | Z8: ='Discount Details'!N7 -> 0.05976 | AA8: =P8-Z8 -> 0.02024 | AB8: =R8-Z8 -> 0.01024
B9: 0.005 | C9: =D10 -> 34.13 | D9: 36 | E9: =F10 -> 11.38 | F9: 12 | I9: ='Discount Details'!B8 -> 10027 | J9: ='Discount Details'!C8 -> Big Bend Electric Coop. | K9: ='Discount Details'!D8 -> 10.062278 | L9: ='Discount Details'!E8 -> 4.0188912 | M9: {=LOOKUP(2, 1/((K9 >= $C$8:$C$20) * (K9 <= $D$8:$D$20)), $B$8:$B$20)} -> 0.05 | N9: {=LOOKUP(2, 1/((L9 >= $E$8:$E$20) * (L9 <= $F$8:$F$20)), $B$8:$B$20)} -> 0.05 | O9: ='Discount Details'!I8 -> 0 | P9: =M9+N9+O9 -> 0.1 | Q9: =P9*'Discount Details'!Q8 -> 1870087.5 | R9: =MIN(P9, $S$2) -> 0.07 | S9: =R9*'Discount Details'!Q8 -> 1309061.3 | T9: =Q9-S9 -> 561026.26 | V9: ='Discount Details'!U8 -> 1450252.9 | W9: =Q9-V9 -> 419834.65 | X9: =S9-V9 -> -141191.61 | Z9: ='Discount Details'!N8 -> 0.07755 | AA9: =P9-Z9 -> 0.02245 | AB9: =R9-Z9 -> -0.00755
B10: 0.01 | C10: =D11 -> 32.14 | D10: 34.13 | E10: =F11 -> 10.71 | F10: 11.38 | I10: ='Discount Details'!B9 -> 10029 | J10: ='Discount Details'!C9 -> Blachly-Lane Electric | K10: ='Discount Details'!D9 -> 6.7839019 | L10: ='Discount Details'!E9 -> 7.3747495 | M10: {=LOOKUP(2, 1/((K10 >= $C$8:$C$20) * (K10 <= $D$8:$D$20)), $B$8:$B$20)} -> 0.055 | N10: {=LOOKUP(2, 1/((L10 >= $E$8:$E$20) * (L10 <= $F$8:$F$20)), $B$8:$B$20)} -> 0.035 | O10: ='Discount Details'!I9 -> 0 | P10: =M10+N10+O10 -> 0.09 | Q10: =P10*'Discount Details'!Q9 -> 510446.57 | R10: =MIN(P10, $S$2) -> 0.07 | S10: =R10*'Discount Details'!Q9 -> 397014 | T10: =Q10-S10 -> 113432.57 | V10: ='Discount Details'!U9 -> 453673.57 | W10: =Q10-V10 -> 56773.002 | X10: =S10-V10 -> -56659.57 | Z10: ='Discount Details'!N9 -> 0.07999 | AA10: =P10-Z10 -> 0.01001 | AB10: =R10-Z10 -> -0.00999
B11: 0.015 | C11: =D12 -> 30.03 | D11: 32.14 | E11: =F12 -> 10.01 | F11: 10.71 | I11: ='Discount Details'!B10 -> 10065 | J11: ='Discount Details'!C10 -> City of Cascade Locks | K11: ='Discount Details'!D10 -> 15.707839 | L11: ='Discount Details'!E10 -> 11.082192 | M11: {=LOOKUP(2, 1/((K11 >= $C$8:$C$20) * (K11 <= $D$8:$D$20)), $B$8:$B$20)} -> 0.045 | N11: {=LOOKUP(2, 1/((L11 >= $E$8:$E$20) * (L11 <= $F$8:$F$20)), $B$8:$B$20)} -> 0.01 | O11: ='Discount Details'!I10 -> 0 | P11: =M11+N11+O11 -> 0.055 | Q11: =P11*'Discount Details'!Q10 -> 38705.099 | R11: =MIN(P11, $S$2) -> 0.055 | S11: =R11*'Discount Details'!Q10 -> 38705.099 | T11: =Q11-S11 -> 0 | V11: ='Discount Details'!U10 -> 46692.424 | W11: =Q11-V11 -> -7987.3249 | X11: =S11-V11 -> -7987.3249 | Z11: ='Discount Details'!N10 -> 0.06635 | AA11: =P11-Z11 -> -0.01135 | AB11: =R11-Z11 -> -0.01135
B12: 0.02 | C12: =D13 -> 27.77 | D12: 30.03 | E12: =F13 -> 9.25 | F12: 10.01 | I12: ='Discount Details'!B11 -> 10046 | J12: ='Discount Details'!C11 -> Central Electric | K12: ='Discount Details'!D11 -> 5.1512493 | L12: ='Discount Details'!E11 -> 7.6824012 | M12: {=LOOKUP(2, 1/((K12 >= $C$8:$C$20) * (K12 <= $D$8:$D$20)), $B$8:$B$20)} -> 0.055 | N12: {=LOOKUP(2, 1/((L12 >= $E$8:$E$20) * (L12 <= $F$8:$F$20)), $B$8:$B$20)} -> 0.03 | O12: ='Discount Details'!I11 -> 0 | P12: =M12+N12+O12 -> 0.085 | Q12: =P12*'Discount Details'!Q11 -> 2239971.5 | R12: =MIN(P12, $S$2) -> 0.07 | S12: =R12*'Discount Details'!Q11 -> 1844682.4 | T12: =Q12-S12 -> 395289.09 | V12: ='Discount Details'!U11 -> 2069206.6 | W12: =Q12-V12 -> 170764.89 | X12: =S12-V12 -> -224524.2 | Z12: ='Discount Details'!N11 -> 0.07852 | AA12: =P12-Z12 -> 0.00648 | AB12: =R12-Z12 -> -0.00852
B13: 0.025 | C13: =D14 -> 25.34 | D13: 27.77 | E13: =F14 -> 8.45 | F13: 9.25 | I13: ='Discount Details'!B12 -> 10101 | J13: ='Discount Details'!C12 -> Clallam County PUD | K13: ='Discount Details'!D12 -> 4.7041188 | L13: ='Discount Details'!E12 -> 11.395987 | M13: {=LOOKUP(2, 1/((K13 >= $C$8:$C$20) * (K13 <= $D$8:$D$20)), $B$8:$B$20)} -> 0.06 | N13: {=LOOKUP(2, 1/((L13 >= $E$8:$E$20) * (L13 <= $F$8:$F$20)), $B$8:$B$20)} -> 0.005 | O13: ='Discount Details'!I12 -> 0 | P13: =M13+N13+O13 -> 0.065 | Q13: =P13*'Discount Details'!Q12 -> 1583200.9 | R13: =MIN(P13, $S$2) -> 0.065 | S13: =R13*'Discount Details'!Q12 -> 1583200.9 | T13: =Q13-S13 -> 0 | V13: ='Discount Details'!U12 -> 1240986 | W13: =Q13-V13 -> 342214.97 | X13: =S13-V13 -> 342214.97 | Z13: ='Discount Details'!N12 -> 0.05095 | AA13: =P13-Z13 -> 0.01405 | AB13: =R13-Z13 -> 0.01405
B14: 0.03 | C14: =D15 -> 22.71 | D14: 25.34 | E14: =F15 -> 7.57 | F14: 8.45 | I14: ='Discount Details'!B13 -> 10106 | J14: ='Discount Details'!C13 -> Clearwater Power | K14: ='Discount Details'!D13 -> 3.8719234 | L14: ='Discount Details'!E13 -> 3.6789927 | M14: {=LOOKUP(2, 1/((K14 >= $C$8:$C$20) * (K14 <= $D$8:$D$20)), $B$8:$B$20)} -> 0.06 | N14: {=LOOKUP(2, 1/((L14 >= $E$8:$E$20) * (L14 <= $F$8:$F$20)), $B$8:$B$20)} -> 0.05 | O14: ='Discount Details'!I13 -> 0 | P14: =M14+N14+O14 -> 0.11 | Q14: =P14*'Discount Details'!Q13 -> 845688.95 | R14: =MIN(P14, $S$2) -> 0.07 | S14: =R14*'Discount Details'!Q13 -> 538165.69 | T14: =Q14-S14 -> 307523.25 | V14: ='Discount Details'!U13 -> 543854.87 | W14: =Q14-V14 -> 301834.07 | X14: =S14-V14 -> -5689.1802 | Z14: ='Discount Details'!N13 -> 0.07074 | AA14: =P14-Z14 -> 0.03926 | AB14: =R14-Z14 -> -0.00074
B15: 0.035 | C15: =D16 -> 19.86 | D15: 22.71 | E15: =F16 -> 6.62 | F15: 7.57 | I15: ='Discount Details'!B14 -> 10109 | J15: ='Discount Details'!C14 -> Columbia Basin Coop. | K15: ='Discount Details'!D14 -> 6.9927995 | L15: ='Discount Details'!E14 -> 3.20626 | M15: {=LOOKUP(2, 1/((K15 >= $C$8:$C$20) * (K15 <= $D$8:$D$20)), $B$8:$B$20)} -> 0.055 | N15: {=LOOKUP(2, 1/((L15 >= $E$8:$E$20) * (L15 <= $F$8:$F$20)), $B$8:$B$20)} -> 0.05 | O15: ='Discount Details'!I14 -> 0 | P15: =M15+N15+O15 -> 0.105 | Q15: =P15*'Discount Details'!Q14 -> 409648.87 | R15: =MIN(P15, $S$2) -> 0.07 | S15: =R15*'Discount Details'!Q14 -> 273099.25 | T15: =Q15-S15 -> 136549.62 | V15: ='Discount Details'!U14 -> 334312.49 | W15: =Q15-V15 -> 75336.378 | X15: =S15-V15 -> -61213.246 | Z15: ='Discount Details'!N14 -> 0.08569 | AA15: =P15-Z15 -> 0.01931 | AB15: =R15-Z15 -> -0.01569
B16: 0.04 | C16: =D17 -> 16.74 | D16: 19.86 | E16: =F17 -> 5.58 | F16: 6.62 | I16: ='Discount Details'!B15 -> 10111 | J16: ='Discount Details'!C15 -> Columbia Power Coop. | K16: ='Discount Details'!D15 -> 1.4332886 | L16: ='Discount Details'!E15 -> 1.8814532 | M16: {=LOOKUP(2, 1/((K16 >= $C$8:$C$20) * (K16 <= $D$8:$D$20)), $B$8:$B$20)} -> 0.06 | N16: {=LOOKUP(2, 1/((L16 >= $E$8:$E$20) * (L16 <= $F$8:$F$20)), $B$8:$B$20)} -> 0.055 | O16: ='Discount Details'!I15 -> 0.005 | P16: =M16+N16+O16 -> 0.12 | Q16: =P16*'Discount Details'!Q15 -> 121191.37 | R16: =MIN(P16, $S$2) -> 0.07 | S16: =R16*'Discount Details'!Q15 -> 70694.966 | T16: =Q16-S16 -> 50496.404 | V16: ='Discount Details'!U15 -> 70694.966 | W16: =Q16-V16 -> 50496.404 | X16: =S16-V16 -> 0 | Z16: ='Discount Details'!N15 -> 0.07 | AA16: =P16-Z16 -> 0.05 | AB16: =R16-Z16 -> 0
B17: 0.045 | C17: =D18 -> 13.3 | D17: 16.74 | E17: =F18 -> 4.43 | F17: 5.58 | I17: ='Discount Details'!B16 -> 10113 | J17: ='Discount Details'!C16 -> Columbia REA | K17: ='Discount Details'!D16 -> 4.0008804 | L17: ='Discount Details'!E16 -> 4.5633188 | M17: {=LOOKUP(2, 1/((K17 >= $C$8:$C$20) * (K17 <= $D$8:$D$20)), $B$8:$B$20)} -> 0.06 | N17: {=LOOKUP(2, 1/((L17 >= $E$8:$E$20) * (L17 <= $F$8:$F$20)), $B$8:$B$20)} -> 0.045 | O17: ='Discount Details'!I16 -> 0 | P17: =M17+N17+O17 -> 0.105 | Q17: =P17*'Discount Details'!Q16 -> 1173931.6 | R17: =MIN(P17, $S$2) -> 0.07 | S17: =R17*'Discount Details'!Q16 -> 782621.07 | T17: =Q17-S17 -> 391310.54 | V17: ='Discount Details'!U16 -> 903703.73 | W17: =Q17-V17 -> 270227.88 | X17: =S17-V17 -> -121082.66 | Z17: ='Discount Details'!N16 -> 0.08083 | AA17: =P17-Z17 -> 0.02417 | AB17: =R17-Z17 -> -0.01083
B18: 0.05 | C18: =D19 -> 9.43 | D18: 13.3 | E18: =F19 -> 3.14 | F18: 4.43 | I18: ='Discount Details'!B17 -> 10118 | J18: ='Discount Details'!C17 -> Consumers Power | K18: ='Discount Details'!D17 -> 3.8670977 | L18: ='Discount Details'!E17 -> 7.6554209 | M18: {=LOOKUP(2, 1/((K18 >= $C$8:$C$20) * (K18 <= $D$8:$D$20)), $B$8:$B$20)} -> 0.06 | N18: {=LOOKUP(2, 1/((L18 >= $E$8:$E$20) * (L18 <= $F$8:$F$20)), $B$8:$B$20)} -> 0.03 | O18: ='Discount Details'!I17 -> 0 | P18: =M18+N18+O18 -> 0.09 | Q18: =P18*'Discount Details'!Q17 -> 1323456.6 | R18: =MIN(P18, $S$2) -> 0.07 | S18: =R18*'Discount Details'!Q17 -> 1029355.1 | T18: =Q18-S18 -> 294101.46 | V18: ='Discount Details'!U17 -> 1029943.3 | W18: =Q18-V18 -> 293513.26 | X18: =S18-V18 -> -588.20292 | Z18: ='Discount Details'!N17 -> 0.07004 | AA18: =P18-Z18 -> 0.01996 | AB18: =R18-Z18 -> -4e-05
B19: 0.055 | C19: =D20 -> 5.05 | D19: 9.43 | E19: =F20 -> 1.68 | F19: 3.14 | I19: ='Discount Details'!B18 -> 10121 | J19: ='Discount Details'!C18 -> Coos-Curry Electric | K19: ='Discount Details'!D18 -> 3.8803511 | L19: ='Discount Details'!E18 -> 9.1088861 | M19: {=LOOKUP(2, 1/((K19 >= $C$8:$C$20) * (K19 <= $D$8:$D$20)), $B$8:$B$20)} -> 0.06 | N19: {=LOOKUP(2, 1/((L19 >= $E$8:$E$20) * (L19 <= $F$8:$F$20)), $B$8:$B$20)} -> 0.025 | O19: ='Discount Details'!I18 -> 0 | P19: =M19+N19+O19 -> 0.085 | Q19: =P19*'Discount Details'!Q18 -> 1080813.2 | R19: =MIN(P19, $S$2) -> 0.07 | S19: =R19*'Discount Details'!Q18 -> 890081.42 | T19: =Q19-S19 -> 190731.73 | V19: ='Discount Details'!U18 -> 762926.93 | W19: =Q19-V19 -> 317886.22 | X19: =S19-V19 -> 127154.49 | Z19: ='Discount Details'!N18 -> 0.06 | AA19: =P19-Z19 -> 0.025 | AB19: =R19-Z19 -> 0.01
B20: 0.06 | C20: 0 | D20: 5.05 | E20: 0 | F20: 1.68 | I20: ='Discount Details'!B19 -> 10136 | J20: ='Discount Details'!C19 -> Douglas Electric Coop. | K20: ='Discount Details'!D19 -> 3.5610412 | L20: ='Discount Details'!E19 -> 6.5276569 | M20: {=LOOKUP(2, 1/((K20 >= $C$8:$C$20) * (K20 <= $D$8:$D$20)), $B$8:$B$20)} -> 0.06 | N20: {=LOOKUP(2, 1/((L20 >= $E$8:$E$20) * (L20 <= $F$8:$F$20)), $B$8:$B$20)} -> 0.04 | O20: ='Discount Details'!I19 -> 0 | P20: =M20+N20+O20 -> 0.1 | Q20: =P20*'Discount Details'!Q19 -> 592270.04 | R20: =MIN(P20, $S$2) -> 0.07 | S20: =R20*'Discount Details'!Q19 -> 414589.03 | T20: =Q20-S20 -> 177681.01 | V20: ='Discount Details'!U19 -> 414589.03 | W20: =Q20-V20 -> 177681.01 | X20: =S20-V20 -> 0 | Z20: ='Discount Details'!N19 -> 0.07 | AA20: =P20-Z20 -> 0.03 | AB20: =R20-Z20 -> 0
I21: ='Discount Details'!B20 -> 10142 | J21: ='Discount Details'!C20 -> East End Mutual Elect. | K21: ='Discount Details'!D20 -> 43.30611 | L21: ='Discount Details'!E20 -> 5.65625 | M21: {=LOOKUP(2, 1/((K21 >= $C$8:$C$20) * (K21 <= $D$8:$D$20)), $B$8:$B$20)} -> 0 | N21: {=LOOKUP(2, 1/((L21 >= $E$8:$E$20) * (L21 <= $F$8:$F$20)), $B$8:$B$20)} -> 0.04 | O21: ='Discount Details'!I20 -> 0 | P21: =M21+N21+O21 -> 0.04 | Q21: =P21*'Discount Details'!Q20 -> 34670.101 | R21: =MIN(P21, $S$2) -> 0.04 | S21: =R21*'Discount Details'!Q20 -> 34670.101 | T21: =Q21-S21 -> 0 | V21: ='Discount Details'!U20 -> 32069.843 | W21: =Q21-V21 -> 2600.2576 | X21: =S21-V21 -> 2600.2576 | Z21: ='Discount Details'!N20 -> 0.037 | AA21: =P21-Z21 -> 0.003 | AB21: =R21-Z21 -> 0.003
B22: Potential Methodology | I22: ='Discount Details'!B21 -> 10157 | J22: ='Discount Details'!C21 -> Emerald PUD | K22: ='Discount Details'!D21 -> 6.3865724 | L22: ='Discount Details'!E21 -> 10.6455 | M22: {=LOOKUP(2, 1/((K22 >= $C$8:$C$20) * (K22 <= $D$8:$D$20)), $B$8:$B$20)} -> 0.055 | N22: {=LOOKUP(2, 1/((L22 >= $E$8:$E$20) * (L22 <= $F$8:$F$20)), $B$8:$B$20)} -> 0.015 | O22: ='Discount Details'!I21 -> 0 | P22: =M22+N22+O22 -> 0.07 | Q22: =P22*'Discount Details'!Q21 -> 1038646 | R22: =MIN(P22, $S$2) -> 0.07 | S22: =R22*'Discount Details'!Q21 -> 1038646 | T22: =Q22-S22 -> 0 | V22: ='Discount Details'!U21 -> 894570.99 | W22: =Q22-V22 -> 144075.04 | X22: =S22-V22 -> 144075.04 | Z22: ='Discount Details'!N21 -> 0.06029 | AA22: =P22-Z22 -> 0.00971 | AB22: =R22-Z22 -> 0.00971
B23: K/I Methodology | I23: ='Discount Details'!B22 -> 10173 | J23: ='Discount Details'!C22 -> Fall River Electric Coop. | K23: ='Discount Details'!D22 -> 6.1317435 | L23: ='Discount Details'!E22 -> 6.1473341 | M23: {=LOOKUP(2, 1/((K23 >= $C$8:$C$20) * (K23 <= $D$8:$D$20)), $B$8:$B$20)} -> 0.055 | N23: {=LOOKUP(2, 1/((L23 >= $E$8:$E$20) * (L23 <= $F$8:$F$20)), $B$8:$B$20)} -> 0.04 | O23: ='Discount Details'!I22 -> 0 | P23: =M23+N23+O23 -> 0.095 | Q23: =P23*'Discount Details'!Q22 -> 1013315.8 | R23: =MIN(P23, $S$2) -> 0.07 | S23: =R23*'Discount Details'!Q22 -> 746653.76 | T23: =Q23-S23 -> 266662.06 | V23: ='Discount Details'!U22 -> 904304.37 | W23: =Q23-V23 -> 109011.45 | X23: =S23-V23 -> -157650.61 | Z23: ='Discount Details'!N22 -> 0.08478 | AA23: =P23-Z23 -> 0.01022 | AB23: =R23-Z23 -> -0.01478
B24: LOGARITHMIC | I24: ='Discount Details'!B23 -> 10177 | J24: ='Discount Details'!C23 -> Ferry County PUD | K24: ='Discount Details'!D23 -> 7.4405758 | L24: ='Discount Details'!E23 -> 5.6565809 | M24: {=LOOKUP(2, 1/((K24 >= $C$8:$C$20) * (K24 <= $D$8:$D$20)), $B$8:$B$20)} -> 0.055 | N24: {=LOOKUP(2, 1/((L24 >= $E$8:$E$20) * (L24 <= $F$8:$F$20)), $B$8:$B$20)} -> 0.04 | O24: ='Discount Details'!I23 -> 0 | P24: =M24+N24+O24 -> 0.095 | Q24: =P24*'Discount Details'!Q23 -> 255817.18 | R24: =MIN(P24, $S$2) -> 0.07 | S24: =R24*'Discount Details'!Q23 -> 188496.87 | T24: =Q24-S24 -> 67320.31 | V24: ='Discount Details'!U23 -> 188496.87 | W24: =Q24-V24 -> 67320.31 | X24: =S24-V24 -> 0 | Z24: ='Discount Details'!N23 -> 0.07 | AA24: =P24-Z24 -> 0.025 | AB24: =R24-Z24 -> 0
I25: ='Discount Details'!B24 -> 10186 | J25: ='Discount Details'!C24 -> Glacier Electric Coop. | K25: ='Discount Details'!D24 -> 5.4490602 | L25: ='Discount Details'!E24 -> 5.3452945 | M25: {=LOOKUP(2, 1/((K25 >= $C$8:$C$20) * (K25 <= $D$8:$D$20)), $B$8:$B$20)} -> 0.055 | N25: {=LOOKUP(2, 1/((L25 >= $E$8:$E$20) * (L25 <= $F$8:$F$20)), $B$8:$B$20)} -> 0.045 | O25: ='Discount Details'!I24 -> 0 | P25: =M25+N25+O25 -> 0.1 | Q25: =P25*'Discount Details'!Q24 -> 554794.98 | R25: =MIN(P25, $S$2) -> 0.07 | S25: =R25*'Discount Details'!Q24 -> 388356.49 | T25: =Q25-S25 -> 166438.49 | V25: ='Discount Details'!U24 -> 388356.49 | W25: =Q25-V25 -> 166438.49 | X25: =S25-V25 -> 0 | Z25: ='Discount Details'!N24 -> 0.07 | AA25: =P25-Z25 -> 0.03 | AB25: =R25-Z25 -> 0
I26: ='Discount Details'!B25 -> 10197 | J26: ='Discount Details'!C25 -> Harney Electric Coop. | K26: ='Discount Details'!D25 -> 11.633691 | L26: ='Discount Details'!E25 -> 1.380916 | M26: {=LOOKUP(2, 1/((K26 >= $C$8:$C$20) * (K26 <= $D$8:$D$20)), $B$8:$B$20)} -> 0.05 | N26: {=LOOKUP(2, 1/((L26 >= $E$8:$E$20) * (L26 <= $F$8:$F$20)), $B$8:$B$20)} -> 0.06 | O26: ='Discount Details'!I25 -> 0.005 | P26: =M26+N26+O26 -> 0.115 | Q26: =P26*'Discount Details'!Q25 -> 794768.06 | R26: =MIN(P26, $S$2) -> 0.07 | S26: =R26*'Discount Details'!Q25 -> 483771.87 | T26: =Q26-S26 -> 310996.2 | V26: ='Discount Details'!U25 -> 600291.77 | W26: =Q26-V26 -> 194476.29 | X26: =S26-V26 -> -116519.91 | Z26: ='Discount Details'!N25 -> 0.08686 | AA26: =P26-Z26 -> 0.02814 | AB26: =R26-Z26 -> -0.01686
B27: C/M Methodology | I27: ='Discount Details'!B26 -> 10203 | J27: ='Discount Details'!C26 -> Idaho County L&P Coop. | K27: ='Discount Details'!D26 -> 5.3504834 | L27: ='Discount Details'!E26 -> 3.965673 | M27: {=LOOKUP(2, 1/((K27 >= $C$8:$C$20) * (K27 <= $D$8:$D$20)), $B$8:$B$20)} -> 0.055 | N27: {=LOOKUP(2, 1/((L27 >= $E$8:$E$20) * (L27 <= $F$8:$F$20)), $B$8:$B$20)} -> 0.05 | O27: ='Discount Details'!I26 -> 0 | P27: =M27+N27+O27 -> 0.105 | Q27: =P27*'Discount Details'!Q26 -> 211564.21 | R27: =MIN(P27, $S$2) -> 0.07 | S27: =R27*'Discount Details'!Q26 -> 141042.81 | T27: =Q27-S27 -> 70521.403 | V27: ='Discount Details'!U26 -> 152749.36 | W27: =Q27-V27 -> 58814.85 | X27: =S27-V27 -> -11706.553 | Z27: ='Discount Details'!N26 -> 0.07581 | AA27: =P27-Z27 -> 0.02919 | AB27: =R27-Z27 -> -0.00581
B28: LOGARITHMIC | I28: ='Discount Details'!B27 -> 10209 | J28: ='Discount Details'!C27 -> Inland Power & Light | K28: ='Discount Details'!D27 -> 6.8150435 | L28: ='Discount Details'!E27 -> 5.9793734 | M28: {=LOOKUP(2, 1/((K28 >= $C$8:$C$20) * (K28 <= $D$8:$D$20)), $B$8:$B$20)} -> 0.055 | N28: {=LOOKUP(2, 1/((L28 >= $E$8:$E$20) * (L28 <= $F$8:$F$20)), $B$8:$B$20)} -> 0.04 | O28: ='Discount Details'!I27 -> 0 | P28: =M28+N28+O28 -> 0.095 | Q28: =P28*'Discount Details'!Q27 -> 3273435.6 | R28: =MIN(P28, $S$2) -> 0.07 | S28: =R28*'Discount Details'!Q27 -> 2412005.2 | T28: =Q28-S28 -> 861430.41 | V28: ='Discount Details'!U27 -> 2940923.4 | W28: =Q28-V28 -> 332512.14 | X28: =S28-V28 -> -528918.27 | Z28: ='Discount Details'!N27 -> 0.08535 | AA28: =P28-Z28 -> 0.00965 | AB28: =R28-Z28 -> -0.01535
I29: ='Discount Details'!B28 -> 10230 | J29: ='Discount Details'!C28 -> Kittitas County PUD | K29: ='Discount Details'!D28 -> 2.9392366 | L29: ='Discount Details'!E28 -> 6.5855263 | M29: {=LOOKUP(2, 1/((K29 >= $C$8:$C$20) * (K29 <= $D$8:$D$20)), $B$8:$B$20)} -> 0.06 | N29: {=LOOKUP(2, 1/((L29 >= $E$8:$E$20) * (L29 <= $F$8:$F$20)), $B$8:$B$20)} -> 0.04 | O29: ='Discount Details'!I28 -> 0 | P29: =M29+N29+O29 -> 0.1 | Q29: =P29*'Discount Details'!Q28 -> 332706.23 | R29: =MIN(P29, $S$2) -> 0.07 | S29: =R29*'Discount Details'!Q28 -> 232894.36 | T29: =Q29-S29 -> 99811.87 | V29: ='Discount Details'!U28 -> 296175.09 | W29: =Q29-V29 -> 36531.145 | X29: =S29-V29 -> -63280.726 | Z29: ='Discount Details'!N28 -> 0.08902 | AA29: =P29-Z29 -> 0.01098 | AB29: =R29-Z29 -> -0.01902
I30: ='Discount Details'!B29 -> 10231 | J30: ='Discount Details'!C29 -> Klickitat | K30: ='Discount Details'!D29 -> 4.3258259 | L30: ='Discount Details'!E29 -> 6.958292 | M30: {=LOOKUP(2, 1/((K30 >= $C$8:$C$20) * (K30 <= $D$8:$D$20)), $B$8:$B$20)} -> 0.06 | N30: {=LOOKUP(2, 1/((L30 >= $E$8:$E$20) * (L30 <= $F$8:$F$20)), $B$8:$B$20)} -> 0.035 | O30: ='Discount Details'!I29 -> 0 | P30: =M30+N30+O30 -> 0.095 | Q30: =P30*'Discount Details'!Q29 -> 1116473 | R30: =MIN(P30, $S$2) -> 0.07 | S30: =R30*'Discount Details'!Q29 -> 822664.32 | T30: =Q30-S30 -> 293808.69 | V30: ='Discount Details'!U29 -> 1276422.5 | W30: =Q30-V30 -> -159949.45 | X30: =S30-V30 -> -453758.13 | Z30: ='Discount Details'!N29 -> 0.10861 | AA30: =P30-Z30 -> -0.01361 | AB30: =R30-Z30 -> -0.03861
B31: where x = percentage discount | I31: ='Discount Details'!B30 -> 10236 | J31: ='Discount Details'!C30 -> Lane Electric Coop | K31: ='Discount Details'!D30 -> 4.0913992 | L31: ='Discount Details'!E30 -> 8.3797203 | M31: {=LOOKUP(2, 1/((K31 >= $C$8:$C$20) * (K31 <= $D$8:$D$20)), $B$8:$B$20)} -> 0.06 | N31: {=LOOKUP(2, 1/((L31 >= $E$8:$E$20) * (L31 <= $F$8:$F$20)), $B$8:$B$20)} -> 0.03 | O31: ='Discount Details'!I30 -> 0 | P31: =M31+N31+O31 -> 0.09 | Q31: =P31*'Discount Details'!Q30 -> 813458.44 | R31: =MIN(P31, $S$2) -> 0.07 | S31: =R31*'Discount Details'!Q30 -> 632689.9 | T31: =Q31-S31 -> 180768.54 | V31: ='Discount Details'!U30 -> 587497.76 | W31: =Q31-V31 -> 225960.68 | X31: =S31-V31 -> 45192.135 | Z31: ='Discount Details'!N30 -> 0.065 | AA31: =P31-Z31 -> 0.025 | AB31: =R31-Z31 -> 0.005
I32: ='Discount Details'!B31 -> 10237 | J32: ='Discount Details'!C31 -> Lewis County PUD | K32: ='Discount Details'!D31 -> 7.4627253 | L32: ='Discount Details'!E31 -> 10.866867 | M32: {=LOOKUP(2, 1/((K32 >= $C$8:$C$20) * (K32 <= $D$8:$D$20)), $B$8:$B$20)} -> 0.055 | N32: {=LOOKUP(2, 1/((L32 >= $E$8:$E$20) * (L32 <= $F$8:$F$20)), $B$8:$B$20)} -> 0.01 | O32: ='Discount Details'!I31 -> 0 | P32: =M32+N32+O32 -> 0.065 | Q32: =P32*'Discount Details'!Q31 -> 2166130.6 | R32: =MIN(P32, $S$2) -> 0.065 | S32: =R32*'Discount Details'!Q31 -> 2166130.6 | T32: =Q32-S32 -> 0 | V32: ='Discount Details'!U31 -> 1535620 | W32: =Q32-V32 -> 630510.64 | X32: =S32-V32 -> 630510.64 | Z32: ='Discount Details'!N31 -> 0.04608 | AA32: =P32-Z32 -> 0.01892 | AB32: =R32-Z32 -> 0.01892
I33: ='Discount Details'!B32 -> 10239 | J33: ='Discount Details'!C32 -> Lincoln Electric | K33: ='Discount Details'!D32 -> 5.9728031 | L33: ='Discount Details'!E32 -> 6.6241135 | M33: {=LOOKUP(2, 1/((K33 >= $C$8:$C$20) * (K33 <= $D$8:$D$20)), $B$8:$B$20)} -> 0.055 | N33: {=LOOKUP(2, 1/((L33 >= $E$8:$E$20) * (L33 <= $F$8:$F$20)), $B$8:$B$20)} -> 0.035 | O33: ='Discount Details'!I32 -> 0 | P33: =M33+N33+O33 -> 0.09 | Q33: =P33*'Discount Details'!Q32 -> 405676.08 | R33: =MIN(P33, $S$2) -> 0.07 | S33: =R33*'Discount Details'!Q32 -> 315525.84 | T33: =Q33-S33 -> 90150.241 | V33: ='Discount Details'!U32 -> 340091.78 | W33: =Q33-V33 -> 65584.3 | X33: =S33-V33 -> -24565.941 | Z33: ='Discount Details'!N32 -> 0.07545 | AA33: =P33-Z33 -> 0.01455 | AB33: =R33-Z33 -> -0.00545
I34: ='Discount Details'!B33 -> 10242 | J34: ='Discount Details'!C33 -> Lost River Electric | K34: ='Discount Details'!D33 -> 10.794413 | L34: ='Discount Details'!E33 -> 2.5 | M34: {=LOOKUP(2, 1/((K34 >= $C$8:$C$20) * (K34 <= $D$8:$D$20)), $B$8:$B$20)} -> 0.05 | N34: {=LOOKUP(2, 1/((L34 >= $E$8:$E$20) * (L34 <= $F$8:$F$20)), $B$8:$B$20)} -> 0.055 | O34: ='Discount Details'!I33 -> 0.005 | P34: =M34+N34+O34 -> 0.11 | Q34: =P34*'Discount Details'!Q33 -> 334524.07 | R34: =MIN(P34, $S$2) -> 0.07 | S34: =R34*'Discount Details'!Q33 -> 212878.95 | T34: =Q34-S34 -> 121645.12 | V34: ='Discount Details'!U33 -> 252596.09 | W34: =Q34-V34 -> 81927.986 | X34: =S34-V34 -> -39717.131 | Z34: ='Discount Details'!N33 -> 0.08306 | AA34: =P34-Z34 -> 0.02694 | AB34: =R34-Z34 -> -0.01306
I35: ='Discount Details'!B34 -> 10244 | J35: ='Discount Details'!C34 -> Lower Valley Energy | K35: ='Discount Details'!D34 -> 11.055876 | L35: ='Discount Details'!E34 -> 8.2903226 | M35: {=LOOKUP(2, 1/((K35 >= $C$8:$C$20) * (K35 <= $D$8:$D$20)), $B$8:$B$20)} -> 0.05 | N35: {=LOOKUP(2, 1/((L35 >= $E$8:$E$20) * (L35 <= $F$8:$F$20)), $B$8:$B$20)} -> 0.03 | O35: ='Discount Details'!I34 -> 0 | P35: =M35+N35+O35 -> 0.08 | Q35: =P35*'Discount Details'!Q34 -> 2264249.9 | R35: =MIN(P35, $S$2) -> 0.07 | S35: =R35*'Discount Details'!Q34 -> 1981218.7 | T35: =Q35-S35 -> 283031.24 | V35: ='Discount Details'!U34 -> 1808569.6 | W35: =Q35-V35 -> 455680.3 | X35: =S35-V35 -> 172649.06 | Z35: ='Discount Details'!N34 -> 0.0639 | AA35: =P35-Z35 -> 0.0161 | AB35: =R35-Z35 -> 0.0061
B36: BP-24 LDD Table (GRSP Table B) | I36: ='Discount Details'!B35 -> 10256 | J36: ='Discount Details'!C35 -> Midstate Electric Coop. | K36: ='Discount Details'!D35 -> 6.6438138 | L36: ='Discount Details'!E35 -> 7.6278986 | M36: {=LOOKUP(2, 1/((K36 >= $C$8:$C$20) * (K36 <= $D$8:$D$20)), $B$8:$B$20)} -> 0.055 | N36: {=LOOKUP(2, 1/((L36 >= $E$8:$E$20) * (L36 <= $F$8:$F$20)), $B$8:$B$20)} -> 0.03 | O36: ='Discount Details'!I35 -> 0 | P36: =M36+N36+O36 -> 0.085 | Q36: =P36*'Discount Details'!Q35 -> 1270499.8 | R36: =MIN(P36, $S$2) -> 0.07 | S36: =R36*'Discount Details'!Q35 -> 1046294 | T36: =Q36-S36 -> 224205.85 | V36: ='Discount Details'!U35 -> 1197109.8 | W36: =Q36-V36 -> 73390.048 | X36: =S36-V36 -> -150815.8 | Z36: ='Discount Details'!N35 -> 0.08009 | AA36: =P36-Z36 -> 0.00491 | AB36: =R36-Z36 -> -0.01009
B37: Percentage Discount | C37: K/I Min | D37: K/I Max | E37: C/M Min | F37: C/M Max | I37: ='Discount Details'!B36 -> 10258 | J37: ='Discount Details'!C36 -> Mission Valley Power | K37: ='Discount Details'!D36 -> 10.012789 | L37: ='Discount Details'!E36 -> 10.017283 | M37: {=LOOKUP(2, 1/((K37 >= $C$8:$C$20) * (K37 <= $D$8:$D$20)), $B$8:$B$20)} -> 0.05 | N37: {=LOOKUP(2, 1/((L37 >= $E$8:$E$20) * (L37 <= $F$8:$F$20)), $B$8:$B$20)} -> 0.015 | O37: ='Discount Details'!I36 -> 0 | P37: =M37+N37+O37 -> 0.065 | Q37: =P37*'Discount Details'!Q36 -> 824263.34 | R37: =MIN(P37, $S$2) -> 0.065 | S37: =R37*'Discount Details'!Q36 -> 824263.34 | T37: =Q37-S37 -> 0 | V37: ='Discount Details'!U36 -> 688450.1 | W37: =Q37-V37 -> 135813.24 | X37: =S37-V37 -> 135813.24 | Z37: ='Discount Details'!N36 -> 0.05429 | AA37: =P37-Z37 -> 0.01071 | AB37: =R37-Z37 -> 0.01071
B38: 0 | C38: =D39 -> 35 | E38: =F39 -> 12 | I38: ='Discount Details'!B37 -> 10259 | J38: ='Discount Details'!C37 -> Missoula Electric Coop. | K38: ='Discount Details'!D37 -> 4.7421049 | L38: ='Discount Details'!E37 -> 7.9613861 | M38: {=LOOKUP(2, 1/((K38 >= $C$8:$C$20) * (K38 <= $D$8:$D$20)), $B$8:$B$20)} -> 0.06 | N38: {=LOOKUP(2, 1/((L38 >= $E$8:$E$20) * (L38 <= $F$8:$F$20)), $B$8:$B$20)} -> 0.03 | O38: ='Discount Details'!I37 -> 0 | P38: =M38+N38+O38 -> 0.09 | Q38: =P38*'Discount Details'!Q37 -> 790547.05 | R38: =MIN(P38, $S$2) -> 0.07 | S38: =R38*'Discount Details'!Q37 -> 614869.93 | T38: =Q38-S38 -> 175677.12 | V38: ='Discount Details'!U37 -> 708154.48 | W38: =Q38-V38 -> 82392.57 | X38: =S38-V38 -> -93284.552 | Z38: ='Discount Details'!N37 -> 0.08062 | AA38: =P38-Z38 -> 0.00938 | AB38: =R38-Z38 -> -0.01062
B39: 0.005 | C39: =D40 -> 31.5 | D39: 35 | E39: =F40 -> 10.8 | F39: 12 | I39: ='Discount Details'!B38 -> 10273 | J39: ='Discount Details'!C38 -> Nespelem Valley Electric | K39: ='Discount Details'!D38 -> 11.554644 | L39: ='Discount Details'!E38 -> 3.631829 | M39: {=LOOKUP(2, 1/((K39 >= $C$8:$C$20) * (K39 <= $D$8:$D$20)), $B$8:$B$20)} -> 0.05 | N39: {=LOOKUP(2, 1/((L39 >= $E$8:$E$20) * (L39 <= $F$8:$F$20)), $B$8:$B$20)} -> 0.05 | O39: ='Discount Details'!I38 -> 0 | P39: =M39+N39+O39 -> 0.1 | Q39: =P39*'Discount Details'!Q38 -> 203215.01 | R39: =MIN(P39, $S$2) -> 0.07 | S39: =R39*'Discount Details'!Q38 -> 142250.51 | T39: =Q39-S39 -> 60964.504 | V39: ='Discount Details'!U38 -> 195553.81 | W39: =Q39-V39 -> 7661.206 | X39: =S39-V39 -> -53303.298 | Z39: ='Discount Details'!N38 -> 0.09623 | AA39: =P39-Z39 -> 0.00377 | AB39: =R39-Z39 -> -0.02623
B40: 0.01 | C40: =D41 -> 28 | D40: 31.5 | E40: =F41 -> 9.6 | F40: 10.8 | I40: ='Discount Details'!B39 -> 10278 | J40: ='Discount Details'!C39 -> Northern Lights | K40: ='Discount Details'!D39 -> 5.0461082 | L40: ='Discount Details'!E39 -> 7.8339124 | M40: {=LOOKUP(2, 1/((K40 >= $C$8:$C$20) * (K40 <= $D$8:$D$20)), $B$8:$B$20)} -> 0.06 | N40: {=LOOKUP(2, 1/((L40 >= $E$8:$E$20) * (L40 <= $F$8:$F$20)), $B$8:$B$20)} -> 0.03 | O40: ='Discount Details'!I39 -> 0 | P40: =M40+N40+O40 -> 0.09 | Q40: =P40*'Discount Details'!Q39 -> 1041053.1 | R40: =MIN(P40, $S$2) -> 0.07 | S40: =R40*'Discount Details'!Q39 -> 809707.99 | T40: =Q40-S40 -> 231345.14 | V40: ='Discount Details'!U39 -> 827290.22 | W40: =Q40-V40 -> 213762.91 | X40: =S40-V40 -> -17582.231 | Z40: ='Discount Details'!N39 -> 0.07152 | AA40: =P40-Z40 -> 0.01848 | AB40: =R40-Z40 -> -0.00152
B41: 0.015 | C41: =D42 -> 24.5 | D41: 28 | E41: =F42 -> 8.4 | F41: 9.6 | I41: ='Discount Details'!B40 -> 10284 | J41: ='Discount Details'!C40 -> Ohop Mutual Light | K41: ='Discount Details'!D40 -> 8.7650848 | L41: ='Discount Details'!E40 -> 10.168122 | M41: {=LOOKUP(2, 1/((K41 >= $C$8:$C$20) * (K41 <= $D$8:$D$20)), $B$8:$B$20)} -> 0.055 | N41: {=LOOKUP(2, 1/((L41 >= $E$8:$E$20) * (L41 <= $F$8:$F$20)), $B$8:$B$20)} -> 0.015 | O41: ='Discount Details'!I40 -> 0 | P41: =M41+N41+O41 -> 0.07 | Q41: =P41*'Discount Details'!Q40 -> 231317.1 | R41: =MIN(P41, $S$2) -> 0.07 | S41: =R41*'Discount Details'!Q40 -> 231317.1 | T41: =Q41-S41 -> 0 | V41: ='Discount Details'!U40 -> 176461.9 | W41: =Q41-V41 -> 54855.197 | X41: =S41-V41 -> 54855.197 | Z41: ='Discount Details'!N40 -> 0.0534 | AA41: =P41-Z41 -> 0.0166 | AB41: =R41-Z41 -> 0.0166
B42: 0.02 | C42: =D43 -> 21 | D42: 24.5 | E42: =F43 -> 7.2 | F42: 8.4 | I42: ='Discount Details'!B41 -> 10285 | J42: ='Discount Details'!C41 -> Okanogan County | K42: ='Discount Details'!D41 -> 6.8162112 | L42: ='Discount Details'!E41 -> 8.0066079 | M42: {=LOOKUP(2, 1/((K42 >= $C$8:$C$20) * (K42 <= $D$8:$D$20)), $B$8:$B$20)} -> 0.055 | N42: {=LOOKUP(2, 1/((L42 >= $E$8:$E$20) * (L42 <= $F$8:$F$20)), $B$8:$B$20)} -> 0.03 | O42: ='Discount Details'!I41 -> 0 | P42: =M42+N42+O42 -> 0.085 | Q42: =P42*'Discount Details'!Q41 -> 178666.53 | R42: =MIN(P42, $S$2) -> 0.07 | S42: =R42*'Discount Details'!Q41 -> 147137.15 | T42: =Q42-S42 -> 31529.388 | V42: ='Discount Details'!U41 -> 162859.8 | W42: =Q42-V42 -> 15806.733 | X42: =S42-V42 -> -15722.655 | Z42: ='Discount Details'!N41 -> 0.07748 | AA42: =P42-Z42 -> 0.00752 | AB42: =R42-Z42 -> -0.00748
B43: 0.025 | C43: =D44 -> 17.5 | D43: 21 | E43: =F44 -> 6 | F43: 7.2 | I43: ='Discount Details'!B42 -> 10288 | J43: ='Discount Details'!C42 -> Orcas Power & Light | K43: ='Discount Details'!D42 -> 2.3904525 | L43: ='Discount Details'!E42 -> 10.620741 | M43: {=LOOKUP(2, 1/((K43 >= $C$8:$C$20) * (K43 <= $D$8:$D$20)), $B$8:$B$20)} -> 0.06 | N43: {=LOOKUP(2, 1/((L43 >= $E$8:$E$20) * (L43 <= $F$8:$F$20)), $B$8:$B$20)} -> 0.015 | O43: ='Discount Details'!I42 -> 0 | P43: =M43+N43+O43 -> 0.075 | Q43: =P43*'Discount Details'!Q42 -> 594308.73 | R43: =MIN(P43, $S$2) -> 0.07 | S43: =R43*'Discount Details'!Q42 -> 554688.15 | T43: =Q43-S43 -> 39620.582 | V43: ='Discount Details'!U42 -> 475446.98 | W43: =Q43-V43 -> 118861.75 | X43: =S43-V43 -> 79241.164 | Z43: ='Discount Details'!N42 -> 0.06 | AA43: =P43-Z43 -> 0.015 | AB43: =R43-Z43 -> 0.01
B44: 0.03 | C44: =D45 -> 14 | D44: 17.5 | E44: =F45 -> 4.8 | F44: 6 | I44: ='Discount Details'!B43 -> 10291 | J44: ='Discount Details'!C43 -> Oregon Trail Electric Coop. | K44: ='Discount Details'!D43 -> 6.8408638 | L44: ='Discount Details'!E43 -> 11.235883 | M44: {=LOOKUP(2, 1/((K44 >= $C$8:$C$20) * (K44 <= $D$8:$D$20)), $B$8:$B$20)} -> 0.055 | N44: {=LOOKUP(2, 1/((L44 >= $E$8:$E$20) * (L44 <= $F$8:$F$20)), $B$8:$B$20)} -> 0.01 | O44: ='Discount Details'!I43 -> 0 | P44: =M44+N44+O44 -> 0.065 | Q44: =P44*'Discount Details'!Q43 -> 1621132.2 | R44: =MIN(P44, $S$2) -> 0.065 | S44: =R44*'Discount Details'!Q43 -> 1621132.2 | T44: =Q44-S44 -> 0 | V44: ='Discount Details'!U43 -> 1247024.8 | W44: =Q44-V44 -> 374107.43 | X44: =S44-V44 -> 374107.43 | Z44: ='Discount Details'!N43 -> 0.05 | AA44: =P44-Z44 -> 0.015 | AB44: =R44-Z44 -> 0.015
B45: 0.035 | C45: =D46 -> 10.5 | D45: 14 | E45: =F46 -> 3.6 | F45: 4.8 | I45: ='Discount Details'!B44 -> 10331 | J45: ='Discount Details'!C44 -> Raft River Electric | K45: ='Discount Details'!D44 -> 7.0858545 | L45: ='Discount Details'!E44 -> 2.5455868 | M45: {=LOOKUP(2, 1/((K45 >= $C$8:$C$20) * (K45 <= $D$8:$D$20)), $B$8:$B$20)} -> 0.055 | N45: {=LOOKUP(2, 1/((L45 >= $E$8:$E$20) * (L45 <= $F$8:$F$20)), $B$8:$B$20)} -> 0.055 | O45: ='Discount Details'!I44 -> 0.005 | P45: =M45+N45+O45 -> 0.115 | Q45: =P45*'Discount Details'!Q44 -> 1309208.7 | R45: =MIN(P45, $S$2) -> 0.07 | S45: =R45*'Discount Details'!Q44 -> 796909.67 | T45: =Q45-S45 -> 512299.07 | V45: ='Discount Details'!U44 -> 796909.67 | W45: =Q45-V45 -> 512299.07 | X45: =S45-V45 -> 0 | Z45: ='Discount Details'!N44 -> 0.07 | AA45: =P45-Z45 -> 0.045 | AB45: =R45-Z45 -> 0
B46: 0.04 | C46: =D47 -> 7 | D46: 10.5 | E46: =F47 -> 2.4 | F46: 3.6 | I46: ='Discount Details'!B45 -> 10333 | J46: ='Discount Details'!C45 -> Ravalli Electric Coop. | K46: ='Discount Details'!D45 -> 5.3709514 | L46: ='Discount Details'!E45 -> 8.795949 | M46: {=LOOKUP(2, 1/((K46 >= $C$8:$C$20) * (K46 <= $D$8:$D$20)), $B$8:$B$20)} -> 0.055 | N46: {=LOOKUP(2, 1/((L46 >= $E$8:$E$20) * (L46 <= $F$8:$F$20)), $B$8:$B$20)} -> 0.025 | O46: ='Discount Details'!I45 -> 0 | P46: =M46+N46+O46 -> 0.08 | Q46: =P46*'Discount Details'!Q45 -> 476889.82 | R46: =MIN(P46, $S$2) -> 0.07 | S46: =R46*'Discount Details'!Q45 -> 417278.59 | T46: =Q46-S46 -> 59611.227 | V46: ='Discount Details'!U45 -> 421153.32 | W46: =Q46-V46 -> 55736.497 | X46: =S46-V46 -> -3874.7298 | Z46: ='Discount Details'!N45 -> 0.07065 | AA46: =P46-Z46 -> 0.00935 | AB46: =R46-Z46 -> -0.00065
B47: 0.045 | C47: =D48 -> 3.5 | D47: 7 | E47: =F48 -> 1.2 | F47: 2.4 | I47: ='Discount Details'!B46 -> 10338 | J47: ='Discount Details'!C46 -> Riverside Electric Co. | K47: ='Discount Details'!D46 -> 33.398769 | L47: ='Discount Details'!E46 -> 6.8651685 | M47: {=LOOKUP(2, 1/((K47 >= $C$8:$C$20) * (K47 <= $D$8:$D$20)), $B$8:$B$20)} -> 0.01 | N47: {=LOOKUP(2, 1/((L47 >= $E$8:$E$20) * (L47 <= $F$8:$F$20)), $B$8:$B$20)} -> 0.035 | O47: ='Discount Details'!I46 -> 0 | P47: =M47+N47+O47 -> 0.045 | Q47: =P47*'Discount Details'!Q46 -> 32978.181 | R47: =MIN(P47, $S$2) -> 0.045 | S47: =R47*'Discount Details'!Q46 -> 32978.181 | T47: =Q47-S47 -> 0 | V47: ='Discount Details'!U46 -> 25525.112 | W47: =Q47-V47 -> 7453.0689 | X47: =S47-V47 -> 7453.0689 | Z47: ='Discount Details'!N46 -> 0.03483 | AA47: =P47-Z47 -> 0.01017 | AB47: =R47-Z47 -> 0.01017
B48: 0.05 | C48: 0 | D48: 3.5 | E48: 0 | F48: 1.2 | I48: ='Discount Details'!B47 -> 10343 | J48: ='Discount Details'!C47 -> Salmon River Electric | K48: ='Discount Details'!D47 -> 8.3169332 | L48: ='Discount Details'!E47 -> 4.1208791 | M48: {=LOOKUP(2, 1/((K48 >= $C$8:$C$20) * (K48 <= $D$8:$D$20)), $B$8:$B$20)} -> 0.055 | N48: {=LOOKUP(2, 1/((L48 >= $E$8:$E$20) * (L48 <= $F$8:$F$20)), $B$8:$B$20)} -> 0.05 | O48: ='Discount Details'!I47 -> 0 | P48: =M48+N48+O48 -> 0.105 | Q48: =P48*'Discount Details'!Q47 -> 366784.6 | R48: =MIN(P48, $S$2) -> 0.07 | S48: =R48*'Discount Details'!Q47 -> 244523.06 | T48: =Q48-S48 -> 122261.53 | V48: ='Discount Details'!U47 -> 244523.06 | W48: =Q48-V48 -> 122261.53 | X48: =S48-V48 -> 0 | Z48: ='Discount Details'!N47 -> 0.07 | AA48: =P48-Z48 -> 0.035 | AB48: =R48-Z48 -> 0
I49: ='Discount Details'!B48 -> 10352 | J49: ='Discount Details'!C48 -> Skamania County PUD | K49: ='Discount Details'!D48 -> 4.1815388 | L49: ='Discount Details'!E48 -> 11.924866 | M49: {=LOOKUP(2, 1/((K49 >= $C$8:$C$20) * (K49 <= $D$8:$D$20)), $B$8:$B$20)} -> 0.06 | N49: {=LOOKUP(2, 1/((L49 >= $E$8:$E$20) * (L49 <= $F$8:$F$20)), $B$8:$B$20)} -> 0.005 | O49: ='Discount Details'!I48 -> 0 | P49: =M49+N49+O49 -> 0.065 | Q49: =P49*'Discount Details'!Q48 -> 329566.66 | R49: =MIN(P49, $S$2) -> 0.065 | S49: =R49*'Discount Details'!Q48 -> 329566.66 | T49: =Q49-S49 -> 0 | V49: ='Discount Details'!U48 -> 253512.82 | W49: =Q49-V49 -> 76053.845 | X49: =S49-V49 -> 76053.845 | Z49: ='Discount Details'!N48 -> 0.05 | AA49: =P49-Z49 -> 0.015 | AB49: =R49-Z49 -> 0.015
I50: ='Discount Details'!B49 -> 10360 | J50: ='Discount Details'!C49 -> South Side Electric | K50: ='Discount Details'!D49 -> 16.077496 | L50: ='Discount Details'!E49 -> 5.8219178 | M50: {=LOOKUP(2, 1/((K50 >= $C$8:$C$20) * (K50 <= $D$8:$D$20)), $B$8:$B$20)} -> 0.045 | N50: {=LOOKUP(2, 1/((L50 >= $E$8:$E$20) * (L50 <= $F$8:$F$20)), $B$8:$B$20)} -> 0.04 | O50: ='Discount Details'!I49 -> 0 | P50: =M50+N50+O50 -> 0.085 | Q50: =P50*'Discount Details'!Q49 -> 176100.29 | R50: =MIN(P50, $S$2) -> 0.07 | S50: =R50*'Discount Details'!Q49 -> 145023.77 | T50: =Q50-S50 -> 31076.522 | V50: ='Discount Details'!U49 -> 140797.36 | W50: =Q50-V50 -> 35302.929 | X50: =S50-V50 -> 4226.407 | Z50: ='Discount Details'!N49 -> 0.06796 | AA50: =P50-Z50 -> 0.01704 | AB50: =R50-Z50 -> 0.00204
I51: ='Discount Details'!B50 -> 10369 | J51: ='Discount Details'!C50 -> Surprise Valley Electric | K51: ='Discount Details'!D50 -> 4.7751032 | L51: ='Discount Details'!E50 -> 2.9154746 | M51: {=LOOKUP(2, 1/((K51 >= $C$8:$C$20) * (K51 <= $D$8:$D$20)), $B$8:$B$20)} -> 0.06 | N51: {=LOOKUP(2, 1/((L51 >= $E$8:$E$20) * (L51 <= $F$8:$F$20)), $B$8:$B$20)} -> 0.055 | O51: ='Discount Details'!I50 -> 0.005 | P51: =M51+N51+O51 -> 0.12 | Q51: =P51*'Discount Details'!Q50 -> 635406.14 | R51: =MIN(P51, $S$2) -> 0.07 | S51: =R51*'Discount Details'!Q50 -> 370653.58 | T51: =Q51-S51 -> 264752.56 | V51: ='Discount Details'!U50 -> 414549.55 | W51: =Q51-V51 -> 220856.58 | X51: =S51-V51 -> -43895.974 | Z51: ='Discount Details'!N50 -> 0.07829 | AA51: =P51-Z51 -> 0.04171 | AB51: =R51-Z51 -> -0.00829
I52: ='Discount Details'!B51 -> 10388 | J52: ='Discount Details'!C51 -> Umatilla Electric | K52: ='Discount Details'!D51 -> 28.393428 | L52: ='Discount Details'!E51 -> 7.3340848 | M52: {=LOOKUP(2, 1/((K52 >= $C$8:$C$20) * (K52 <= $D$8:$D$20)), $B$8:$B$20)} -> 0.02 | N52: {=LOOKUP(2, 1/((L52 >= $E$8:$E$20) * (L52 <= $F$8:$F$20)), $B$8:$B$20)} -> 0.035 | O52: ='Discount Details'!I51 -> 0 | P52: =M52+N52+O52 -> 0.055 | Q52: =P52*'Discount Details'!Q51 -> 1890375.4 | R52: =MIN(P52, $S$2) -> 0.055 | S52: =R52*'Discount Details'!Q51 -> 1890375.4 | T52: =Q52-S52 -> 0 | V52: ='Discount Details'!U51 -> 2020295.7 | W52: =Q52-V52 -> -129920.35 | X52: =S52-V52 -> -129920.35 | Z52: ='Discount Details'!N51 -> 0.05878 | AA52: =P52-Z52 -> -0.00378 | AB52: =R52-Z52 -> -0.00378
I53: ='Discount Details'!B52 -> 10391 | J53: ='Discount Details'!C52 -> United | K53: ='Discount Details'!D52 -> 18.219909 | L53: ='Discount Details'!E52 -> 11.878089 | M53: {=LOOKUP(2, 1/((K53 >= $C$8:$C$20) * (K53 <= $D$8:$D$20)), $B$8:$B$20)} -> 0.04 | N53: {=LOOKUP(2, 1/((L53 >= $E$8:$E$20) * (L53 <= $F$8:$F$20)), $B$8:$B$20)} -> 0.005 | O53: ='Discount Details'!I52 -> 0 | P53: =M53+N53+O53 -> 0.045 | Q53: =P53*'Discount Details'!Q52 -> 416749.03 | R53: =MIN(P53, $S$2) -> 0.045 | S53: =R53*'Discount Details'!Q52 -> 416749.03 | T53: =Q53-S53 -> 0 | V53: ='Discount Details'!U52 -> 352662.29 | W53: =Q53-V53 -> 64086.739 | X53: =S53-V53 -> 64086.739 | Z53: ='Discount Details'!N52 -> 0.03808 | AA53: =P53-Z53 -> 0.00692 | AB53: =R53-Z53 -> 0.00692
I54: ='Discount Details'!B53 -> 10436 | J54: ='Discount Details'!C53 -> Vigilante Electric Coop. | K54: ='Discount Details'!D53 -> 6.6361522 | L54: ='Discount Details'!E53 -> 4.082838 | M54: {=LOOKUP(2, 1/((K54 >= $C$8:$C$20) * (K54 <= $D$8:$D$20)), $B$8:$B$20)} -> 0.055 | N54: {=LOOKUP(2, 1/((L54 >= $E$8:$E$20) * (L54 <= $F$8:$F$20)), $B$8:$B$20)} -> 0.05 | O54: ='Discount Details'!I53 -> 0 | P54: =M54+N54+O54 -> 0.105 | Q54: =P54*'Discount Details'!Q53 -> 624795.69 | R54: =MIN(P54, $S$2) -> 0.07 | S54: =R54*'Discount Details'!Q53 -> 416530.46 | T54: =Q54-S54 -> 208265.23 | V54: ='Discount Details'!U53 -> 541489.6 | W54: =Q54-V54 -> 83306.092 | X54: =S54-V54 -> -124959.14 | Z54: ='Discount Details'!N53 -> 0.091 | AA54: =P54-Z54 -> 0.014 | AB54: =R54-Z54 -> -0.021
I55: ='Discount Details'!B54 -> 10440 | J55: ='Discount Details'!C54 -> Wahkiakum County PUD | K55: ='Discount Details'!D54 -> 4.3866103 | L55: ='Discount Details'!E54 -> 10.503876 | M55: {=LOOKUP(2, 1/((K55 >= $C$8:$C$20) * (K55 <= $D$8:$D$20)), $B$8:$B$20)} -> 0.06 | N55: {=LOOKUP(2, 1/((L55 >= $E$8:$E$20) * (L55 <= $F$8:$F$20)), $B$8:$B$20)} -> 0.015 | O55: ='Discount Details'!I54 -> 0 | P55: =M55+N55+O55 -> 0.075 | Q55: =P55*'Discount Details'!Q54 -> 115550.76 | R55: =MIN(P55, $S$2) -> 0.07 | S55: =R55*'Discount Details'!Q54 -> 107847.38 | T55: =Q55-S55 -> 7703.3841 | V55: ='Discount Details'!U54 -> 88912.459 | W55: =Q55-V55 -> 26638.302 | X55: =S55-V55 -> 18934.918 | Z55: ='Discount Details'!N54 -> 0.05771 | AA55: =P55-Z55 -> 0.01729 | AB55: =R55-Z55 -> 0.01229
I56: ='Discount Details'!B55 -> 10442 | J56: ='Discount Details'!C55 -> Wasco Electric Coop. | K56: ='Discount Details'!D55 -> 3.8363764 | L56: ='Discount Details'!E55 -> 2.9354037 | M56: {=LOOKUP(2, 1/((K56 >= $C$8:$C$20) * (K56 <= $D$8:$D$20)), $B$8:$B$20)} -> 0.06 | N56: {=LOOKUP(2, 1/((L56 >= $E$8:$E$20) * (L56 <= $F$8:$F$20)), $B$8:$B$20)} -> 0.055 | O56: ='Discount Details'!I55 -> 0.005 | P56: =M56+N56+O56 -> 0.12 | Q56: =P56*'Discount Details'!Q55 -> 495240.16 | R56: =MIN(P56, $S$2) -> 0.07 | S56: =R56*'Discount Details'!Q55 -> 288890.09 | T56: =Q56-S56 -> 206350.07 | V56: ='Discount Details'!U55 -> 288890.09 | W56: =Q56-V56 -> 206350.07 | X56: =S56-V56 -> 0 | Z56: ='Discount Details'!N55 -> 0.07 | AA56: =P56-Z56 -> 0.05 | AB56: =R56-Z56 -> 0
I57: ='Discount Details'!B56 -> 10446 | J57: ='Discount Details'!C56 -> Wells Rural Electric Co. | K57: ='Discount Details'!D56 -> 19.721393 | L57: ='Discount Details'!E56 -> 3.1468373 | M57: {=LOOKUP(2, 1/((K57 >= $C$8:$C$20) * (K57 <= $D$8:$D$20)), $B$8:$B$20)} -> 0.04 | N57: {=LOOKUP(2, 1/((L57 >= $E$8:$E$20) * (L57 <= $F$8:$F$20)), $B$8:$B$20)} -> 0.05 | O57: ='Discount Details'!I56 -> 0 | P57: =M57+N57+O57 -> 0.09 | Q57: =P57*'Discount Details'!Q56 -> 2577882.5 | R57: =MIN(P57, $S$2) -> 0.07 | S57: =R57*'Discount Details'!Q56 -> 2005019.7 | T57: =Q57-S57 -> 572862.78 | V57: ='Discount Details'!U56 -> 1885864.3 | W57: =Q57-V57 -> 692018.23 | X57: =S57-V57 -> 119155.46 | Z57: ='Discount Details'!N56 -> 0.06584 | AA57: =P57-Z57 -> 0.02416 | AB57: =R57-Z57 -> 0.00416
I58: ='Discount Details'!B57 -> 10448 | J58: ='Discount Details'!C57 -> West Oregon Electric | K58: ='Discount Details'!D57 -> 2.3434312 | L58: ='Discount Details'!E57 -> 7.1359375 | M58: {=LOOKUP(2, 1/((K58 >= $C$8:$C$20) * (K58 <= $D$8:$D$20)), $B$8:$B$20)} -> 0.06 | N58: {=LOOKUP(2, 1/((L58 >= $E$8:$E$20) * (L58 <= $F$8:$F$20)), $B$8:$B$20)} -> 0.035 | O58: ='Discount Details'!I57 -> 0 | P58: =M58+N58+O58 -> 0.095 | Q58: =P58*'Discount Details'!Q57 -> 252055.28 | R58: =MIN(P58, $S$2) -> 0.07 | S58: =R58*'Discount Details'!Q57 -> 185724.94 | T58: =Q58-S58 -> 66330.337 | V58: ='Discount Details'!U57 -> 185724.94 | W58: =Q58-V58 -> 66330.337 | X58: =S58-V58 -> 0 | Z58: ='Discount Details'!N57 -> 0.07 | AA58: =P58-Z58 -> 0.025 | AB58: =R58-Z58 -> 0
I59: ='Discount Details'!B58 -> 10502 | J59: ='Discount Details'!C58 -> Yakama Power | K59: ='Discount Details'!D58 -> 3.6895777 | L59: ='Discount Details'!E58 -> 4.2549858 | M59: {=LOOKUP(2, 1/((K59 >= $C$8:$C$20) * (K59 <= $D$8:$D$20)), $B$8:$B$20)} -> 0.06 | N59: {=LOOKUP(2, 1/((L59 >= $E$8:$E$20) * (L59 <= $F$8:$F$20)), $B$8:$B$20)} -> 0.05 | O59: ='Discount Details'!I58 -> 0 | P59: =M59+N59+O59 -> 0.11 | Q59: =P59*'Discount Details'!Q58 -> 642671.59 | R59: =MIN(P59, $S$2) -> 0.07 | S59: =R59*'Discount Details'!Q58 -> 408972.83 | T59: =Q59-S59 -> 233698.76 | V59: ='Discount Details'!U58 -> 408972.83 | W59: =Q59-V59 -> 233698.76 | X59: =S59-V59 -> 0 | Z59: ='Discount Details'!N58 -> 0.07 | AA59: =P59-Z59 -> 0.04 | AB59: =R59-Z59 -> 0
I61: SUMMARY STATISTICS | K61: Killowatthour/ Investment Ratio | L61: Consumers/ Mile of Line Ratio | M61: K/I % | N61: C/M % | O61: Very Low Density Adjustment | P61: Eligible LDD Before Cap | Q61: $ | R61: Eligible LDD with After Cap | S61: $ | T61: Δ Uncapped and Capped | V61: STATUS QUO Applicable LDD $ | W61: Before Cap to Status Quo | X61: After Cap to Status Quo | Z61: STATUS QUO Applicable LDD % | AA61: Before Cap Percentage Difference | AB61: After Cap Percentage Difference
J62: Average | K62: =AVERAGE(K7:K59) -> 9.2952949 | L62: =AVERAGE(L7:L59) -> 6.8134844 | M62: =AVERAGE(M7:M59) -> 0.051698113 | N62: =AVERAGE(N7:N59) -> 0.034528302 | O62: =AVERAGE(O7:O59) -> 0.00056603774 | P62: =AVERAGE(P7:P59) -> 0.086792453 | Q62: =AVERAGE(Q7:Q59) -> 848715.63 | R62: =AVERAGE(R7:R59) -> 0.066698113 | ... T62: =AVERAGE(T7:T59) -> 163476.45 | V62: =AVERAGE(V7:V59) -> 686366.91 | W62: =AVERAGE(W7:W59) -> 162348.73 | X62: =AVERAGE(X7:X59) -> -1127.7266 | Y62: =AVERAGE(Y7:Y59) -> #DIV/0! | Z62: =AVERAGE(Z7:Z59) -> 0.068551321 | AA62: =AVERAGE(AA7:AA59) -> 0.018241132 | AB62: =AVERAGE(AB7:AB59) -> -0.0018532075
J63: Median | K63: =MEDIAN(K7:K59) -> 6.6361522 | L63: =MEDIAN(L7:L59) -> 6.958292 | M63: =MEDIAN(M7:M59) -> 0.055 | N63: =MEDIAN(N7:N59) -> 0.035 | O63: =MEDIAN(O7:O59) -> 0 | P63: =MEDIAN(P7:P59) -> 0.09 | Q63: =MEDIAN(Q7:Q59) -> 624795.69 | R63: =MEDIAN(R7:R59) -> 0.07 | ... T63: =MEDIAN(T7:T59) -> 121645.12 | V63: =MEDIAN(V7:V59) -> 453673.57 | W63: =MEDIAN(W7:W59) -> 109011.45 | X63: =MEDIAN(X7:X59) -> 0 | Y63: =MEDIAN(Y7:Y59) -> #NUM! | Z63: =MEDIAN(Z7:Z59) -> 0.07 | AA63: =MEDIAN(AA7:AA59) -> 0.0166 | AB63: =MEDIAN(AB7:AB59) -> 0
J64: P10 | K64: =PERCENTILE(K7:K59,0.1) -> 3.7189374 | L64: =PERCENTILE(L7:L59,0.1) -> 2.9776905 | M64: =PERCENTILE(M7:M59,0.1) -> 0.041 | N64: =PERCENTILE(N7:N59,0.1) -> 0.011 | O64: =PERCENTILE(O7:O59,0.1) -> 0 | P64: =PERCENTILE(P7:P59,0.1) -> 0.057 | Q64: =PERCENTILE(Q7:Q59,0.1) -> 132173.15 | R64: =PERCENTILE(R7:R59,0.1) -> 0.057 | ... T64: =PERCENTILE(T7:T59,0.1) -> 0 | V64: =PERCENTILE(V7:V59,0.1) -> 99289.439 | W64: =PERCENTILE(W7:W59,0.1) -> 7494.6963 | X64: =PERCENTILE(X7:X59,0.1) -> -138937.36 | Y64: =PERCENTILE(Y7:Y59,0.1) -> #NUM! | Z64: =PERCENTILE(Z7:Z59,0.1) -> 0.05 | AA64: =PERCENTILE(AA7:AA59,0.1) -> 0.004964 | AB64: =PERCENTILE(AB7:AB59,0.1) -> -0.015622
J65: P90 | K65: =PERCENTILE(K7:K59,0.9) -> 17.791427 | L65: =PERCENTILE(L7:L59,0.9) -> 10.822593 | M65: =PERCENTILE(M7:M59,0.9) -> 0.06 | N65: =PERCENTILE(N7:N59,0.9) -> 0.054 | O65: =PERCENTILE(O7:O59,0.9) -> 0.004 | P65: =PERCENTILE(P7:P59,0.9) -> 0.11 | Q65: =PERCENTILE(Q7:Q59,0.9) -> 1886317.8 | R65: =PERCENTILE(R7:R59,0.9) -> 0.07 | ... T65: =PERCENTILE(T7:T59,0.9) -> 375247.67 | V65: =PERCENTILE(V7:V59,0.9) -> 1518546.6 | W65: =PERCENTILE(W7:W59,0.9) -> 374327.29 | X65: =PERCENTILE(X7:X59,0.9) -> 142422.68 | Y65: =PERCENTILE(Y7:Y59,0.9) -> #NUM! | Z65: =PERCENTILE(Z7:Z59,0.9) -> 0.085622 | AA65: =PERCENTILE(AA7:AA59,0.9) -> 0.038408 | AB65: =PERCENTILE(AB7:AB59,0.9) -> 0.011974

Sheet Scenario Summary
B1: Scenario Summary
B2: (Excluding Phase-In Adjustment Procedure) | N2: Input Alt 1 cap below, if no cap type 0 | O2: Input Alt 2 cap below, if no cap type 0 | R2: Alternative 1 - Linear | W2: Alternative 2 - Logarithmic
N3: 0.09 | O3: 0.08 | R3: =R59 -> 36373097 | S3: =S59 -> 40854229 | T3: =T59 -> 41042620 | U3: =U59 -> 4481131.6 | W3: =W59 -> 36373097 | X3: =X59 -> 42411508 | Y3: =Y59 -> 42593676 | Z3: =Z59 -> 6220579
B5: BESID | C5: Preference Customer Name | D5: Tier 1 Load 2024 MWh | E5: TRL - NLSL - Existing Resource 2028 aMW | F5: Forecasted PoC CHWM aMW | G5: Forecasted Tier 1 Load 2029 MWh | H5: BP24 Tier 1 Effective Rate | I5: Forecast 2024 Tier 1 Costs (2024 Effective Rate * Forecast 2024 Tier 1 Loads) | J5: Forecast 2029 Tier 1 Costs (2024 Effective Rate * Forecast 2029 Tier 1 Loads) | K5: Forecast POC CHWM Costs (2024 Effective Rate * POC CHWMs) | M5: Status Quo Applicable LDD 2024 | N5: Alternative 1 Eligible LDD 2029 | O5: Alternative 2 Eligible LDD 2029 | R5: 2024 LDD Status Quo | S5: 2029 Tier 1 Load LDD | T5: POC CHWM Load LDD | U5: Delta POC CHWM and Status Quo ($) | V5: Delta (%) | W5: 2024 LDD Status Quo | X5: 2029 Tier 1 Load LDD | Y5: POC CHWM Load LDD | Z5: Delta POC CHWM and Status Quo ($) | AA5: Delta (%) | AC5: BP24 Tier 1 Revenue Requirement with Surplus Slice (000s)
B6: ='Discount Details'!B6 -> 10005 | C6: ='Discount Details'!C6 -> Alder Mutual Light | D6: 0 | E6: =IFERROR(VLOOKUP(B6,'FY 2028 RHWM Values'!B:H,7,FALSE), 0) -> 0 | F6: =IFERROR(VLOOKUP(B6,'POC CHWM Calculation'!A$4:R$136,17,FALSE), 0) -> 0 | G6: =MIN(E6,F6)*8760 -> 0 | H6: ='Discount Details'!S6 -> 36.400732 | I6: =H6*D6 -> 0 | J6: =G6*H6 -> 0 | K6: =F6*H6*8760 -> 0 | M6: ='Discount Details'!N6 -> 0.02482 | N6: =IF($N$3=0,'LDD Alt 1'!P7,MIN('Scenario Summary'!$N$3,'LDD Alt 1'!P7)) -> 0.025 | O6: =IF($O$3=0, 'LDD Alt 2'!P7, MIN('LDD Alt 2'!P7, 'Scenario Summary'!$O$3)) -> 0.03 | Q6: =C6 -> Alder Mutual Light | R6: =M6*I6 -> 0 | S6: =N6*J6 -> 0 | T6: =N6*K6 -> 0 | W6: =M6*I6 -> 0 | X6: =O6*J6 -> 0 | Y6: =O6*K6 -> 0 | AC6: 2123795.9
B7: ='Discount Details'!B7 -> 10025 | C7: ='Discount Details'!C7 -> Benton Rural Elect. Assoc. | D7: ='Discount Details'!R7 -> 519652.25 | E7: =IFERROR(VLOOKUP(B7,'FY 2028 RHWM Values'!B:H,7,FALSE), 0) -> 75.931 | F7: =IFERROR(VLOOKUP(B7,'POC CHWM Calculation'!A$4:R$136,17,FALSE), 0) -> 65.650557 | G7: =MIN(E7,F7)*8760 -> 575098.88 | H7: ='Discount Details'!S7 -> 35.595241 | I7: =H7*D7 -> 18497147 | J7: =G7*H7 -> 20470783 | K7: =F7*H7*8760 -> 20470783 | M7: ='Discount Details'!N7 -> 0.05976 | N7: =IF($N$3=0,'LDD Alt 1'!P8,MIN('Scenario Summary'!$N$3,'LDD Alt 1'!P8)) -> 0.07 | O7: =IF($O$3=0, 'LDD Alt 2'!P8, MIN('LDD Alt 2'!P8, 'Scenario Summary'!$O$3)) -> 0.08 | Q7: =C7 -> Benton Rural Elect. Assoc. | R7: =M7*I7 -> 1105389.5 | S7: =N7*J7 -> 1432954.8 | T7: =N7*K7 -> 1432954.8 | U7: =T7-R7 -> 327565.32 | V7: =T7/R7-1 -> 0.29633475 | W7: =M7*I7 -> 1105389.5 | X7: =O7*J7 -> 1637662.6 | Y7: =O7*K7 -> 1637662.6 | Z7: =Y7-W7 -> 532273.14 | AA7: =Y7/W7-1 -> 0.48152543
B8: ='Discount Details'!B8 -> 10027 | C8: ='Discount Details'!C8 -> Big Bend Electric Coop. | D8: ='Discount Details'!R8 -> 537528.1 | E8: =IFERROR(VLOOKUP(B8,'FY 2028 RHWM Values'!B:H,7,FALSE), 0) -> 68.838 | F8: =IFERROR(VLOOKUP(B8,'POC CHWM Calculation'!A$4:R$136,17,FALSE), 0) -> 64.932592 | G8: =MIN(E8,F8)*8760 -> 568809.51 | H8: ='Discount Details'!S8 -> 34.790508 | I8: =H8*D8 -> 18700875 | J8: =G8*H8 -> 19789171 | K8: =F8*H8*8760 -> 19789171 | M8: ='Discount Details'!N8 -> 0.07755 | N8: =IF($N$3=0,'LDD Alt 1'!P9,MIN('Scenario Summary'!$N$3,'LDD Alt 1'!P9)) -> 0.085 | O8: =IF($O$3=0, 'LDD Alt 2'!P9, MIN('LDD Alt 2'!P9, 'Scenario Summary'!$O$3)) -> 0.08 | Q8: =C8 -> Big Bend Electric Coop. | R8: =M8*I8 -> 1450252.9 | S8: =N8*J8 -> 1682079.6 | T8: =N8*K8 -> 1682079.6 | U8: =T8-R8 -> 231826.7 | V8: =T8/R8-1 -> 0.1598526 | W8: =M8*I8 -> 1450252.9 | X8: =O8*J8 -> 1583133.7 | Y8: =O8*K8 -> 1583133.7 | Z8: =Y8-W8 -> 132880.84 | AA8: =Y8/W8-1 -> 0.09162598 | AC8: 2% of Rev Req
B9: ='Discount Details'!B9 -> 10029 | C9: ='Discount Details'!C9 -> Blachly-Lane Electric | D9: ='Discount Details'!R9 -> 154758.14 | E9: =IFERROR(VLOOKUP(B9,'FY 2028 RHWM Values'!B:H,7,FALSE), 0) -> 24.669 | F9: 18.828089 | G9: =MIN(E9,F9)*8760 -> 164934.06 | H9: ='Discount Details'!S9 -> 36.648339 | I9: =H9*D9 -> 5671628.6 | J9: =G9*H9 -> 6044559.4 | K9: =F9*H9*8760 -> 6044559.4 | M9: ='Discount Details'!N9 -> 0.07999 | N9: =IF($N$3=0,'LDD Alt 1'!P10,MIN('Scenario Summary'!$N$3,'LDD Alt 1'!P10)) -> 0.075 | O9: =IF($O$3=0, 'LDD Alt 2'!P10, MIN('LDD Alt 2'!P10, 'Scenario Summary'!$O$3)) -> 0.08 | Q9: =C9 -> Blachly-Lane Electric | R9: =M9*I9 -> 453673.57 | S9: =N9*J9 -> 453341.96 | T9: =N9*K9 -> 453341.96 | U9: =T9-R9 -> -331.6158 | V9: =T9/R9-1 -> -0.00073095685 | W9: =M9*I9 -> 453673.57 | X9: =O9*J9 -> 483564.75 | Y9: =O9*K9 -> 483564.75 | Z9: =Y9-W9 -> 29891.181 | AA9: =Y9/W9-1 -> 0.065886979 | AC9: =AC6*0.02 -> 42475.919
B10: ='Discount Details'!B10 -> 10065 | C10: ='Discount Details'!C10 -> City of Cascade Locks | D10: ='Discount Details'!R10 -> 20888.352 | E10: =IFERROR(VLOOKUP(B10,'FY 2028 RHWM Values'!B:H,7,FALSE), 0) -> 5.373 | F10: =IFERROR(VLOOKUP(B10,'POC CHWM Calculation'!A$4:R$136,17,FALSE), 0) -> 3.0052261 | G10: =MIN(E10,F10)*8760 -> 26325.781 | H10: ='Discount Details'!S10 -> 33.690023 | I10: =H10*D10 -> 703729.07 | J10: =G10*H10 -> 886916.18 | K10: =F10*H10*8760 -> 886916.18 | M10: ='Discount Details'!N10 -> 0.06635 | N10: =IF($N$3=0,'LDD Alt 1'!P11,MIN('Scenario Summary'!$N$3,'LDD Alt 1'!P11)) -> 0.04 | O10: =IF($O$3=0, 'LDD Alt 2'!P11, MIN('LDD Alt 2'!P11, 'Scenario Summary'!$O$3)) -> 0.055 | Q10: =C10 -> City of Cascade Locks | R10: =M10*I10 -> 46692.424 | S10: =N10*J10 -> 35476.647 | T10: =N10*K10 -> 35476.647 | U10: =T10-R10 -> -11215.776 | V10: =T10/R10-1 -> -0.24020549 | W10: =M10*I10 -> 46692.424 | X10: =O10*J10 -> 48780.39 | Y10: =O10*K10 -> 48780.39 | Z10: =Y10-W10 -> 2087.9662 | AA10: =Y10/W10-1 -> 0.044717453
B11: ='Discount Details'!B11 -> 10046 | C11: ='Discount Details'!C11 -> Central Electric | D11: ='Discount Details'!R11 -> 719066.86 | E11: =IFERROR(VLOOKUP(B11,'FY 2028 RHWM Values'!B:H,7,FALSE), 0) -> 105.331 | F11: =IFERROR(VLOOKUP(B11,'POC CHWM Calculation'!A$4:R$136,17,FALSE), 0) -> 88.639792 | G11: =MIN(E11,F11)*8760 -> 776484.58 | H11: ='Discount Details'!S11 -> 36.648339 | I11: =H11*D11 -> 26352606 | J11: =G11*H11 -> 28456870 | K11: =F11*H11*8760 -> 28456870 | M11: ='Discount Details'!N11 -> 0.07852 | N11: =IF($N$3=0,'LDD Alt 1'!P12,MIN('Scenario Summary'!$N$3,'LDD Alt 1'!P12)) -> 0.08 | O11: =IF($O$3=0, 'LDD Alt 2'!P12, MIN('LDD Alt 2'!P12, 'Scenario Summary'!$O$3)) -> 0.08 | Q11: =C11 -> Central Electric | R11: =M11*I11 -> 2069206.6 | S11: =N11*J11 -> 2276549.6 | T11: =N11*K11 -> 2276549.6 | U11: =T11-R11 -> 207342.97 | V11: =T11/R11-1 -> 0.10020409 | W11: =M11*I11 -> 2069206.6 | X11: =O11*J11 -> 2276549.6 | Y11: =O11*K11 -> 2276549.6 | Z11: =Y11-W11 -> 207342.97 | AA11: =Y11/W11-1 -> 0.10020409
B12: ='Discount Details'!B12 -> 10101 | C12: ='Discount Details'!C12 -> Clallam County PUD | D12: ='Discount Details'!R12 -> 667829.95 | E12: =IFERROR(VLOOKUP(B12,'FY 2028 RHWM Values'!B:H,7,FALSE), 0) -> 80.946 | F12: =IFERROR(VLOOKUP(B12,'POC CHWM Calculation'!A$4:R$136,17,FALSE), 0) -> 80.505683 | G12: =MIN(E12,F12)*8760 -> 705229.78 | H12: ='Discount Details'!S12 -> 36.471766 | I12: =H12*D12 -> 24356937 | J12: =G12*H12 -> 25720975 | K12: =F12*H12*8760 -> 25720975 | M12: ='Discount Details'!N12 -> 0.05095 | N12: =IF($N$3=0,'LDD Alt 1'!P13,MIN('Scenario Summary'!$N$3,'LDD Alt 1'!P13)) -> 0.06 | O12: =IF($O$3=0, 'LDD Alt 2'!P13, MIN('LDD Alt 2'!P13, 'Scenario Summary'!$O$3)) -> 0.065 | Q12: =C12 -> Clallam County PUD | R12: =M12*I12 -> 1240986 | S12: =N12*J12 -> 1543258.5 | T12: =N12*K12 -> 1543258.5 | U12: =T12-R12 -> 302272.55 | V12: =T12/R12-1 -> 0.24357451 | W12: =M12*I12 -> 1240986 | X12: =O12*J12 -> 1671863.4 | Y12: =O12*K12 -> 1671863.4 | Z12: =Y12-W12 -> 430877.43 | AA12: =Y12/W12-1 -> 0.34720572
B13: ='Discount Details'!B13 -> 10106 | C13: ='Discount Details'!C13 -> Clearwater Power | D13: ='Discount Details'!R13 -> 209779.8 | E13: =IFERROR(VLOOKUP(B13,'FY 2028 RHWM Values'!B:H,7,FALSE), 0) -> 27.9 | F13: =IFERROR(VLOOKUP(B13,'POC CHWM Calculation'!A$4:R$136,17,FALSE), 0) -> 25.083611 | G13: =MIN(E13,F13)*8760 -> 219732.43 | H13: ='Discount Details'!S13 -> 36.648339 | I13: =H13*D13 -> 7688081.3 | J13: =G13*H13 -> 8052828.6 | K13: =F13*H13*8760 -> 8052828.6 | M13: ='Discount Details'!N13 -> 0.07074 | N13: =IF($N$3=0,'LDD Alt 1'!P14,MIN('Scenario Summary'!$N$3,'LDD Alt 1'!P14)) -> 0.09 | O13: =IF($O$3=0, 'LDD Alt 2'!P14, MIN('LDD Alt 2'!P14, 'Scenario Summary'!$O$3)) -> 0.08 | Q13: =C13 -> Clearwater Power | R13: =M13*I13 -> 543854.87 | S13: =N13*J13 -> 724754.57 | T13: =N13*K13 -> 724754.57 | U13: =T13-R13 -> 180899.7 | V13: =T13/R13-1 -> 0.33262495 | W13: =M13*I13 -> 543854.87 | X13: =O13*J13 -> 644226.29 | Y13: =O13*K13 -> 644226.29 | Z13: =Y13-W13 -> 100371.41 | AA13: =Y13/W13-1 -> 0.18455551
B14: ='Discount Details'!B14 -> 10109 | C14: ='Discount Details'!C14 -> Columbia Basin Coop. | D14: ='Discount Details'!R14 -> 106443.95 | E14: =IFERROR(VLOOKUP(B14,'FY 2028 RHWM Values'!B:H,7,FALSE), 0) -> 27.523 | F14: =IFERROR(VLOOKUP(B14,'POC CHWM Calculation'!A$4:R$136,17,FALSE), 0) -> 13.495601 | G14: =MIN(E14,F14)*8760 -> 118221.46 | H14: ='Discount Details'!S14 -> 36.65232 | I14: =H14*D14 -> 3901417.8 | J14: =G14*H14 -> 4333090.9 | K14: =F14*H14*8760 -> 4333090.9 | M14: ='Discount Details'!N14 -> 0.08569 | N14: =IF($N$3=0,'LDD Alt 1'!P15,MIN('Scenario Summary'!$N$3,'LDD Alt 1'!P15)) -> 0.09 | O14: =IF($O$3=0, 'LDD Alt 2'!P15, MIN('LDD Alt 2'!P15, 'Scenario Summary'!$O$3)) -> 0.08 | Q14: =C14 -> Columbia Basin Coop. | R14: =M14*I14 -> 334312.49 | S14: =N14*J14 -> 389978.19 | T14: =N14*K14 -> 389978.19 | U14: =T14-R14 -> 55665.692 | V14: =T14/R14-1 -> 0.16650796 | W14: =M14*I14 -> 334312.49 | X14: =O14*J14 -> 346647.28 | Y14: =O14*K14 -> 346647.28 | Z14: =Y14-W14 -> 12334.783 | AA14: =Y14/W14-1 -> 0.036895968
B15: ='Discount Details'!B15 -> 10111 | C15: ='Discount Details'!C15 -> Columbia Power Coop. | D15: ='Discount Details'!R15 -> 27554.403 | E15: =IFERROR(VLOOKUP(B15,'FY 2028 RHWM Values'!B:H,7,FALSE), 0) -> 3.217 | F15: =IFERROR(VLOOKUP(B15,'POC CHWM Calculation'!A$4:R$136,17,FALSE), 0) -> 3.3225894 | G15: =MIN(E15,F15)*8760 -> 28180.92 | H15: ='Discount Details'!S15 -> 36.652149 | I15: =H15*D15 -> 1009928.1 | J15: =G15*H15 -> 1032891.3 | K15: =F15*H15*8760 -> 1066793.2 | M15: ='Discount Details'!N15 -> 0.07 | N15: =IF($N$3=0,'LDD Alt 1'!P16,MIN('Scenario Summary'!$N$3,'LDD Alt 1'!P16)) -> 0.09 | O15: =IF($O$3=0, 'LDD Alt 2'!P16, MIN('LDD Alt 2'!P16, 'Scenario Summary'!$O$3)) -> 0.08 | Q15: =C15 -> Columbia Power Coop. | R15: =M15*I15 -> 70694.966 | S15: =N15*J15 -> 92960.214 | T15: =N15*K15 -> 96011.385 | U15: =T15-R15 -> 25316.42 | V15: =T15/R15-1 -> 0.35810781 | W15: =M15*I15 -> 70694.966 | X15: =O15*J15 -> 82631.302 | Y15: =O15*K15 -> 85343.454 | Z15: =Y15-W15 -> 14648.488 | AA15: =Y15/W15-1 -> 0.20720695
B16: ='Discount Details'!B16 -> 10113 | C16: ='Discount Details'!C16 -> Columbia REA | D16: ='Discount Details'!R16 -> 331095.31 | E16: =IFERROR(VLOOKUP(B16,'FY 2028 RHWM Values'!B:H,7,FALSE), 0) -> 45.295 | F16: =IFERROR(VLOOKUP(B16,'POC CHWM Calculation'!A$4:R$136,17,FALSE), 0) -> 40.724279 | G16: =MIN(E16,F16)*8760 -> 356744.68 | H16: ='Discount Details'!S16 -> 33.767621 | I16: =H16*D16 -> 11180301 | J16: =G16*H16 -> 12046419 | K16: =F16*H16*8760 -> 12046419 | M16: ='Discount Details'!N16 -> 0.08083 | N16: =IF($N$3=0,'LDD Alt 1'!P17,MIN('Scenario Summary'!$N$3,'LDD Alt 1'!P17)) -> 0.09 | O16: =IF($O$3=0, 'LDD Alt 2'!P17, MIN('LDD Alt 2'!P17, 'Scenario Summary'!$O$3)) -> 0.08 | Q16: =C16 -> Columbia REA | R16: =M16*I16 -> 903703.73 | S16: =N16*J16 -> 1084177.7 | T16: =N16*K16 -> 1084177.7 | U16: =T16-R16 -> 180474 | V16: =T16/R16-1 -> 0.19970483 | W16: =M16*I16 -> 903703.73 | X16: =O16*J16 -> 963713.54 | Y16: =O16*K16 -> 963713.54 | Z16: =Y16-W16 -> 60009.808 | AA16: =Y16/W16-1 -> 0.066404294
B17: ='Discount Details'!B17 -> 10118 | C17: ='Discount Details'!C17 -> Consumers Power | D17: ='Discount Details'!R17 -> 401248.01 | E17: =IFERROR(VLOOKUP(B17,'FY 2028 RHWM Values'!B:H,7,FALSE), 0) -> 49.863 | F17: =IFERROR(VLOOKUP(B17,'POC CHWM Calculation'!A$4:R$136,17,FALSE), 0) -> 48.206094 | G17: =MIN(E17,F17)*8760 -> 422285.39 | H17: ='Discount Details'!S17 -> 36.648339 | I17: =H17*D17 -> 14705073 | J17: =G17*H17 -> 15476058 | K17: =F17*H17*8760 -> 15476058 | M17: ='Discount Details'!N17 -> 0.07004 | N17: =IF($N$3=0,'LDD Alt 1'!P18,MIN('Scenario Summary'!$N$3,'LDD Alt 1'!P18)) -> 0.08 | O17: =IF($O$3=0, 'LDD Alt 2'!P18, MIN('LDD Alt 2'!P18, 'Scenario Summary'!$O$3)) -> 0.08 | Q17: =C17 -> Consumers Power | R17: =M17*I17 -> 1029943.3 | S17: =N17*J17 -> 1238084.6 | T17: =N17*K17 -> 1238084.6 | U17: =T17-R17 -> 208141.32 | V17: =T17/R17-1 -> 0.20209007 | W17: =M17*I17 -> 1029943.3 | X17: =O17*J17 -> 1238084.6 | Y17: =O17*K17 -> 1238084.6 | Z17: =Y17-W17 -> 208141.32 | AA17: =Y17/W17-1 -> 0.20209007
B18: ='Discount Details'!B18 -> 10121 | C18: ='Discount Details'!C18 -> Coos-Curry Electric | D18: ='Discount Details'!R18 -> 346958.56 | E18: =IFERROR(VLOOKUP(B18,'FY 2028 RHWM Values'!B:H,7,FALSE), 0) -> 40.186 | F18: =IFERROR(VLOOKUP(B18,'POC CHWM Calculation'!A$4:R$136,17,FALSE), 0) -> 42.075685 | G18: =MIN(E18,F18)*8760 -> 352029.36 | H18: ='Discount Details'!S18 -> 36.648322 | I18: =H18*D18 -> 12715449 | J18: =G18*H18 -> 12901285 | K18: =F18*H18*8760 -> 13507948 | M18: ='Discount Details'!N18 -> 0.06 | N18: =IF($N$3=0,'LDD Alt 1'!P19,MIN('Scenario Summary'!$N$3,'LDD Alt 1'!P19)) -> 0.07 | O18: =IF($O$3=0, 'LDD Alt 2'!P19, MIN('LDD Alt 2'!P19, 'Scenario Summary'!$O$3)) -> 0.08 | Q18: =C18 -> Coos-Curry Electric | R18: =M18*I18 -> 762926.93 | S18: =N18*J18 -> 903089.97 | T18: =N18*K18 -> 945556.39 | U18: =T18-R18 -> 182629.45 | V18: =T18/R18-1 -> 0.23938001 | W18: =M18*I18 -> 762926.93 | X18: =O18*J18 -> 1032102.8 | Y18: =O18*K18 -> 1080635.9 | Z18: =Y18-W18 -> 317708.94 | AA18: =Y18/W18-1 -> 0.41643429
B19: ='Discount Details'!B19 -> 10136 | C19: ='Discount Details'!C19 -> Douglas Electric Coop. | D19: ='Discount Details'!R19 -> 161608.7 | E19: =IFERROR(VLOOKUP(B19,'FY 2028 RHWM Values'!B:H,7,FALSE), 0) -> 18.58 | F19: =IFERROR(VLOOKUP(B19,'POC CHWM Calculation'!A$4:R$136,17,FALSE), 0) -> 19.343112 | G19: =MIN(E19,F19)*8760 -> 162760.8 | H19: ='Discount Details'!S19 -> 36.648402 | I19: =H19*D19 -> 5922700.4 | J19: =G19*H19 -> 5964923.2 | K19: =F19*H19*8760 -> 6209912.7 | M19: ='Discount Details'!N19 -> 0.07 | N19: =IF($N$3=0,'LDD Alt 1'!P20,MIN('Scenario Summary'!$N$3,'LDD Alt 1'!P20)) -> 0.085 | O19: =IF($O$3=0, 'LDD Alt 2'!P20, MIN('LDD Alt 2'!P20, 'Scenario Summary'!$O$3)) -> 0.08 | Q19: =C19 -> Douglas Electric Coop. | R19: =M19*I19 -> 414589.03 | S19: =N19*J19 -> 507018.47 | T19: =N19*K19 -> 527842.58 | U19: =T19-R19 -> 113253.54 | V19: =T19/R19-1 -> 0.27317062 | W19: =M19*I19 -> 414589.03 | X19: =O19*J19 -> 477193.86 | Y19: =O19*K19 -> 496793.01 | Z19: =Y19-W19 -> 82203.981 | AA19: =Y19/W19-1 -> 0.19827823
B20: ='Discount Details'!B20 -> 10142 | C20: ='Discount Details'!C20 -> East End Mutual Elect. | D20: ='Discount Details'!R20 -> 23602.608 | E20: =IFERROR(VLOOKUP(B20,'FY 2028 RHWM Values'!B:H,7,FALSE), 0) -> 3.639 | F20: =IFERROR(VLOOKUP(B20,'POC CHWM Calculation'!A$4:R$136,17,FALSE), 0) -> 2.9475393 | G20: =MIN(E20,F20)*8760 -> 25820.445 | H20: ='Discount Details'!S20 -> 36.722743 | I20: =H20*D20 -> 866752.52 | J20: =G20*H20 -> 948197.56 | K20: =F20*H20*8760 -> 948197.56 | M20: ='Discount Details'!N20 -> 0.037 | N20: =IF($N$3=0,'LDD Alt 1'!P21,MIN('Scenario Summary'!$N$3,'LDD Alt 1'!P21)) -> 0.035 | O20: =IF($O$3=0, 'LDD Alt 2'!P21, MIN('LDD Alt 2'!P21, 'Scenario Summary'!$O$3)) -> 0.04 | Q20: =C20 -> East End Mutual Elect. | R20: =M20*I20 -> 32069.843 | S20: =N20*J20 -> 33186.915 | T20: =N20*K20 -> 33186.915 | U20: =T20-R20 -> 1117.0714 | V20: =T20/R20-1 -> 0.034832457 | W20: =M20*I20 -> 32069.843 | X20: =O20*J20 -> 37927.902 | Y20: =O20*K20 -> 37927.902 | Z20: =Y20-W20 -> 5858.0592 | AA20: =Y20/W20-1 -> 0.18266566
B21: ='Discount Details'!B21 -> 10157 | C21: ='Discount Details'!C21 -> Emerald PUD | D21: ='Discount Details'!R21 -> 438831.07 | E21: =IFERROR(VLOOKUP(B21,'FY 2028 RHWM Values'!B:H,7,FALSE), 0) -> 59.446 | F21: =IFERROR(VLOOKUP(B21,'POC CHWM Calculation'!A$4:R$136,17,FALSE), 0) -> 41.308901 | G21: =MIN(E21,F21)*8760 -> 361865.98 | H21: ='Discount Details'!S21 -> 33.812101 | I21: =H21*D21 -> 14837800 | J21: =G21*H21 -> 12235449 | K21: =F21*H21*8760 -> 12235449 | M21: ='Discount Details'!N21 -> 0.06029 | N21: =IF($N$3=0,'LDD Alt 1'!P22,MIN('Scenario Summary'!$N$3,'LDD Alt 1'!P22)) -> 0.06 | O21: =IF($O$3=0, 'LDD Alt 2'!P22, MIN('LDD Alt 2'!P22, 'Scenario Summary'!$O$3)) -> 0.07 | Q21: =C21 -> Emerald PUD | R21: =M21*I21 -> 894570.99 | S21: =N21*J21 -> 734126.94 | T21: =N21*K21 -> 734126.94 | U21: =T21-R21 -> -160444.05 | V21: =T21/R21-1 -> -0.17935307 | W21: =M21*I21 -> 894570.99 | X21: =O21*J21 -> 856481.43 | Y21: =O21*K21 -> 856481.43 | Z21: =Y21-W21 -> -38089.565 | AA21: =Y21/W21-1 -> -0.042578583
... B58: ='Discount Details'!B58 -> 10502 | C58: ='Discount Details'!C58 -> Yakama Power | D58: ='Discount Details'!R58 -> 163515.14 | E58: =IFERROR(VLOOKUP(B58,'FY 2028 RHWM Values'!B:H,7,FALSE), 0) -> 18.883 | F58: =IFERROR(VLOOKUP(B58,'POC CHWM Calculation'!A$4:R$136,17,FALSE), 0) -> 18.466597 | G58: =MIN(E58,F58)*8760 -> 161767.39 | H58: ='Discount Details'!S58 -> 35.730446 | I58: =H58*D58 -> 5842469 | J58: =G58*H58 -> 5780021.1 | K58: =F58*H58*8760 -> 5780021.1 | M58: ='Discount Details'!N58 -> 0.07 | N58: =IF($N$3=0,'LDD Alt 1'!P59,MIN('Scenario Summary'!$N$3,'LDD Alt 1'!P59)) -> 0.09 | O58: =IF($O$3=0, 'LDD Alt 2'!P59, MIN('LDD Alt 2'!P59, 'Scenario Summary'!$O$3)) -> 0.08 | Q58: =C58 -> Yakama Power | R58: =M58*I58 -> 408972.83 | S58: =N58*J58 -> 520201.9 | T58: =N58*K58 -> 520201.9 | U58: =T58-R58 -> 111229.07 | V58: =T58/R58-1 -> 0.27197177 | W58: =M58*I58 -> 408972.83 | X58: =O58*J58 -> 462401.69 | Y58: =O58*K58 -> 462401.69 | Z58: =Y58-W58 -> 53428.856 | AA58: =Y58/W58-1 -> 0.13064158
R59: =SUM(R6:R58) -> 36373097 | S59: =SUM(S6:S58) -> 40854229 | T59: =SUM(T6:T58) -> 41042620 | U59: =S59-R59 -> 4481131.6 | W59: =SUM(W6:W58) -> 36373097 | X59: =SUM(X6:X58) -> 42411508 | Y59: =SUM(Y6:Y58) -> 42593676 | Z59: =SUM(Z6:Z58) -> 6220579
T61: sum if negative | U61: =SUMIF(U6:U58, "<" & 0) -> -646224.12 | Y61: sum if negative | Z61: =SUMIF(Z6:Z58, "<" & 0) -> -290483.11

Sheet Charges_NonSlice
B1: Charges
A2: TOC | D2: Current | R2: BP-24 charges for Slice Customers at Non-Slice Rates | U2: BP-24 Charges
A3: é | B3: BESID | C3: Preference Customer | D3: Composite | E3: NonSlice | F3: Load Shaping | G3: Demand | H3: LSTU | I3: Surcharges | J3: LDD | K3: IRD | L3: Total | M3: Tier 1 Energy | N3: Effective Rate | O3: Percent Change | P3: Rank | Q3: Total w/o LDD + IRD | R3: Total Tier 1 Load, includes Slice | S3: Non-Slice Rate w/o LDD | T3: Non-Slice Revenue w/Total Load | U3: Non-Slice Revenue, does not include LDD and IRD | V3: Tier 1 Load
B4: 10005 | C4: Alder Mutual | D4: 193312.09 | E4: -33972.318 | F4: 3931.5675 | G4: 11948.385 | H4: 0 | I4: 0 | J4: -3261.3891 | K4: 0 | L4: 171958.34 | M4: 4813.632 | N4: 35.7232 | O4: -0.021132328 | P4: 106 | Q4: =D4+E4+F4+G4+H4+I4 -> 175219.73 | U4: =IF(T4>0, T4, D4+E4+F4+G4+H4+I4) -> 175219.73 | V4: =IF(R4>0, R4, M4) -> 4813.632
B5: 10015 | C5: Asotin County PUD #1 | D5: 202031.06 | E5: -35504.574 | F5: 2322.7725 | G5: 30078.72 | H5: 0 | I5: 0 | J5: 0 | K5: 0 | L5: 198927.98 | M5: 5033.232 | N5: 39.522911 | O5: 0.02710379 | P5: 9 | Q5: =D5+E5+F5+G5+H5+I5 -> 198927.98 | U5: =IF(T5>0, T5, D5+E5+F5+G5+H5+I5) -> 198927.98 | V5: =IF(R5>0, R5, M5) -> 5033.232
B6: 10024 | C6: Benton County PUD #1 | D6: 70862334 | E6: -12453219 | F6: -1019138.4 | G6: 3389052.2 | H6: 0 | I6: 0 | J6: 0 | K6: -3612607.5 | L6: 57166421 | M6: 1711907.9 | N6: 33.393398 | O6: -0.0095813994 | P6: 66 | Q6: =D6+E6+F6+G6+H6+I6 -> 60779029 | U6: =IF(T6>0, T6, D6+E6+F6+G6+H6+I6) -> 60779029 | V6: =IF(R6>0, R6, M6) -> 1711907.9
B7: 10025 | C7: Benton REA | D7: 21040875 | E7: -3697685.4 | F7: 193389.9 | G7: 960566.95 | H7: 0 | I7: 0 | J7: -1105419.9 | K7: -959162.92 | L7: 16432564 | M7: 519652.25 | N7: 31.622232 | O7: 0.0034379596 | P7: 24 | Q7: =D7+E7+F7+G7+H7+I7 -> 18497147 | U7: =IF(T7>0, T7, D7+E7+F7+G7+H7+I7) -> 18497147 | V7: =IF(R7>0, R7, M7) -> 519652.25
B8: 10027 | C8: Big Bend Elec Coop | D8: 21582199 | E8: -3792816.7 | F8: -382746.73 | G8: 1294239.7 | H8: 0 | I8: 0 | J8: -1450184.2 | K8: -2425876.6 | L8: 14824814 | M8: 537528.1 | N8: 27.579609 | O8: 0.0031933338 | P8: 26 | Q8: =D8+E8+F8+G8+H8+I8 -> 18700875 | U8: =IF(T8>0, T8, D8+E8+F8+G8+H8+I8) -> 18700875 | V8: =IF(R8>0, R8, M8) -> 537528.1
B9: 10029 | C9: Blachly Lane Elec Coop | D9: 6212891.2 | E9: -1091842.3 | F9: 0 | G9: 0 | H9: 0 | I9: 0 | J9: -409641.76 | K9: 0 | Q9: =D9+E9+F9+G9+H9+I9 -> 5121048.9 | U9: =IF(T9>0, T9, D9+E9+F9+G9+H9+I9) -> 5121048.9 | V9: =IF(R9>0, R9, M9)
B10: 10044 | C10: Canby, City of | D10: 7162761 | E10: -1258770.7 | F10: 260238.4 | G10: 295574.41 | H10: 0 | I10: 0 | J10: 0 | K10: 0 | L10: 6459803.2 | M10: 178392.22 | N10: 36.211238 | O10: 0.0017972771 | P10: 29 | Q10: =D10+E10+F10+G10+H10+I10 -> 6459803.2 | U10: =IF(T10>0, T10, D10+E10+F10+G10+H10+I10) -> 6459803.2 | V10: =IF(R10>0, R10, M10) -> 178392.22
B11: 10046 | C11: Central Electric Coop | D11: 28867524 | E11: -5073126.5 | F11: 0 | G11: 0 | H11: 0 | I11: 0 | J11: -1868392.6 | K11: -475358.74 | Q11: =D11+E11+F11+G11+H11+I11 -> 23794397 | U11: =IF(T11>0, T11, D11+E11+F11+G11+H11+I11) -> 23794397 | V11: =IF(R11>0, R11, M11)
B12: 10047 | C12: Central Lincoln PUD | D12: 53718341 | E12: -9440364.2 | F12: 749064.12 | G12: 1075907.9 | H12: 28.870807 | I12: 0 | J12: 0 | K12: 0 | L12: 46102978 | M12: 1337913.1 | N12: 34.458873 | O12: -0.019192563 | P12: 98 | Q12: =D12+E12+F12+G12+H12+I12 -> 46102978 | U12: =IF(T12>0, T12, D12+E12+F12+G12+H12+I12) -> 46102978 | V12: =IF(R12>0, R12, M12) -> 1337913.1
B13: 10055 | C13: Albion, City of | D13: 138008.89 | E13: -24253.433 | F13: 4890.1444 | G13: 7816.515 | H13: 24.604774 | I13: 0 | J13: 0 | K13: 0 | L13: 126486.72 | M13: 3430.888 | N13: 36.86705 | O13: -0.007053134 | P13: 56 | Q13: =D13+E13+F13+G13+H13+I13 -> 126486.72 | U13: =IF(T13>0, T13, D13+E13+F13+G13+H13+I13) -> 126486.72 | V13: =IF(R13>0, R13, M13) -> 3430.888
B14: 10057 | C14: Ashland, City of | D14: 7051656.4 | E14: -1239245.4 | F14: 305545.96 | G14: 120542.64 | H14: 2.121262 | I14: 0 | J14: 0 | K14: 0 | L14: 6238501.8 | M14: 175626.98 | N14: 35.521318 | O14: 0.0063751155 | P14: 19 | Q14: =D14+E14+F14+G14+H14+I14 -> 6238501.8 | U14: =IF(T14>0, T14, D14+E14+F14+G14+H14+I14) -> 6238501.8 | V14: =IF(R14>0, R14, M14) -> 175626.98
B15: 10059 | C15: Bandon, City of | D15: 2681707 | E15: -471278.35 | F15: 51709.095 | G15: 101047.72 | H15: -20.76411 | I15: 0 | J15: 0 | K15: 0 | L15: 2363164.7 | M15: 66796.621 | N15: 35.378507 | O15: -0.019948441 | P15: 102 | Q15: =D15+E15+F15+G15+H15+I15 -> 2363164.7 | U15: =IF(T15>0, T15, D15+E15+F15+G15+H15+I15) -> 2363164.7 | V15: =IF(R15>0, R15, M15) -> 66796.621
B16: 10061 | C16: Blaine, City of | D16: 3085021.8 | E16: -542156.16 | F16: 67744.688 | G16: 126980.79 | H16: 0 | I16: 0 | J16: 0 | K16: 0 | L16: 2737591.1 | M16: 76833.648 | N16: 35.630108 | O16: -0.012086717 | P16: 75 | Q16: =D16+E16+F16+G16+H16+I16 -> 2737591.1 | U16: =IF(T16>0, T16, D16+E16+F16+G16+H16+I16) -> 2737591.1 | V16: =IF(R16>0, R16, M16) -> 76833.648
B17: 10062 | C17: Bonners Ferry, City of | D17: 1876323 | E17: -329741.62 | F17: 243247.46 | G17: 86113.778 | H17: 0 | I17: 0 | J17: 0 | K17: 0 | L17: 1875942.7 | M17: 46727.46 | N17: 40.146472 | O17: 0.037186626 | P17: 4 | Q17: =D17+E17+F17+G17+H17+I17 -> 1875942.7 | U17: =IF(T17>0, T17, D17+E17+F17+G17+H17+I17) -> 1875942.7 | V17: =IF(R17>0, R17, M17) -> 46727.46
B18: 10064 | C18: Burley, City of | D18: 4960099.3 | E18: -871678.89 | F18: 192404.46 | G18: 276584.75 | H18: 0 | I18: 0 | J18: 0 | K18: 0 | L18: 4557409.6 | M18: 123538.18 | N18: 36.890699 | O18: 0.00088224352 | P18: 32 | Q18: =D18+E18+F18+G18+H18+I18 -> 4557409.6 | U18: =IF(T18>0, T18, D18+E18+F18+G18+H18+I18) -> 4557409.6 | V18: =IF(R18>0, R18, M18) -> 123538.18
B19: 10065 | C19: Cascade Locks, City of | D19: 838765.22 | E19: -147403.08 | F19: 3379.7624 | G19: 8987.1703 | H19: 0 | I19: 0 | J19: -53362.669 | K19: 0 | L19: 650366.4 | M19: 20888.352 | N19: 31.135362 | O19: -0.028802654 | P19: 115 | Q19: =D19+E19+F19+G19+H19+I19 -> 703729.07 | U19: =IF(T19>0, T19, D19+E19+F19+G19+H19+I19) -> 703729.07 | V19: =IF(R19>0, R19, M19) -> 20888.352
B20: 10066 | C20: Centralia, City of | D20: 8595163.8 | E20: -1510498.6 | F20: 291063.15 | G20: 363367.31 | H20: 0 | I20: 0 | J20: 0 | K20: 0 | L20: 7739095.7 | M20: 214074.86 | N20: 36.151352 | O20: -0.016449468 | P20: 92 | Q20: =D20+E20+F20+G20+H20+I20 -> 7739095.7 | U20: =IF(T20>0, T20, D20+E20+F20+G20+H20+I20) -> 7739095.7 | V20: =IF(R20>0, R20, M20) -> 214074.86
B21: 10067 | C21: Cheney, City of | D21: 5578399.1 | E21: -980337.77 | F21: 150909.59 | G21: 522584.56 | H21: 0 | I21: 0 | J21: 0 | K21: 0 | L21: 5271555.4 | M21: 138933.45 | N21: 37.943025 | O21: -0.012000527 | P21: 74 | Q21: =D21+E21+F21+G21+H21+I21 -> 5271555.4 | U21: =IF(T21>0, T21, D21+E21+F21+G21+H21+I21) -> 5271555.4 | V21: =IF(R21>0, R21, M21) -> 138933.45
B22: 10068 | C22: Chewelah, City of | D22: 889584.38 | E22: -156333.95 | F22: 30498.633 | G22: 47626.154 | H22: 3.3845065 | I22: 0 | J22: 0 | K22: 0 | L22: 811378.6 | M22: 22152.745 | N22: 36.626549 | O22: -0.0013008934 | P22: 36 | Q22: =D22+E22+F22+G22+H22+I22 -> 811378.6 | U22: =IF(T22>0, T22, D22+E22+F22+G22+H22+I22) -> 811378.6 | V22: =IF(R22>0, R22, M22) -> 22152.745
B23: 10070 | C23: Declo, City of | D23: 126549.67 | E23: -22239.61 | F23: 4197.6497 | G23: 6882.89 | H23: 0 | I23: 0 | J23: 0 | K23: 0 | L23: 115390.6 | M23: 3153.456 | N23: 36.591789 | O23: -0.0047369 | P23: 42 | Q23: =D23+E23+F23+G23+H23+I23 -> 115390.6 | U23: =IF(T23>0, T23, D23+E23+F23+G23+H23+I23) -> 115390.6 | V23: =IF(R23>0, R23, M23) -> 3153.456
... B43: 10105 | C43: Clatskanie PUD | D43: 11518013 | E43: -2024154.7 | F43: 17173.126 | G43: 0 | H43: 0 | I43: 0 | J43: 0 | K43: 0 | L43: 9511031.1 | M43: 286868.62 | N43: 33.154658 | O43: -0.019579953 | P43: 101 | Q43: =D43+E43+F43+G43+H43+I43 -> 9511031.1 | U43: =IF(T43>0, T43, D43+E43+F43+G43+H43+I43) -> 9511031.1 | V43: =IF(R43>0, R43, M43) -> 286868.62
B44: 10106 | C44: Clearwater Power | D44: 8421780.8 | E44: -1480028.5 | F44: 0 | G44: 0 | H44: 0 | I44: 0 | J44: -491030.35 | K44: 0 | Q44: =D44+E44+F44+G44+H44+I44 -> 6941752.2 | U44: =IF(T44>0, T44, D44+E44+F44+G44+H44+I44) -> 6941752.2 | V44: =IF(R44>0, R44, M44)
B45: 10109 | C45: Columbia Basin Elec Coop | D45: 4273791.5 | E45: -751068.41 | F45: -55313.582 | G45: 434008.26 | H45: 0 | I45: 0 | J45: -334308.82 | K45: -244130.88 | L45: 3322978.1 | M45: 106443.95 | N45: 31.218102 | O45: -0.025506108 | P45: 113 | Q45: =D45+E45+F45+G45+H45+I45 -> 3901417.8 | U45: =IF(T45>0, T45, D45+E45+F45+G45+H45+I45) -> 3901417.8 | V45: =IF(R45>0, R45, M45) -> 106443.95
B46: 10111 | C46: Columbia Power Coop | D46: 1106313.1 | E46: -194421.47 | F46: 32792.586 | G46: 65237.063 | H46: 6.7628 | I46: 0 | J46: -70694.966 | K46: -60483.899 | L46: 878749.22 | M46: 27554.403 | N46: 31.891426 | O46: 0.0029136199 | P46: 28 | Q46: =D46+E46+F46+G46+H46+I46 -> 1009928.1 | U46: =IF(T46>0, T46, D46+E46+F46+G46+H46+I46) -> 1009928.1 | V46: =IF(R46>0, R46, M46) -> 27554.403
B47: 10112 | C47: Columbia River PUD | D47: 20543894 | E47: -3610346.8 | F47: 483727.8 | G47: 930597.56 | H47: 0 | I47: 0 | J47: 0 | K47: 0 | L47: 18347872 | M47: 511668 | N47: 35.85894 | O47: -0.0090333424 | P47: 63 | Q47: =D47+E47+F47+G47+H47+I47 -> 18347872 | U47: =IF(T47>0, T47, D47+E47+F47+G47+H47+I47) -> 18347872 | V47: =IF(R47>0, R47, M47) -> 511668
B48: 10113 | C48: Columbia REA | D48: 13293694 | E48: -2336209.7 | F48: -55098.584 | G48: 277915.48 | H48: 0 | I48: 0 | J48: -903752.62 | K48: -1557969.5 | L48: 8718578.9 | M48: 331095.31 | N48: 26.332535 | O48: 0.01295597 | P48: 14 | Q48: =D48+E48+F48+G48+H48+I48 -> 11180301 | U48: =IF(T48>0, T48, D48+E48+F48+G48+H48+I48) -> 11180301 | V48: =IF(R48>0, R48, M48) -> 331095.31
B49: 10116 | C49: Consolidated Irrigation District #19 | D49: 80463.667 | E49: -14140.539 | F49: -591.47052 | G49: 0 | H49: 0 | I49: 0 | J49: 0 | K49: 0 | L49: 65731.657 | M49: 2002.752 | N49: 32.820667 | O49: -0.031037545 | P49: 116 | Q49: =D49+E49+F49+G49+H49+I49 -> 65731.657 | U49: =IF(T49>0, T49, D49+E49+F49+G49+H49+I49) -> 65731.657 | V49: =IF(R49>0, R49, M49) -> 2002.752
B50: 10118 | C50: Consumers Power | D50: 16108428 | E50: -2830866 | F50: 0 | G50: 0 | H50: 0 | I50: 0 | J50: -929988.91 | K50: 0 | Q50: =D50+E50+F50+G50+H50+I50 -> 13277562 | U50: =IF(T50>0, T50, D50+E50+F50+G50+H50+I50) -> 13277562 | V50: =IF(R50>0, R50, M50)
B51: 10121 | C51: Coos Curry Elec Coop | D51: 13928933 | E51: -2447845.6 | F51: 0 | G51: 0 | H51: -5.8561218 | I51: 0 | J51: -688864.91 | K51: 0 | Q51: =D51+E51+F51+G51+H51+I51 -> 11481082 | U51: =IF(T51>0, T51, D51+E51+F51+G51+H51+I51) -> 11481082 | V51: =IF(R51>0, R51, M51)
B52: 10123 | C52: Cowlitz County PUD #1 | D52: 88359071 | E52: -15528063 | F52: 21041.92 | G52: 0 | H52: 0 | I52: 0 | J52: 0 | K52: 0 | L52: 72852049 | M52: 2200688.8 | N52: 33.104203 | O52: -0.019270453 | P52: 100 | Q52: =D52+E52+F52+G52+H52+I52 -> 72852049 | U52: =IF(T52>0, T52, D52+E52+F52+G52+H52+I52) -> 72852049 | V52: =IF(R52>0, R52, M52) -> 2200688.8
B53: 10136 | C53: Douglas Electric Cooperative | D53: 6487912.5 | E53: -1140174 | F53: 0 | G53: 0 | H53: 10.179476 | I53: 0 | J53: -374342.41 | K53: 0 | Q53: =D53+E53+F53+G53+H53+I53 -> 5347748.7 | U53: =IF(T53>0, T53, D53+E53+F53+G53+H53+I53) -> 5347748.7 | V53: =IF(R53>0, R53, M53)
B54: 10142 | C54: East End Mutual Electric | D54: 947627.83 | E54: -166534.4 | F54: 17095.075 | G54: 68564.015 | H54: 0 | I54: 0 | J54: -26725.138 | K54: -66752.93 | L54: 773274.45 | M54: 23602.608 | N54: 32.762246 | O54: 0.0096687903 | P54: 16 | Q54: =D54+E54+F54+G54+H54+I54 -> 866752.52 | U54: =IF(T54>0, T54, D54+E54+F54+G54+H54+I54) -> 866752.52 | V54: =IF(R54>0, R54, M54) -> 23602.608
B55: 10144 | C55: Eatonville, City of | D55: 1148662.4 | E55: -201863.86 | F55: 36581.389 | G55: 85312.802 | H55: 16.097277 | I55: 0 | J55: 0 | K55: 0 | L55: 1068708.9 | M55: 28607.096 | N55: 37.358174 | O55: -0.012818168 | P55: 79 | Q55: =D55+E55+F55+G55+H55+I55 -> 1068708.9 | U55: =IF(T55>0, T55, D55+E55+F55+G55+H55+I55) -> 1068708.9 | V55: =IF(R55>0, R55, M55) -> 28607.096
B56: 10156 | C56: Elmhurst Mutual P & L | D56: 11369790 | E56: -1998106.4 | F56: 353783.65 | G56: 687047.24 | H56: 0 | I56: 0 | J56: 0 | K56: 0 | L56: 10412515 | M56: 283178.59 | N56: 36.770134 | O56: -0.011881612 | P56: 73 | Q56: =D56+E56+F56+G56+H56+I56 -> 10412515 | U56: =IF(T56>0, T56, D56+E56+F56+G56+H56+I56) -> 10412515 | V56: =IF(R56>0, R56, M56) -> 283178.59
B57: 10157 | C57: Emerald PUD | D57: 8409076 | E57: -1477795.8 | F57: 150318.93 | G57: 0 | H57: 0 | I57: 0 | J57: -481083.14 | K57: 0 | L57: 6600515.9 | M57: 209439.78 | N57: 31.515101 | O57: -0.010613266 | P57: 68 | Q57: =D57+E57+F57+G57+H57+I57 -> 7081599.1 | R57: 438831.07 | S57: =(D57+E57+F57)/M57 -> 33.812101 | T57: =S57*R57 -> 14837800 | U57: =IF(T57>0, T57, D57+E57+F57+G57+H57+I57) -> 14837800 | V57: =IF(R57>0, R57, M57) -> 438831.07
B58: 10158 | C58: Energy Northwest | D58: 800152.63 | E58: -140617.38 | F58: 16123.713 | G58: 39105.257 | H58: 0.34261522 | I58: 0 | J58: 0 | K58: 0 | L58: 714764.56 | M58: 19930.845 | N58: 35.862231 | O58: -0.012973365 | P58: 81 | Q58: =D58+E58+F58+G58+H58+I58 -> 714764.56 | U58: =IF(T58>0, T58, D58+E58+F58+G58+H58+I58) -> 714764.56 | V58: =IF(R58>0, R58, M58) -> 19930.845
B59: 10170 | C59: Eugene Water & Electric Board | D59: 36579331 | E59: -6428385.6 | F59: 837902.96 | G59: 0 | H59: 0 | I59: 0 | J59: 0 | K59: 0 | L59: 30988848 | M59: 911051.89 | N59: 34.014362 | O59: -0.0060276443 | P59: 49 | Q59: =D59+E59+F59+G59+H59+I59 -> 30988848 | U59: =IF(T59>0, T59, D59+E59+F59+G59+H59+I59) -> 30988848 | V59: =IF(R59>0, R59, M59) -> 911051.89
B60: 10172 | C60: U.S. Airforce Base, Fairchild | D60: 1859632.4 | E60: -326808.44 | F60: 38393.47 | G60: 137232.97 | H60: 10.739651 | I60: 0 | J60: 0 | K60: 0 | L60: 1708461.2 | M60: 46316.436 | N60: 36.886715 | O60: -0.0046790016 | P60: 41 | Q60: =D60+E60+F60+G60+H60+I60 -> 1708461.2 | U60: =IF(T60>0, T60, D60+E60+F60+G60+H60+I60) -> 1708461.2 | V60: =IF(R60>0, R60, M60) -> 46316.436
B61: 10173 | C61: Fall River Elec Coop | D61: 11684421 | E61: -2053399 | F61: 0 | G61: 0 | H61: 0 | I61: 0 | J61: -816474 | K61: -512666.65 | Q61: =D61+E61+F61+G61+H61+I61 -> 9631021.6 | U61: =IF(T61>0, T61, D61+E61+F61+G61+H61+I61) -> 9631021.6 | V61: =IF(R61>0, R61, M61)
B62: 10174 | C62: Farmers Elec Coop | D62: 174877.69 | E62: -30732.69 | F62: 4765.9166 | G62: 5423.8763 | H62: 13.554086 | I62: 0 | J62: 0 | K62: 0 | L62: 154348.35 | M62: 4354.85 | N62: 35.442862 | O62: -0.0079412448 | P62: 61 | Q62: =D62+E62+F62+G62+H62+I62 -> 154348.35 | U62: =IF(T62>0, T62, D62+E62+F62+G62+H62+I62) -> 154348.35 | V62: =IF(R62>0, R62, M62) -> 4354.85
B63: 10177 | C63: Ferry County PUD #1 | D63: 3053135.3 | E63: -536552.48 | F63: 90671.705 | G63: 85564.236 | H63: -6.3689258 | I63: 0 | J63: -188496.87 | K63: 0 | L63: 2504315.5 | M63: 76044.034 | N63: 32.932439 | O63: -0.0045215098 | P63: 40 | Q63: =D63+E63+F63+G63+H63+I63 -> 2692812.4 | U63: =IF(T63>0, T63, D63+E63+F63+G63+H63+I63) -> 2692812.4 | V63: =IF(R63>0, R63, M63) -> 76044.034
B64: 10179 | C64: Flathead Elec Coop | D64: 58835382 | E64: -10339624 | F64: 0 | G64: 0 | H64: 0 | I64: 0 | J64: 0 | K64: 0 | Q64: =D64+E64+F64+G64+H64+I64 -> 48495758 | U64: =IF(T64>0, T64, D64+E64+F64+G64+H64+I64) -> 48495758 | V64: =IF(R64>0, R64, M64)
B65: 10183 | C65: Franklin County PUD #1 | D65: 21987008 | E65: -3863957.1 | F65: 373763.28 | G65: 0 | H65: 0 | I65: 0 | J65: 0 | K65: -1092291.8 | L65: 17404523 | M65: 547614.06 | N65: 31.782461 | O65: 0.0029262023 | P65: 27 | Q65: =D65+E65+F65+G65+H65+I65 -> 18496815 | U65: =IF(T65>0, T65, D65+E65+F65+G65+H65+I65) -> 18496815 | V65: =IF(R65>0, R65, M65) -> 547614.06
B66: 10186 | C66: Glacier Elec Coop | D66: 6223852.2 | E66: -1093768.5 | F66: 113053.33 | G66: 304818.56 | H66: -5.705092 | I66: 0 | J66: -388356.49 | K66: 0 | L66: 5159593.3 | M66: 155012.1 | N66: 33.285102 | O66: -0.01083247 | P66: 69 | Q66: =D66+E66+F66+G66+H66+I66 -> 5547949.8 | U66: =IF(T66>0, T66, D66+E66+F66+G66+H66+I66) -> 5547949.8 | V66: =IF(R66>0, R66, M66) -> 155012.1
B67: 10190 | C67: Grant County PUD #2 | D67: 1831233.5 | E67: -321817.66 | F67: 100829.47 | G67: 166826.36 | H67: 0 | I67: 0 | J67: 0 | K67: 0 | L67: 1777071.7 | M67: 45606.528 | N67: 38.965291 | O67: -0.0053962364 | P67: 45 | Q67: =D67+E67+F67+G67+H67+I67 -> 1777071.7 | U67: =IF(T67>0, T67, D67+E67+F67+G67+H67+I67) -> 1777071.7 | V67: =IF(R67>0, R67, M67) -> 45606.528
B68: 10191 | C68: Grays Harbor PUD #1 | D68: 42486809 | E68: -7466555.1 | F68: 4091014.1 | G68: 1393634.2 | H68: -583738.29 | I68: 0 | J68: 0 | K68: 0 | L68: 39921164 | M68: 1144918.9 | N68: 34.868116 | O68: -0.019270113 | P68: 99 | Q68: =D68+E68+F68+G68+H68+I68 -> 39921164 | U68: =IF(T68>0, T68, D68+E68+F68+G68+H68+I68) -> 39921164 | V68: =IF(R68>0, R68, M68) -> 1144918.9
B69: 10197 | C69: Harney Elec Coop | D69: 8024693.8 | E69: -1410245.2 | F69: -92750.432 | G69: 389328.46 | H69: 0 | I69: 0 | J69: -600265.78 | K69: -1155833.8 | L69: 5154927.1 | M69: 199862.09 | N69: 25.792421 | O69: 0.034916537 | P69: 5 | Q69: =D69+E69+F69+G69+H69+I69 -> 6911026.6 | U69: =IF(T69>0, T69, D69+E69+F69+G69+H69+I69) -> 6911026.6 | V69: =IF(R69>0, R69, M69) -> 199862.09
B70: 10202 | C70: Hood River Elec Coop | D70: 4619810.2 | E70: -811877.1 | F70: 270070.2 | G70: 195936.07 | H70: 0 | I70: 0 | J70: 0 | K70: 0 | L70: 4273939.4 | M70: 115059.02 | N70: 37.145627 | O70: 0.0088188546 | P70: 18 | Q70: =D70+E70+F70+G70+H70+I70 -> 4273939.4 | U70: =IF(T70>0, T70, D70+E70+F70+G70+H70+I70) -> 4273939.4 | V70: =IF(R70>0, R70, M70) -> 115059.02
B71: 10203 | C71: Idaho County L & P | D71: 2191202.5 | E71: -385077.97 | F71: 93762.13 | G71: 115010.53 | H71: 0 | I71: 0 | J71: -152756.64 | K71: 0 | L71: 1862140.6 | M71: 54574.992 | N71: 34.120767 | O71: -0.0060020853 | P71: 48 | Q71: =D71+E71+F71+G71+H71+I71 -> 2014897.2 | U71: =IF(T71>0, T71, D71+E71+F71+G71+H71+I71) -> 2014897.2 | V71: =IF(R71>0, R71, M71) -> 54574.992
B72: 10204 | C72: Idaho Falls Power | D72: 14386555 | E72: -2528267.2 | F72: 191592.18 | G72: 0 | H72: 0 | I72: 0 | J72: 0 | K72: 0 | L72: 12049880 | M72: 358312.95 | N72: 33.629485 | O72: -0.012170746 | P72: 77 | Q72: =D72+E72+F72+G72+H72+I72 -> 12049880 | U72: =IF(T72>0, T72, D72+E72+F72+G72+H72+I72) -> 12049880 | V72: =IF(R72>0, R72, M72) -> 358312.95
B73: 10209 | C73: Inland P & L | D73: 36993109 | E73: -6501102.1 | F73: 1299795.9 | G73: 2665414 | H73: 0 | I73: 0 | J73: -2940949.2 | K73: -695503.95 | L73: 30820763 | M73: 921349.75 | N73: 33.451752 | O73: -0.010529069 | P73: 67 | Q73: =D73+E73+F73+G73+H73+I73 -> 34457216 | U73: =IF(T73>0, T73, D73+E73+F73+G73+H73+I73) -> 34457216 | V73: =IF(R73>0, R73, M73) -> 921349.75
B74: 10230 | C74: Kittitas County PUD #1 | D74: 3421823.3 | E74: -601345.05 | F74: 152569.74 | G74: 354014.34 | H74: 0 | I74: 0 | J74: -296170.96 | K74: 0 | L74: 3030891.4 | M74: 85218.409 | N74: 35.566158 | O74: -0.0020895547 | P74: 38 | Q74: =D74+E74+F74+G74+H74+I74 -> 3327062.3 | U74: =IF(T74>0, T74, D74+E74+F74+G74+H74+I74) -> 3327062.3 | V74: =IF(R74>0, R74, M74) -> 85218.409
B75: 10231 | C75: Klickitat County PUD #1 | D75: 12928992 | E75: -2272117.6 | F75: 694268.45 | G75: 401204.94 | H75: 0 | I75: 0 | J75: -1276443.6 | K75: -250290.67 | L75: 10225613 | M75: 322012.66 | N75: 31.755314 | O75: -0.0077940426 | P75: 58 | Q75: =D75+E75+F75+G75+H75+I75 -> 11752347 | U75: =IF(T75>0, T75, D75+E75+F75+G75+H75+I75) -> 11752347 | V75: =IF(R75>0, R75, M75) -> 322012.66
B76: 10234 | C76: Kootenai Electric Coop | D76: 17986494 | E76: -3160914 | F76: 817714.8 | G76: 1848351.7 | H76: 0 | I76: 0 | J76: 0 | K76: 0 | L76: 17491647 | M76: 447975.22 | N76: 39.046015 | O76: -5.2280112e-05 | P76: 34 | Q76: =D76+E76+F76+G76+H76+I76 -> 17491647 | U76: =IF(T76>0, T76, D76+E76+F76+G76+H76+I76) -> 17491647 | V76: =IF(R76>0, R76, M76) -> 447975.22
B77: 10235 | C77: Lakeview L & P (WA) | D77: 10663802 | E77: -1874037.4 | F77: 292543.66 | G77: 499216.11 | H77: -25.716793 | I77: 0 | J77: 0 | K77: 0 | L77: 9581499.1 | M77: 265596.85 | N77: 36.07535 | O77: -0.0069670305 | P77: 55 | Q77: =D77+E77+F77+G77+H77+I77 -> 9581499.1 | U77: =IF(T77>0, T77, D77+E77+F77+G77+H77+I77) -> 9581499.1 | V77: =IF(R77>0, R77, M77) -> 265596.85
B78: 10236 | C78: Lane County Elec Coop | D78: 9901016.9 | E78: -1739986.8 | F78: 0 | G78: 0 | H78: -20.347394 | I78: 0 | J78: -530465.63 | K78: 0 | Q78: =D78+E78+F78+G78+H78+I78 -> 8161009.7 | U78: =IF(T78>0, T78, D78+E78+F78+G78+H78+I78) -> 8161009.7 | V78: =IF(R78>0, R78, M78)
B79: 10237 | C79: Lewis County PUD #1 | D79: 16189639 | E79: -2845137.8 | F79: 105997.7 | G79: 0 | H79: 0 | I79: 0 | J79: -726508.38 | K79: 0 | L79: 12723990 | M79: 403220.03 | N79: 31.555948 | O79: -0.02095412 | P79: 105 | Q79: =D79+E79+F79+G79+H79+I79 -> 13450498 | R79: 999021.89 | S79: =(D79+E79+F79)/M79 -> 33.357714 | T79: =S79*R79 -> 33325087 | U79: =IF(T79>0, T79, D79+E79+F79+G79+H79+I79) -> 33325087 | V79: =IF(R79>0, R79, M79) -> 999021.89
B80: 10239 | C80: Lincoln Elec Coop (MT) | D80: 4937679.1 | E80: -867738.8 | F80: 0 | G80: 0 | H80: 0 | I80: 0 | J80: -307056.64 | K80: 0 | Q80: =D80+E80+F80+G80+H80+I80 -> 4069940.3 | U80: =IF(T80>0, T80, D80+E80+F80+G80+H80+I80) -> 4069940.3 | V80: =IF(R80>0, R80, M80)
B81: 10242 | C81: Lost River Elec Coop | D81: 3359544.9 | E81: -590400.36 | F81: 44798.772 | G81: 227184.58 | H81: 0 | I81: 0 | J81: -252589.84 | K81: -434556.4 | L81: 2353981.7 | M81: 83676.384 | N81: 28.131972 | O81: 0.024607506 | P81: 11 | Q81: =D81+E81+F81+G81+H81+I81 -> 3041127.9 | U81: =IF(T81>0, T81, D81+E81+F81+G81+H81+I81) -> 3041127.9 | V81: =IF(R81>0, R81, M81) -> 83676.384
B82: 10244 | C82: Lower Valley Energy | D82: 30344269 | E82: -5332647 | F82: 1284228.6 | G82: 2007273.9 | H82: 0 | I82: 0 | J82: -1973053.9 | K82: 0 | L82: 26330070 | M82: 755757.79 | N82: 34.839297 | O82: -0.014546396 | P82: 85 | Q82: =D82+E82+F82+G82+H82+I82 -> 28303124 | U82: =IF(T82>0, T82, D82+E82+F82+G82+H82+I82) -> 28303124 | V82: =IF(R82>0, R82, M82) -> 755757.79
B83: 10246 | C83: Mason County PUD #1 | D83: 3169471.3 | E83: -556997.16 | F83: 102178.13 | G83: 261956.16 | H83: 0 | I83: 0 | J83: 0 | K83: 0 | L83: 2976608.4 | M83: 78941.808 | N83: 37.706363 | O83: 0.045174851 | P83: 2 | Q83: =D83+E83+F83+G83+H83+I83 -> 2976608.4 | U83: =IF(T83>0, T83, D83+E83+F83+G83+H83+I83) -> 2976608.4 | V83: =IF(R83>0, R83, M83) -> 78941.808
B84: 10247 | C84: Mason County PUD #3 | D84: 28189686 | E84: -4954004.5 | F84: 740622.92 | G84: 1331663.1 | H84: 0 | I84: 0 | J84: 0 | K84: 0 | L84: 25307967 | M84: 702096.34 | N84: 36.046289 | O84: 0.037988957 | P84: 3 | Q84: =D84+E84+F84+G84+H84+I84 -> 25307967 | U84: =IF(T84>0, T84, D84+E84+F84+G84+H84+I84) -> 25307967 | V84: =IF(R84>0, R84, M84) -> 702096.34
B85: 10256 | C85: Midstate Elec Coop | D85: 16486582 | E85: -2897322.1 | F85: 316004.62 | G85: 1041792.3 | H85: 0 | I85: 0 | J85: -1197062.7 | K85: -480031.36 | L85: 13269963 | M85: 410616.86 | N85: 32.31714 | O85: -0.032193141 | P85: 117 | Q85: =D85+E85+F85+G85+H85+I85 -> 14947057 | U85: =IF(T85>0, T85, D85+E85+F85+G85+H85+I85) -> 14947057 | V85: =IF(R85>0, R85, M85) -> 410616.86
B86: 10258 | C86: Mission Valley | D86: 13385119 | E86: -2352276.6 | F86: 862041.19 | G86: 786091.21 | H86: 0 | I86: 0 | J86: -688495.51 | K86: -212737.84 | L86: 11779741 | M86: 333369.8 | N86: 35.335357 | O86: 0.0054723001 | P86: 21 | Q86: =D86+E86+F86+G86+H86+I86 -> 12680974 | U86: =IF(T86>0, T86, D86+E86+F86+G86+H86+I86) -> 12680974 | V86: =IF(R86>0, R86, M86) -> 333369.8
B87: 10259 | C87: Missoula Elec Coop | D87: 9517132.9 | E87: -1672523.7 | F87: 337444.43 | G87: 601802.53 | H87: 0 | I87: 0 | J87: -708160.76 | K87: 0 | L87: 8075695.4 | M87: 237036.24 | N87: 34.069454 | O87: -0.015643234 | P87: 89 | Q87: =D87+E87+F87+G87+H87+I87 -> 8783856.1 | U87: =IF(T87>0, T87, D87+E87+F87+G87+H87+I87) -> 8783856.1 | V87: =IF(R87>0, R87, M87) -> 237036.24
B88: 10260 | C88: Modern Elec Coop | D88: 9270261.4 | E88: -1629139 | F88: 297884.43 | G88: 647256.22 | H88: 0 | I88: 0 | J88: 0 | K88: 0 | L88: 8586263.1 | M88: 230887.44 | N88: 37.188091 | O88: -0.0093081077 | P88: 64 | Q88: =D88+E88+F88+G88+H88+I88 -> 8586263.1 | U88: =IF(T88>0, T88, D88+E88+F88+G88+H88+I88) -> 8586263.1 | V88: =IF(R88>0, R88, M88) -> 230887.44
B89: 10273 | C89: Nespelem Valley Elec Coop | D89: 2074119.2 | E89: -364501.96 | F89: 84481.711 | G89: 238051.2 | H89: 0 | I89: 0 | J89: -195561.19 | K89: -110169.83 | L89: 1726419.1 | M89: 51658.704 | N89: 33.419714 | O89: 0.025663435 | P89: 10 | Q89: =D89+E89+F89+G89+H89+I89 -> 2032150.1 | U89: =IF(T89>0, T89, D89+E89+F89+G89+H89+I89) -> 2032150.1 | V89: =IF(R89>0, R89, M89) -> 51658.704
B90: 10278 | C90: Northern Lights | D90: 12671159 | E90: -2226806.6 | F90: 0 | G90: 0 | H90: 0 | I90: 0 | J90: -747020.63 | K90: 0 | Q90: =D90+E90+F90+G90+H90+I90 -> 10444353 | U90: =IF(T90>0, T90, D90+E90+F90+G90+H90+I90) -> 10444353 | V90: =IF(R90>0, R90, M90)
B91: 10279 | C91: Northern Wasco County PUD | D91: 22841468 | E91: -4014118.3 | F91: 615303.83 | G91: 0 | H91: 0 | I91: 0 | J91: 0 | K91: 0 | L91: 19442653 | M91: 568893.39 | N91: 34.176269 | O91: -0.0051018554 | P91: 43 | Q91: =D91+E91+F91+G91+H91+I91 -> 19442653 | U91: =IF(T91>0, T91, D91+E91+F91+G91+H91+I91) -> 19442653 | V91: =IF(R91>0, R91, M91) -> 568893.39
B92: 10284 | C92: Ohop Mutual Light Company | D92: 3582501.5 | E92: -629582.35 | F92: 104580.68 | G92: 247030.09 | H92: 0 | I92: 0 | J92: -176466.06 | K92: 0 | L92: 3128063.9 | M92: 89227.872 | N92: 35.057027 | O92: -0.021630656 | P92: 107 | Q92: =D92+E92+F92+G92+H92+I92 -> 3304530 | U92: =IF(T92>0, T92, D92+E92+F92+G92+H92+I92) -> 3304530 | V92: =IF(R92>0, R92, M92) -> 89227.872
B93: 10285 | C93: Okanogan County Elec Coop | D93: 2302556.3 | E93: -404647.08 | F93: 0 | G93: 0 | H93: 0 | I93: 0 | J93: -147058.17 | K93: 0 | Q93: =D93+E93+F93+G93+H93+I93 -> 1897909.2 | U93: =IF(T93>0, T93, D93+E93+F93+G93+H93+I93) -> 1897909.2 | V93: =IF(R93>0, R93, M93)
B94: 10286 | C94: Okanogan County PUD #1 | D94: 16192130 | E94: -2845575.6 | F94: 928230.18 | G94: 0 | H94: 0 | I94: 0 | J94: 0 | K94: -641072.31 | L94: 13633712 | M94: 403282.23 | N94: 33.806875 | O94: 0.0056214284 | P94: 20 | Q94: =D94+E94+F94+G94+H94+I94 -> 14274784 | U94: =IF(T94>0, T94, D94+E94+F94+G94+H94+I94) -> 14274784 | V94: =IF(R94>0, R94, M94) -> 403282.23
B95: 10288 | C95: Orcas P & L | D95: 8680360.6 | E95: -1525470.9 | F95: 0 | G95: 0 | H95: -17.459562 | I95: 0 | J95: -429292.34 | K95: 0 | Q95: =D95+E95+F95+G95+H95+I95 -> 7154872.3 | U95: =IF(T95>0, T95, D95+E95+F95+G95+H95+I95) -> 7154872.3 | V95: =IF(R95>0, R95, M95)
B96: 10291 | C96: Oregon Trail Coop | D96: 27574126 | E96: -4845827.2 | F96: 639406.01 | G96: 1572771.3 | H96: 18.869924 | I96: 0 | J96: -1247024.8 | K96: -419535.15 | L96: 23273935 | M96: 686765.45 | N96: 33.889205 | O96: -0.0078722651 | P96: 59 | Q96: =D96+E96+F96+G96+H96+I96 -> 24940495 | U96: =IF(T96>0, T96, D96+E96+F96+G96+H96+I96) -> 24940495 | V96: =IF(R96>0, R96, M96) -> 686765.45
B97: 10294 | C97: Pacific County PUD #2 | D97: 12811908 | E97: -2251541.6 | F97: 280095.31 | G97: 696235.24 | H97: 0 | I97: 0 | J97: 0 | K97: 0 | L97: 11536697 | M97: 319096.37 | N97: 36.154273 | O97: -0.025506382 | P97: 114 | Q97: =D97+E97+F97+G97+H97+I97 -> 11536697 | U97: =IF(T97>0, T97, D97+E97+F97+G97+H97+I97) -> 11536697 | V97: =IF(R97>0, R97, M97) -> 319096.37
B98: 10304 | C98: Parkland L & W | D98: 4730914.9 | E98: -831402.43 | F98: 110906.7 | G98: 205145.72 | H98: -1.7130549 | I98: 0 | J98: 0 | K98: 0 | L98: 4215563.1 | M98: 117828.83 | N98: 35.777009 | O98: -0.01132823 | P98: 71 | Q98: =D98+E98+F98+G98+H98+I98 -> 4215563.1 | U98: =IF(T98>0, T98, D98+E98+F98+G98+H98+I98) -> 4215563.1 | V98: =IF(R98>0, R98, M98) -> 117828.83
B99: 10306 | C99: Pend Oreille County PUD #1 | D99: 9088408.6 | E99: -1597180.5 | F99: 1135136.1 | G99: 0 | H99: 0 | I99: 0 | J99: 0 | K99: 0 | L99: 8626364.1 | M99: 226354.9 | N99: 38.109907 | O99: 0.032498031 | P99: 7 | Q99: =D99+E99+F99+G99+H99+I99 -> 8626364.1 | U99: =IF(T99>0, T99, D99+E99+F99+G99+H99+I99) -> 8626364.1 | V99: =IF(R99>0, R99, M99) -> 226354.9
B100: 10307 | C100: Peninsula Light Company | D100: 24217073 | E100: -4255864.6 | F100: 800126.06 | G100: 1554393.7 | H100: 8.1718033 | I100: 0 | J100: 0 | K100: 0 | L100: 22315736 | M100: 603152.15 | N100: 36.998519 | O100: -0.0065661747 | P100: 52 | Q100: =D100+E100+F100+G100+H100+I100 -> 22315736 | U100: =IF(T100>0, T100, D100+E100+F100+G100+H100+I100) -> 22315736 | V100: =IF(R100>0, R100, M100) -> 603152.15
B101: 10326 | C101: U.S. Naval Base, Bremerton | D101: 10742771 | E101: -1887915.2 | F101: 66786.478 | G101: 369269.81 | H101: 0 | I101: 0 | J101: 0 | K101: 0 | L101: 9290912.5 | M101: 267560.64 | N101: 34.724511 | O101: -0.013305881 | P101: 83 | Q101: =D101+E101+F101+G101+H101+I101 -> 9290912.5 | U101: =IF(T101>0, T101, D101+E101+F101+G101+H101+I101) -> 9290912.5 | V101: =IF(R101>0, R101, M101) -> 267560.64
B102: 10331 | C102: Raft River Elec Coop | D102: 12470872 | E102: -2191608.5 | F102: 0 | G102: 0 | H102: 5.2302277 | I102: 0 | J102: -719548.81 | K102: -1539814.9 | Q102: =D102+E102+F102+G102+H102+I102 -> 10279269 | U102: =IF(T102>0, T102, D102+E102+F102+G102+H102+I102) -> 10279269 | V102: =IF(R102>0, R102, M102)
B103: 10333 | C103: Ravalli County Elec Coop | D103: 6530012.7 | E103: -1147572.6 | F103: 0 | G103: 0 | H103: 0 | I103: 0 | J103: -380244.75 | K103: 0 | Q103: =D103+E103+F103+G103+H103+I103 -> 5382440.1 | U103: =IF(T103>0, T103, D103+E103+F103+G103+H103+I103) -> 5382440.1 | V103: =IF(R103>0, R103, M103)
B104: 10338 | C104: Riverside Elec Coop | D104: 837021.43 | E104: -147096.63 | F104: 5848.4936 | G104: 37075.183 | H104: 0 | I104: 0 | J104: -25524.621 | K104: -48075.78 | L104: 659248.07 | M104: 20844.432 | N104: 31.627058 | O104: 0.00011719083 | P104: 33 | Q104: =D104+E104+F104+G104+H104+I104 -> 732848.47 | U104: =IF(T104>0, T104, D104+E104+F104+G104+H104+I104) -> 732848.47 | V104: =IF(R104>0, R104, M104) -> 20844.432
B105: 10342 | C105: Salem Elec Coop | D105: 13478536 | E105: -2368693.6 | F105: 498708.12 | G105: 816213.58 | H105: -12.359906 | I105: 0 | J105: 0 | K105: 0 | L105: 12424752 | M105: 335699.96 | N105: 37.011478 | O105: 0.0033686307 | P105: 25 | Q105: =D105+E105+F105+G105+H105+I105 -> 12424752 | U105: =IF(T105>0, T105, D105+E105+F105+G105+H105+I105) -> 12424752 | V105: =IF(R105>0, R105, M105) -> 335699.96
B106: 10343 | C106: Salmon River Elec Coop | D106: 4217741 | E106: -741218.19 | F106: 16659.511 | G106: 0 | H106: 4.2972294 | I106: 0 | J106: -244523.06 | K106: -121550.5 | L106: 3127113.1 | M106: 105047.22 | N106: 29.768643 | O106: -0.017639893 | P106: 93 | Q106: =D106+E106+F106+G106+H106+I106 -> 3493186.6 | U106: =IF(T106>0, T106, D106+E106+F106+G106+H106+I106) -> 3493186.6 | V106: =IF(R106>0, R106, M106) -> 105047.22
B107: 10349 | C107: Seattle City Light | D107: 1.6262579e+08 | E107: -28579563 | F107: 17436728 | G107: 0 | H107: 0 | I107: 0 | J107: 0 | K107: 0 | L107: 1.5148296e+08 | M107: 4050381.5 | N107: 37.399676 | O107: 0.029086797 | P107: 8 | Q107: =D107+E107+F107+G107+H107+I107 -> 1.5148296e+08 | U107: =IF(T107>0, T107, D107+E107+F107+G107+H107+I107) -> 1.5148296e+08 | V107: =IF(R107>0, R107, M107) -> 4050381.5
B108: 10352 | C108: Skamania County PUD #1 | D108: 5602314 | E108: -984540.53 | F108: 160453.4 | G108: 292040.02 | H108: -10.476184 | I108: 0 | J108: -253512.82 | K108: 0 | L108: 4816743.5 | M108: 139535.4 | N108: 34.519868 | O108: -0.014310235 | P108: 84 | Q108: =D108+E108+F108+G108+H108+I108 -> 5070256.4 | U108: =IF(T108>0, T108, D108+E108+F108+G108+H108+I108) -> 5070256.4 | V108: =IF(R108>0, R108, M108) -> 139535.4
B109: 10354 | C109: Snohomish County PUD #1 | D109: 1.2540574e+08 | E109: -22038578 | F109: 1054897.7 | G109: 0 | H109: 0 | I109: 0 | J109: 0 | K109: 0 | L109: 1.0442206e+08 | M109: 3123377.5 | N109: 33.432417 | O109: -0.019142995 | P109: 97 | Q109: =D109+E109+F109+G109+H109+I109 -> 1.0442206e+08 | U109: =IF(T109>0, T109, D109+E109+F109+G109+H109+I109) -> 1.0442206e+08 | V109: =IF(R109>0, R109, M109) -> 3123377.5
B110: 10360 | C110: Southside Elec Lines | D110: 2386009.3 | E110: -419312.96 | F110: -5722.638 | G110: 110794.43 | H110: 0 | I110: 0 | J110: -105605.05 | K110: -231508.06 | L110: 1734655 | M110: 59423.76 | N110: 29.19127 | O110: 0.0092486188 | P110: 17 | Q110: =D110+E110+F110+G110+H110+I110 -> 2071768.1 | U110: =IF(T110>0, T110, D110+E110+F110+G110+H110+I110) -> 2071768.1 | V110: =IF(R110>0, R110, M110) -> 59423.76
B111: 10363 | C111: Springfield Utility Board | D111: 32111978 | E111: -5643301.1 | F111: 881707.2 | G111: 955257.31 | H111: 5.0093674 | I111: 0 | J111: 0 | K111: 0 | L111: 28305647 | M111: 799782.46 | N111: 35.391683 | O111: -0.0064980987 | P111: 51 | Q111: =D111+E111+F111+G111+H111+I111 -> 28305647 | U111: =IF(T111>0, T111, D111+E111+F111+G111+H111+I111) -> 28305647 | V111: =IF(R111>0, R111, M111) -> 799782.46
B112: 10369 | C112: Surprise Valley Elec Coop | D112: 5795376.9 | E112: -1018469.1 | F112: 191996.27 | G112: 326147.01 | H112: 0 | I112: 0 | J112: -414526.58 | K112: -534660.12 | L112: 4345864.4 | M112: 144338.42 | N112: 30.108855 | O112: 0.0339556 | P112: 6 | Q112: =D112+E112+F112+G112+H112+I112 -> 5295051.1 | U112: =IF(T112>0, T112, D112+E112+F112+G112+H112+I112) -> 5295051.1 | V112: =IF(R112>0, R112, M112) -> 144338.42
B113: 10370 | C113: Tacoma Public Utilities | D113: 56330047 | E113: -9899340.8 | F113: 243640.56 | G113: 0 | H113: 0 | I113: 0 | J113: 0 | K113: 0 | L113: 46674347 | M113: 1402965.8 | N113: 33.268342 | O113: -0.022787316 | P113: 111 | Q113: =D113+E113+F113+G113+H113+I113 -> 46674347 | U113: =IF(T113>0, T113, D113+E113+F113+G113+H113+I113) -> 46674347 | V113: =IF(R113>0, R113, M113) -> 1402965.8
B114: 10371 | C114: Tanner Elec Coop | D114: 3890904.1 | E114: -683780.45 | F114: 108513.64 | G114: 58701.024 | H114: 0 | I114: 0 | J114: 0 | K114: 0 | L114: 3374338.3 | M114: 96905.088 | N114: 34.821064 | O114: -0.0059389221 | P114: 47 | Q114: =D114+E114+F114+G114+H114+I114 -> 3374338.3 | U114: =IF(T114>0, T114, D114+E114+F114+G114+H114+I114) -> 3374338.3 | V114: =IF(R114>0, R114, M114) -> 96905.088
B115: 10376 | C115: Tillamook PUD #1 | D115: 19760432 | E115: -3472662.6 | F115: 327829.74 | G115: 496288.28 | H115: 4249.6702 | I115: 0 | J115: 0 | K115: 0 | L115: 17116137 | M115: 491527.28 | N115: 34.822354 | O115: -0.020686718 | P115: 104 | Q115: =D115+E115+F115+G115+H115+I115 -> 17116137 | U115: =IF(T115>0, T115, D115+E115+F115+G115+H115+I115) -> 17116137 | V115: =IF(R115>0, R115, M115) -> 491527.28
... B128: 10446 | C128: Wells Rural Elec Coop | D128: 33776804 | E128: -5935874.5 | F128: -77112.532 | G128: 879321.89 | H128: 0 | I128: 0 | J128: -1885870.9 | K128: -82972.404 | L128: 26674295 | M128: 841251.44 | N128: 31.707875 | O128: -0.014898332 | P128: 86 | Q128: =D128+E128+F128+G128+H128+I128 -> 28643139 | U128: =IF(T128>0, T128, D128+E128+F128+G128+H128+I128) -> 28643139 | V128: =IF(R128>0, R128, M128) -> 841251.44
B129: 10448 | C129: West Oregon Elec Coop | D129: 2906407.4 | E129: -510766.79 | F129: 0 | G129: 0 | H129: 10.171229 | I129: 0 | J129: -167695.56 | K129: 0 | Q129: =D129+E129+F129+G129+H129+I129 -> 2395650.8 | U129: =IF(T129>0, T129, D129+E129+F129+G129+H129+I129) -> 2395650.8 | V129: =IF(R129>0, R129, M129)
B130: 10451 | C130: Whatcom County PUD #1 | D130: 9255065.5 | E130: -1626468.5 | F130: -63425.431 | G130: 373644.93 | H130: -12.020161 | I130: 0 | J130: 0 | K130: 0 | L130: 7938804.5 | M130: 230511.51 | N130: 34.439948 | O130: -0.03237427 | P130: 118 | Q130: =D130+E130+F130+G130+H130+I130 -> 7938804.5 | U130: =IF(T130>0, T130, D130+E130+F130+G130+H130+I130) -> 7938804.5 | V130: =IF(R130>0, R130, M130) -> 230511.51
B131: 10482 | C131: Umpqua Indian Utility Cooperative | D131: 978767.02 | E131: -172006.75 | F131: 1976.3197 | G131: 35602.746 | H131: -27.136112 | I131: 0 | J131: 0 | K131: 0 | L131: 844312.2 | M131: 24379.632 | N131: 34.631868 | O131: -0.015613209 | P131: 87 | Q131: =D131+E131+F131+G131+H131+I131 -> 844312.2 | U131: =IF(T131>0, T131, D131+E131+F131+G131+H131+I131) -> 844312.2 | V131: =IF(R131>0, R131, M131) -> 24379.632
...

Sheet PNGC
D5: BESID | E5: AccountName | F5: PNGC | G5: TOCA 2024 | H5: PNGC Share | I5: Load Shaping | J5: Demand | K5: LS + Demand | L5: Tier 1 Energy MWh
D6: 10029 | E6: Blachly Lane Elec Coop | F6: 1 | G6: 0.002494 | H6: =G6/$G$22 -> 0.029452333 | I6: =$I$22*H6 -> 191299.62 | J6: =$J$22*H6 -> 359280.07 | K6: =I6+J6 -> 550579.69 | L6: =H6*$L$22 -> 154758.14
D7: 10046 | E7: Central Electric Coop | F7: 1 | G7: 0.0115881 | H7: =G7/$G$22 -> 0.13684707 | I7: =$I$22*H7 -> 888852.88 | J7: =$J$22*H7 -> 1669355.8 | K7: =I7+J7 -> 2558208.7 | L7: =H7*$L$22 -> 719066.86
D8: 10106 | E8: Clearwater Power | F8: 1 | G8: 0.0033807 | H8: =G8/$G$22 -> 0.039923618 | I8: =$I$22*H8 -> 259313 | J8: =$J$22*H8 -> 487016.09 | K8: =I8+J8 -> 746329.09 | L8: =H8*$L$22 -> 209779.8
D9: 10118 | E9: Consumers Power | F9: 1 | G9: 0.0064663 | H9: =G9/$G$22 -> 0.076362318 | I9: =$I$22*H9 -> 495990.66 | J9: =$J$22*H9 -> 931520.74 | K9: =I9+J9 -> 1427511.4 | L9: =H9*$L$22 -> 401248.01
D10: 10121 | E10: Coos Curry Elec Coop | F10: 1 | G10: 0.0055914 | H10: =G10/$G$22 -> 0.066030383 | I10: =$I$22*H10 -> 428882.39 | J10: =$J$22*H10 -> 805484.6 | K10: =I10+J10 -> 1234367 | L10: =H10*$L$22 -> 346958.56
D11: 10136 | E11: Douglas Electric Cooperative | F11: 1 | G11: 0.0026044 | H11: =G11/$G$22 -> 0.030756077 | I11: =$I$22*H11 -> 199767.73 | J11: =$J$22*H11 -> 375184.05 | K11: =I11+J11 -> 574951.78 | L11: =H11*$L$22 -> 161608.7
D12: 10173 | E12: Fall River Elec Coop | F12: 1 | G12: 0.0046904 | H12: =G12/$G$22 -> 0.055390226 | I12: =$I$22*H12 -> 359772.14 | J12: =$J$22*H12 -> 675688.55 | K12: =I12+J12 -> 1035460.7 | L12: =H12*$L$22 -> 291049.54
D13: 10179 | E13: Flathead Elec Coop | F13: 1 | G13: 0.0236179 | H13: =G13/$G$22 -> 0.27891029 | I13: =$I$22*H13 -> 1811585.9 | J13: =$J$22*H13 -> 3402341.9 | K13: =I13+J13 -> 5213927.8 | L13: =H13*$L$22 -> 1465542.2
D14: 10236 | E14: Lane County Elec Coop | F14: 1 | G14: 0.0039745 | H14: =G14/$G$22 -> 0.046935965 | I14: =$I$22*H14 -> 304859.79 | J14: =$J$22*H14 -> 572557.59 | K14: =I14+J14 -> 877417.39 | L14: =H14*$L$22 -> 246626.39
D15: 10239 | E15: Lincoln Elec Coop (MT) | F15: 1 | G15: 0.0019821 | H15: =G15/$G$22 -> 0.023407165 | I15: =$I$22*H15 -> 152034.87 | J15: =$J$22*H15 -> 285536.9 | K15: =I15+J15 -> 437571.77 | L15: =H15*$L$22 -> 122993.63
D16: 10278 | E16: Northern Lights | F16: 1 | G16: 0.0050865 | H16: =G16/$G$22 -> 0.06006788 | I16: =$I$22*H16 -> 390154.57 | J16: =$J$22*H16 -> 732749.83 | K16: =I16+J16 -> 1122904.4 | L16: =H16*$L$22 -> 315628.41
D17: 10285 | E17: Okanogan County Elec Coop | F17: 1 | G17: 0.0009243 | H17: =G17/$G$22 -> 0.010915313 | I17: =$I$22*H17 -> 70897.448 | J17: =$J$22*H17 -> 133152.59 | K17: =I17+J17 -> 204050.04 | L17: =H17*$L$22 -> 57354.83
... D21: 10448 | E21: West Oregon Elec Coop | F21: 1 | G21: 0.0011667 | H21: =G21/$G$22 -> 0.013777882 | I21: =$I$22*H21 -> 89490.482 | J21: =$J$22*H21 -> 168072.2 | K21: =I21+J21 -> 257562.68 | L21: =H21*$L$22 -> 72396.278
D22: 10298 | E22: PNGC Aggregate | F22: 0 | G22: 0.0846792 | H22: =SUM(H6:H21) -> 1 | I22: =Charges_NonSlice!F138+Charges_NonSlice!H138 -> 6495228 | J22: =Charges_NonSlice!G138 -> 12198696 | K22: =SUM(K6:K21) -> 18693924 | L22: =Charges_NonSlice!M138 -> 5254528.9

Sheet POC CHWM Calculation
C1: PF-Eligible Load in FY 2023 Calculation | K1: CHWM Calculation
B2: Note: All data is in aMW | C2: Total Retail Load | D2: Economic Adjustment | E2: New Large Single Load | F2: Non-Federal Resource | J2: PF-Eligible Load in Index Year | K2: Base Allowance (2024 RHWM) | L2: Headroom Adjustment (100%) | M2: Conservation Adjustment (50%) | N2: New Specified Resource Adjustment (50%) | O2: Load Growth Adjustment (25%) | P2: Proportional Share Adjustment (Up to 7,250 aMW) | Q2: Provider of Choice CHWM | R2: Provider of Choice Above-CHWM load in the index year
A3: BES | B3: Customer | F3: Existing | G3: Other (SNEERS, CORs, Green Exception) | H3: New Specified | I3: Removal
A4: 10015 | B4: Asotin County PUD #1 | C4: 0.5493153 | D4: 0 | E4: 0 | F4: 0 | G4: 0 | H4: 0 | I4: 0 | J4: =IF((C4+D4-SUM(E4:H4)+I4)>0,C4+D4-SUM(E4:H4)+I4,0) -> 0.5493153 | K4: 0.573 | L4: =IF(K4>J4,J4-K4,0) -> -0.023684703 | M4: 0 | N4: =H4*0.5 -> 0 | O4: =IF(J4>K4, (J4-K4)*0.25,0) -> 0 | P4: 0.013211439 | Q4: =SUM(K4:P4) -> 0.56252674 | R4: =J4-Q4 -> -0.013211439
A5: 10024 | B5: Benton County PUD #1 | C5: 221.69614 | D5: 0 | E5: 0 | F5: 0.91883562 | G5: 0 | H5: 0 | I5: 0 | J5: =IF((C5+D5-SUM(E5:H5)+I5)>0,C5+D5-SUM(E5:H5)+I5,0) -> 220.77731 | K5: 200.923 | L5: =IF(K5>J5,J5-K5,0) -> 0 | M5: 1.425202 | N5: =H5*0.5 -> 0 | O5: =IF(J5>K5, (J5-K5)*0.25,0) -> 4.9635763 | P5: 4.9860015 | Q5: =SUM(K5:P5) -> 212.29778 | R5: =J5-Q5 -> 8.4795255
A6: 10025 | B6: Benton REA | C6: 75.20087 | D6: 0 | E6: 0 | F6: 0 | G6: 0 | H6: 0 | I6: 0 | J6: =IF((C6+D6-SUM(E6:H6)+I6)>0,C6+D6-SUM(E6:H6)+I6,0) -> 75.20087 | K6: 59.659 | L6: =IF(K6>J6,J6-K6,0) -> 0 | M6: 0.56422775 | N6: =H6*0.5 -> 0 | O6: =IF(J6>K6, (J6-K6)*0.25,0) -> 3.8854675 | P6: 1.5418615 | Q6: =SUM(K6:P6) -> 65.650557 | R6: =J6-Q6 -> 9.5503132
A7: 10027 | B7: Big Bend Elec Coop | C7: 69.948346 | D7: 0 | E7: 0 | F7: 0 | G7: 0 | H7: 0 | I7: 0 | J7: =IF((C7+D7-SUM(E7:H7)+I7)>0,C7+D7-SUM(E7:H7)+I7,0) -> 69.948346 | K7: 61.194 | L7: =IF(K7>J7,J7-K7,0) -> 0 | M7: 0.025006324 | N7: =H7*0.5 -> 0 | O7: =IF(J7>K7, (J7-K7)*0.25,0) -> 2.1885864 | P7: 1.5249995 | Q7: =SUM(K7:P7) -> 64.932592 | R7: =J7-Q7 -> 5.0157535
A8: 10029 | B8: Blachly Lane Elec Coop | C8: 3.91 | D8: 0 | E8: 0 | F8: 0 | G8: 0 | H8: 0 | I8: 0 | J8: =IF((C8+D8-SUM(E8:H8)+I8)>0,C8+D8-SUM(E8:H8)+I8,0) -> 3.91 | K8: 17.616 | L8: =IF(K8>J8,J8-K8,0) -> -13.706 | M8: 0 | N8: =H8*0.5 -> 0 | O8: =IF(J8>K8, (J8-K8)*0.25,0) -> 0 | P8: 0.09403839 | Q8: =SUM(K8:P8) -> 4.0040384 | R8: =J8-Q8 -> -0.09403839
A9: 10044 | B9: Canby, City of | C9: 22.533899 | D9: 0 | E9: 0 | F9: 0 | G9: 0 | H9: 0 | I9: 0 | J9: =IF((C9+D9-SUM(E9:H9)+I9)>0,C9+D9-SUM(E9:H9)+I9,0) -> 22.533899 | K9: 20.309 | L9: =IF(K9>J9,J9-K9,0) -> 0 | M9: 0 | N9: =H9*0.5 -> 0 | O9: =IF(J9>K9, (J9-K9)*0.25,0) -> 0.55622474 | P9: 0.50182408 | Q9: =SUM(K9:P9) -> 21.367049 | R9: =J9-Q9 -> 1.1668502
A10: 10046 | B10: Central Electric Coop | C10: 100.081 | D10: 0 | E10: 0 | F10: 0 | G10: 0 | H10: 0 | I10: 0 | J10: =IF((C10+D10-SUM(E10:H10)+I10)>0,C10+D10-SUM(E10:H10)+I10,0) -> 100.081 | K10: 81.851 | L10: =IF(K10>J10,J10-K10,0) -> 0 | M10: 0.14950805 | N10: =H10*0.5 -> 0 | O10: =IF(J10>K10, (J10-K10)*0.25,0) -> 4.5575 | P10: 2.0817841 | Q10: =SUM(K10:P10) -> 88.639792 | R10: =J10-Q10 -> 11.441208
A11: 10047 | B11: Central Lincoln PUD | C11: 146.23509 | D11: 0 | E11: 0 | F11: 0 | G11: 0 | H11: 0 | I11: 0 | J11: =IF((C11+D11-SUM(E11:H11)+I11)>0,C11+D11-SUM(E11:H11)+I11,0) -> 146.23509 | K11: 156.673 | L11: =IF(K11>J11,J11-K11,0) -> -10.437913 | M11: 0.073780985 | N11: =H11*0.5 -> 0 | O11: =IF(J11>K11, (J11-K11)*0.25,0) -> 0 | P11: 3.5188364 | Q11: =SUM(K11:P11) -> 149.8277 | R11: =J11-Q11 -> -3.5926174
A12: 10055 | B12: Albion, City of | C12: 0.47929863 | D12: 0 | E12: 0 | F12: 0 | G12: 0 | H12: 0 | I12: 0 | J12: =IF((C12+D12-SUM(E12:H12)+I12)>0,C12+D12-SUM(E12:H12)+I12,0) -> 0.47929863 | K12: 0.398 | L12: =IF(K12>J12,J12-K12,0) -> 0 | M12: 0 | N12: =H12*0.5 -> 0 | O12: =IF(J12>K12, (J12-K12)*0.25,0) -> 0.020324658 | P12: 0.010061017 | Q12: =SUM(K12:P12) -> 0.42838567 | R12: =J12-Q12 -> 0.050912955
A13: 10057 | B13: Ashland, City of | C13: 18.052193 | D13: 0 | E13: 0 | F13: 0.15810502 | G13: 0 | H13: 0 | I13: 0 | J13: =IF((C13+D13-SUM(E13:H13)+I13)>0,C13+D13-SUM(E13:H13)+I13,0) -> 17.894088 | K13: 21.069 | L13: =IF(K13>J13,J13-K13,0) -> -3.1749124 | M13: 0 | N13: =H13*0.5 -> 0 | O13: =IF(J13>K13, (J13-K13)*0.25,0) -> 0 | P13: 0.43036603 | Q13: =SUM(K13:P13) -> 18.324454 | R13: =J13-Q13 -> -0.43036603
A14: 10059 | B14: Bandon, City of | C14: 8.3196743 | D14: 0 | E14: 0 | F14: 0 | G14: 0 | H14: 0 | I14: 0 | J14: =IF((C14+D14-SUM(E14:H14)+I14)>0,C14+D14-SUM(E14:H14)+I14,0) -> 8.3196743 | K14: 7.639 | L14: =IF(K14>J14,J14-K14,0) -> 0 | M14: 0 | N14: =H14*0.5 -> 0 | O14: =IF(J14>K14, (J14-K14)*0.25,0) -> 0.17016858 | P14: 0.18781628 | Q14: =SUM(K14:P14) -> 7.9969849 | R14: =J14-Q14 -> 0.32268946
A15: 10061 | B15: Blaine, City of | C15: 9.7767847 | D15: 0 | E15: 0 | F15: 0 | G15: 0 | H15: 0 | I15: 0 | J15: =IF((C15+D15-SUM(E15:H15)+I15)>0,C15+D15-SUM(E15:H15)+I15,0) -> 9.7767847 | K15: 8.747 | L15: =IF(K15>J15,J15-K15,0) -> 0 | M15: 0 | N15: =H15*0.5 -> 0 | O15: =IF(J15>K15, (J15-K15)*0.25,0) -> 0.25744618 | P15: 0.21656359 | Q15: =SUM(K15:P15) -> 9.2210098 | R15: =J15-Q15 -> 0.55577494
... A136: 12026 | B136: Jefferson County PUD #1 | C136: 46.685728 | D136: 0 | E136: 0 | F136: 0 | G136: 0 | H136: 0 | I136: 0 | J136: =IF((C136+D136-SUM(E136:H136)+I136)>0,C136+D136-SUM(E136:H136)+I136,0) -> 46.685728 | K136: 45.173 | L136: =IF(K136>J136,J136-K136,0) -> 0 | M136: 0.17204076 | N136: =H136*0.5 -> 0 | O136: =IF(J136>K136, (J136-K136)*0.25,0) -> 0.37818188 | P136: 1.0996773 | Q136: =SUM(K136:P136) -> 46.8229 | R136: =J136-Q136 -> -0.13717243
B137: Customer Aggregate | C137: =SUM(C4:C136) -> 9941.6621 | D137: =SUM(D4:D136) -> 0 | E137: =SUM(E4:E136) -> 1064.403 | F137: =SUM(F4:F136) -> 1493.9832 | G137: =SUM(G4:G136) -> 64.918059 | H137: =SUM(H4:H136) -> 44.529795 | I137: =SUM(I4:I136) -> 130.5 | J137: =SUM(J4:J136) -> 7457.3819 | ... R137: =SUM(R4:R136) -> 207.38187
Q139: Headroom | R139: =SUMIF(R$4:R$136,"<0") -> -188.91796
Q140: Above-CHWM | R140: =SUMIF(R$4:R$136,">0") -> 396.29983

Sheet FY 2028 RHWM Values
B1: Table 3: RHWM Process Outputs for FY 2026-2028 Rate Period - Above RHWM Load Service
A2: TOC | F2: A | G2: B | H2: C | I2: D | J2: E | K2: F | L2: G | M2: H | N2: I | O2: J | P2: K | Q2: L | R2: M
A3: é | B3: BESID | C3: Preference Customer | D3: NOTJOE | E3: JOE | F3: TRL - NLSL - Existing Resource 2026 | G3: TRL - NLSL - Existing Resource 2027 | H3: TRL - NLSL - Existing Resource 2028 | I3: RHWM 2026 | J3: Above RHWM 2026 | K3: Above RHWM 2027 | L3: Above RHWM 2028 | M3: Above RHWM Load Served at the LS rate 2026 | N3: Above RHWM Load Served at the LS rate 2027 | O3: Above RHWM Load Served at the LS rate 2028 | P3: Remaining Above RHWM 2026 | Q3: Remaining Above RHWM 2027 | R3: Remaining Above RHWM 2028
B4: 10015 | C4: Asotin County PUD #1 | D4: 1 | E4: 0 | F4: 0.761 | G4: 0.761 | H4: 0.76 | I4: 0.565 | J4: 0.196 | K4: 0.196 | L4: 0.195 | M4: 0.196 | N4: 0.196 | O4: 0.195 | P4: 0 | Q4: 0 | R4: 0
B5: 10024 | C5: Benton County PUD #1 | D5: 1 | E5: 0 | F5: 212.747 | G5: 213.645 | H5: 213.821 | I5: 197.793 | J5: 14.954 | K5: 15.852 | L5: 16.028 | M5: 0 | N5: 0 | O5: 0 | P5: 14.954 | Q5: 15.852 | R5: 16.028
B6: 10025 | C6: Benton REA | D6: 1 | E6: 0 | F6: 74.805 | G6: 75.47 | H6: 75.931 | I6: 58.73 | J6: 16.075 | K6: 16.74 | L6: 17.201 | M6: 0 | N6: 0 | O6: 0 | P6: 16.075 | Q6: 16.74 | R6: 17.201
B7: 10027 | C7: Big Bend Elec Coop | D7: 1 | E7: 0 | F7: 68.318 | G7: 68.653 | H7: 68.838 | I7: 60.241 | J7: 8.077 | K7: 8.412 | L7: 8.597 | M7: 0 | N7: 0 | O7: 0 | P7: 8.077 | Q7: 8.412 | R7: 8.597
B8: 10029 | C8: Blachly Lane Elec Coop | D8: 0 | E8: 1 | F8: 23.213 | G8: 24.409 | H8: 24.669 | I8: 17.342 | J8: 5.871 | K8: 7.067 | L8: 7.327 | M8: 0 | N8: 0 | O8: 0 | P8: 5.871 | Q8: 7.067 | R8: 7.327
B9: 10044 | C9: Canby, City of | D9: 1 | E9: 0 | F9: 22.338 | G9: 22.45 | H9: 22.556 | I9: 19.993 | J9: 2.345 | K9: 2.457 | L9: 2.563 | M9: 0 | N9: 0 | O9: 0 | P9: 2.345 | Q9: 2.457 | R9: 2.563
B10: 10046 | C10: Central Electric Coop | D10: 0 | E10: 1 | F10: 102.441 | G10: 103.89 | H10: 105.331 | I10: 80.576 | J10: 21.865 | K10: 23.314 | L10: 24.755 | M10: 0 | N10: 0 | O10: 0 | P10: 21.865 | Q10: 23.314 | R10: 24.755
B11: 10047 | C11: Central Lincoln PUD | D11: 1 | E11: 0 | F11: 151.52 | G11: 151.672 | H11: 151.976 | I11: 154.232 | J11: 0 | K11: 0 | L11: 0 | M11: 0 | N11: 0 | O11: 0 | P11: 0 | Q11: 0 | R11: 0
B12: 10055 | C12: Albion, City of | D12: 1 | E12: 0 | F12: 0.466 | G12: 0.469 | H12: 0.471 | I12: 0.392 | J12: 0.074 | K12: 0.077 | L12: 0.079 | M12: 0.074 | N12: 0.077 | O12: 0.079 | P12: 0 | Q12: 0 | R12: 0
B13: 10057 | C13: Ashland, City of | D13: 1 | E13: 0 | F13: 19.218 | G13: 19.218 | H13: 19.223 | I13: 20.74 | J13: 0 | K13: 0 | L13: 0 | M13: 0 | N13: 0 | O13: 0 | P13: 0 | Q13: 0 | R13: 0
B14: 10059 | C14: Bandon, City of | D14: 1 | E14: 0 | F14: 7.735 | G14: 7.735 | H14: 7.735 | I14: 7.52 | J14: 0.215 | K14: 0.215 | L14: 0.215 | M14: 0.215 | N14: 0.215 | O14: 0.215 | P14: 0 | Q14: 0 | R14: 0
B15: 10061 | C15: Blaine, City of | D15: 1 | E15: 0 | F15: 11.823 | G15: 12.473 | H15: 13.11 | I15: 8.61 | J15: 3.213 | K15: 3.863 | L15: 4.5 | M15: 0 | N15: 0 | O15: 0 | P15: 3.213 | Q15: 3.863 | R15: 4.5
... B137: 10298 | C137: PNGC Aggregate | D137: 1 | E137: 0 | F137: 703.635 | G137: 711.945 | H137: 718.365 | I137: 592.894 | J137: 110.79 | K137: 119.1 | L137: 125.523 | M137: 0 | N137: 0 | O137: 0 | P137: 110.79 | Q137: 119.1 | R137: 125.523
R138: =SUMIF($E$4:$E$137, 1, R4:R137) -> 125.523

Sheet Program Cost Details (LDD)
C2: FY2016 | D2: FY2017 | E2: FY2018 | F2: FY2019 | G2: FY2020 | H2: FY2021 | I2: FY2022 | J2: FY2023 | K2: FY2024
B3: LDD Cost (with only eligible loads) | C3: 34904083 | D3: 34915101 | E3: 36113332 | F3: 35870803 | G3: 35275616 | H3: 35195551 | I3: 32093971 | J3: 31603097 | K3: 30584398
B4: LDD Cost | C4: 36407406 | D4: 36696161 | E4: 38792406 | F4: 38810372 | G4: 38695790 | H4: 38901503 | I4: 37120375 | J4: 38972048 | K4: 36073610
B5: Marginal Cost of load growth on LDD: | C5: 1503323 | D5: 1781060 | E5: 2679074 | F5: 2939569 | G5: 3420174 | H5: 3705953 | I5: 5026404 | J5: 7368950.7 | K5: 5489212
B6: Marginal Cost of load growth on LDD: | C6: 1503323 | D6: 1781060 | E6: 2679074 | F6: 2939569 | G6: 3420174 | H6: 3705953 | I6: 5026404 | J6: 7368950.7 | K6: 5489212
